Workbook

Sheet Cover
B1: Company Model — built by Shortcut
B2: ABB Ltd (SWX:ABBN)
B3: Cover — Company Model — built by Shortcut
B4: $ millions, except per share
B6: Model timeline (reference) | C6: 3Q25A | D6: 4Q25A | E6: FY25A | F6: 1Q26A | G6: 2Q26A | H6: 3Q26E | I6: Notes
B7: Period end | C7: =DATE(2025,9,30) -> 45930 | D7: =DATE(2025,12,31) -> 46022 | E7: =DATE(2025,12,31) -> 46022 | F7: =DATE(2026,3,31) -> 46112 | G7: =DATE(2026,6,30) -> 46203 | H7: =DATE(2026,9,30) -> 46295
B8: Days in period | C8: =C7-DATE(2025,6,30) -> 92 | D8: =D7-C7 -> 92 | E8: =E7-DATE(2024,12,31) -> 365 | F8: =F7-D7 -> 90 | G8: =G7-F7 -> 91 | H8: =H7-G7 -> 92
B10: Company | C10: ABB Ltd
B11: Ticker / exchange | C11: ABBN — SIX Swiss Exchange (SWX:ABBN); CapIQ EPS block anchored to OM:ABB (USD)
B12: Fiscal year end | C12: 31 December (FQ3 2026 = quarter ended 30-Sep-2026; calendar month-end, no shorthand)
B13: Reporting currency | C13: USD millions (share price quoted in CHF; not used for EPS)
B14: EPS basis (scored) | C14: Normalized diluted EPS per ordinary share, USD (CapIQ); GAAP diluted EPS shown separately
B15: Information cutoff | C15: 2026-10-18 21:34 UTC
B16: Expected report date | C16: 2026-10-20 (frozen CapIQ expected_report_date, Inputs!C39); 07:00 CET per issuer webcast page (S13, undated)
B17: Author | C17: Shortcut — Company Model built by Shortcut
B19: 3Q26E headline (US$ m, EPS in US$) | C19: Shortcut est. | D19: CapIQ cons. | E19: Variance | F19: Variance % | G19: ABB-compiled | H19: Guide mid.
B20: Revenues | C20: ='Revenue summary'!H46 -> 9679.1086 | D20: =Inputs!C62 -> 9755.28 | E20: =IF(ISNUMBER(D20),C20-D20,"n.a.") -> -76.171388 | F20: =IF(ISNUMBER(D20),C20/D20-1,"n.a.") -> -0.0078082216 | G20: =Inputs!C129 -> 9742 | H20: =Guidance!G34 -> 9573.7514
B21: Operational EBITA | C21: ='Income Statement'!H112 -> 1984.1071 | D21: n.a. | E21: =IF(ISNUMBER(D21),C21-D21,"n.a.") -> n.a. | F21: =IF(ISNUMBER(D21),C21/D21-1,"n.a.") -> n.a. | G21: =Inputs!C130 -> 2000 | H21: =Guidance!E35 -> 1935.8688 | I21: CapIQ EBIT (1,947.85) is not Operational EBITA, so no like-for-like CapIQ figure; guide column = guided-midpoint revenue x 2Q26A floor margin
B22: Net income — normalized basis | C22: ='Income Statement'!H169 -> 1500.142 | D22: =Inputs!C75 -> 1421.65 | E22: =IF(ISNUMBER(D22),C22-D22,"n.a.") -> 78.49203 | F22: =IF(ISNUMBER(D22),C22/D22-1,"n.a.") -> 0.055211923 | G22: n.a. | H22: Not guided | I22: CapIQ net income excl. exceptionals (1,421.65) comes from a different contributor set than the 2-estimate normalized EPS mean
B23: Net income attributable to ABB — GAAP | C23: ='Income Statement'!H78 -> 1411.392 | D23: =Inputs!C76 -> 2388.35 | E23: =IF(ISNUMBER(D23),C23-D23,"n.a.") -> -976.95797 | F23: =IF(ISNUMBER(D23),C23/D23-1,"n.a.") -> -0.40905142 | G23: =Inputs!C132 -> 1424 | H23: Not guided | I23: CapIQ GAAP net income (2,388.35) includes contributors booking the ~$2.4bn Robotics gain; the deal had not closed by 30-Sep-26
B24: Normalized diluted EPS (scored) | C24: ='Income Statement'!H170 -> 0.82639397 | D24: =Inputs!C44 -> 0.82 | E24: =IF(ISNUMBER(D24),C24-D24,"n.a.") -> 0.0063939745 | F24: =IF(ISNUMBER(D24),C24/D24-1,"n.a.") -> 0.0077975299 | G24: n.a. | H24: Not guided | I24: Frozen CapIQ normalized consensus 0.82 (2 estimates, range 0.79-0.85) is the scoring baseline
B25: GAAP diluted EPS | C25: ='Income Statement'!H91 -> 0.77750363 | D25: =Inputs!C53 -> 0.77 | E25: =IF(ISNUMBER(D25),C25-D25,"n.a.") -> 0.007503627 | F25: =IF(ISNUMBER(D25),C25/D25-1,"n.a.") -> 0.0097449701 | G25: =Inputs!C134 -> 0.79 | H25: Not guided | I25: ABB-compiled figure is basic EPS on 1,808m shares
B26: P(beat consensus EPS) | C26: =Inputs!C123 -> 0.65
B27: Confidence | C27: =Inputs!C125 -> medium
B29: Check: Cover ties to statements (sum of abs differences) | C29: =ABS(C20-'Revenue summary'!H46)+ABS(C21-'Income Statement'!H112)+ABS(C22-'Income Statement'!H169)+ABS(C23-'Income Statement'!H78)+ABS(C24-'Income Statement'!H170)+ABS(C25-'Income Statement'!H91) -> 0 | I29: Cover estimate cells vs Revenue summary / Income Statement 3Q26E cells; must be 0
B30: Overall model check result | C30: =IF(AND(ABS(C29)<0.000001,(ABS('Revenue summary'!C61)+ABS('Revenue summary'!D61)+ABS('Revenue summary'!E61)+ABS('Revenue summary'!F61)+ABS('Revenue summary'!G61)+ABS('Revenue summary'!H61))<0.5,(ABS('Segment - Electrification'!C122)+ABS('Segment - Electrification'!D122)+ABS('Segment - Electrification'!E122)+ABS('Segment - Electrification'!F122)+ABS('Segment - Electrification'!G122)+ABS('Segment - Electrification'!H122))<0.5,(ABS('Segment - Electrification'!C121)+ABS('Segment - Electrification'!D121)+ABS('Segment - Electrification'!E121)+ABS('Segment - Electrification'!F121)+ABS('Segment - Electrification'!G121)+ABS('Segment - Electrification'!H121))<0.5,(ABS('Segment - Electrification'!C147)+ABS('Segment - Electrification'!D147)+ABS('Segment - Electrification'!E147)+ABS('Segment - Electrification'!F147)+ABS('Segment - Electrification'!G147))<0.5,(ABS('Segment - Motion'!C122)+ABS('Segment - Motion'!D122)+ABS('Segment - Motion'!E122)+ABS('Segment - Motion'!F122)+ABS('Segment - Motion'!G122)+ABS('Segment - Motion'!H122))<0.5,(ABS('Segment - Motion'!C121)+ABS('Segment - Motion'!D121)+ABS('Segment - Motion'!E121)+ABS('Segment - Motion'!F121)+ABS('Segment - Motion'!G121)+ABS('Segment - Motion'!H121))<0.5,(ABS('Segment - Motion'!C147)+ABS('Segment - Motion'!D147)+ABS('Segment - Motion'!E147)+ABS('Segment - Motion'!F147)+ABS('Segment - Motion'!G147))<0.5,(ABS('Segment - Automation'!C122)+ABS('Segment - Automation'!D122)+ABS('Segment - Automation'!E122)+ABS('Segment - Automation'!F122)+ABS('Segment - Automation'!G122)+ABS('Segment - Automation'!H122))<0.5,(ABS('Segment - Automation'!C121)+ABS('Segment - Automation'!D121)+ABS('Segment - Automation'!E121)+ABS('Segment - Automation'!F121)+ABS('Segment - Automation'!G121)+ABS('Segment - Automation'!H121))<0.5,(ABS('Segment - Automation'!C147)+ABS('Segment - Automation'!D147)+ABS('Segment - Automation'!E147)+ABS('Segment - Automation'!F147)+ABS('Segment - Automation'!G147))<0.5,(ABS('Income Statement'!C114)+ABS('Income Statement'!D114)+ABS('Income Statement'!E114)+ABS('Income Statement'!F114)+ABS('Income Statement'!G114))<0.5,(ABS('Income Statement'!C154)+ABS('Income Statement'!D154)+ABS('Income Statement'!E154)+ABS('Income Statement'!F154)+ABS('Income Statement'!G154)+ABS('Income Statement'!H154))<0.5,(ABS('Income Statement'!C93)+ABS('Income Statement'!D93)+ABS('Income Statement'!E93)+ABS('Income Statement'!F93)+ABS('Income Statement'!G93)+ABS('Income Statement'!H93))<0.5,(ABS('Income Statement'!C185)+ABS('Income Statement'!D185)+ABS('Income Statement'!E185)+ABS('Income Statement'!F185)+ABS('Income Statement'!G185))<0.5,(ABS('Balance Sheet'!C58)+ABS('Balance Sheet'!D58)+ABS('Balance Sheet'!E58)+ABS('Balance Sheet'!F58)+ABS('Balance Sheet'!G58)+ABS('Balance Sheet'!H58))<0.5,(ABS('Balance Sheet'!C60)+ABS('Balance Sheet'!D60)+ABS('Balance Sheet'!E60)+ABS('Balance Sheet'!F60)+ABS('Balance Sheet'!G60))<0.5,(ABS('Cash Flow Statement'!C70)+ABS('Cash Flow Statement'!D70)+ABS('Cash Flow Statement'!E70)+ABS('Cash Flow Statement'!F70)+ABS('Cash Flow Statement'!G70)+ABS('Cash Flow Statement'!H70))<0.5,(ABS('Cash Flow Statement'!C71)+ABS('Cash Flow Statement'!D71)+ABS('Cash Flow Statement'!E71)+ABS('Cash Flow Statement'!F71)+ABS('Cash Flow Statement'!G71)+ABS('Cash Flow Statement'!H71))<0.5,(ABS('Cash Flow Statement'!C80)+ABS('Cash Flow Statement'!D80)+ABS('Cash Flow Statement'!E80)+ABS('Cash Flow Statement'!F80)+ABS('Cash Flow Statement'!G80)+ABS('Cash Flow Statement'!H80))<0.5,(ABS(Geo!C102)+ABS(Geo!D102)+ABS(Geo!E102)+ABS(Geo!F102)+ABS(Geo!G102)+ABS(Geo!H102))<0.5,(ABS(Geo!C116)+ABS(Geo!D116)+ABS(Geo!E116)+ABS(Geo!F116)+ABS(Geo!G116))<0.5,(ABS('Share Count'!G43)+ABS('Share Count'!H43))<0.5,(ABS('Share Count'!F44)+ABS('Share Count'!G44)+ABS('Share Count'!H44))<0.000001,ABS('Share Count'!H15)<0.5),"PASS","FAIL") -> PASS | I30: PASS = every inline check row within tolerance, incl. Share Count rows 43-44. Historical columns tie to reported figures; in 3Q26E most checks are identities by construction (RS H61, Seg H121/H122, IS H93/H154, CF H70/H71, Geo H102, SC H15) and cannot fail. Substantive 3Q26E check: BS H58; Share Count H43:H44 are integrity guards against a blank/overwritten prior cumulative. Residual plugs (IS H46, Geo AMEA) are assumptions, not checks
B31: Basis note: normalized EPS = GAAP net income less discontinued operations plus after-tax non-operational items (Income Statement bridge); calibrated to CapIQ actuals 4Q25-2Q26 within $0.01.

Sheet Revenue summary
B2: ABB Ltd (SWX:ABBN)
B3: Revenue summary: group revenue by business area, growth decomposition, orders and backlog
B4: $ millions, except per share
B6: Period | C6: 3Q25A | D6: 4Q25A | E6: FY25A | F6: 1Q26A | G6: 2Q26A | H6: 3Q26E | I6: Notes
B7: Period end | C7: =DATE(2025,9,30) -> 45930 | D7: =DATE(2025,12,31) -> 46022 | E7: =DATE(2025,12,31) -> 46022 | F7: =DATE(2026,3,31) -> 46112 | G7: =DATE(2026,6,30) -> 46203 | H7: =DATE(2026,9,30) -> 46295
B8: Days in period | C8: =C7-DATE(2025,6,30) -> 92 | D8: =D7-C7 -> 92 | E8: =E7-DATE(2024,12,31) -> 365 | F8: =F7-D7 -> 90 | G8: =G7-F7 -> 91 | H8: =H7-G7 -> 92
B10: Revenues by business area
B11: Electrification | C11: ='Segment - Electrification'!C36 -> 4499 | D11: ='Segment - Electrification'!D36 -> 4702 | E11: ='Segment - Electrification'!E36 -> 17357 | F11: ='Segment - Electrification'!F36 -> 4613 | G11: ='Segment - Electrification'!G36 -> 5200 | H11: ='Segment - Electrification'!H36 -> 5450.4134
B12: % Y/Y | C12: ='Segment - Electrification'!C38 -> 0.14975722 | D12: ='Segment - Electrification'!D38 -> 0.16213544 | E12: ='Segment - Electrification'!E38 -> 0.12357587 | F12: ='Segment - Electrification'!F38 -> 0.20601307 | G12: ='Segment - Electrification'!G38 -> 0.2006465 | H12: ='Segment - Electrification'!H38 -> 0.2114722
B13: % Q/Q | C13: ='Segment - Electrification'!C39 -> 0.038790118 | D13: ='Segment - Electrification'!D39 -> 0.045121138 | E13: =IF(ISNUMBER('Segment - Electrification'!E39),'Segment - Electrification'!E39,"") | F13: ='Segment - Electrification'!F39 -> -0.018928116 | G13: ='Segment - Electrification'!G39 -> 0.12724908 | H13: ='Segment - Electrification'!H39 -> 0.048156428
B14: % of total revenues | C14: =IF(AND(ISNUMBER(C11),ISNUMBER(C46)),IF(C46=0,"n.m.",C11/C46),"n.a.") -> 0.52985514 | D14: =IF(AND(ISNUMBER(D11),ISNUMBER(D46)),IF(D46=0,"n.m.",D11/D46),"n.a.") -> 0.51944322 | E14: =IF(AND(ISNUMBER(E11),ISNUMBER(E46)),IF(E46=0,"n.m.",E11/E46),"n.a.") -> 0.52248645 | F14: =IF(AND(ISNUMBER(F11),ISNUMBER(F46)),IF(F46=0,"n.m.",F11/F46),"n.a.") -> 0.52816579 | G14: =IF(AND(ISNUMBER(G11),ISNUMBER(G46)),IF(G46=0,"n.m.",G11/G46),"n.a.") -> 0.54881266 | H14: =IF(AND(ISNUMBER(H11),ISNUMBER(H46)),IF(H46=0,"n.m.",H11/H46),"n.a.") -> 0.56311109
B15: Organic (comparable) growth | C15: ='Segment - Electrification'!C51 -> 0.13 | D15: ='Segment - Electrification'!D51 -> 0.12 | E15: ='Segment - Electrification'!E51 -> 0.11 | F15: ='Segment - Electrification'!F51 -> 0.15 | G15: ='Segment - Electrification'!G51 -> 0.19 | H15: ='Segment - Electrification'!H51 -> 0.22
B16: M&A / portfolio impact | C16: ='Segment - Electrification'!C45 -> 0 | D16: ='Segment - Electrification'!D45 -> 0.0089285714 | E16: ='Segment - Electrification'!E45 -> 0 | F16: ='Segment - Electrification'!F45 -> 0 | G16: ='Segment - Electrification'!G45 -> -0.0084033613 | H16: ='Segment - Electrification'!H45 -> -0.005
B17: FX impact | C17: ='Segment - Electrification'!C48 -> 0.017484265 | D17: ='Segment - Electrification'!D48 -> 0.028438445 | E17: ='Segment - Electrification'!E48 -> 0.012230511 | F17: ='Segment - Electrification'!F48 -> 0.048707019 | G17: ='Segment - Electrification'!G48 -> 0.017497036 | H17: ='Segment - Electrification'!H48 -> -0.002
B18: Motion | C18: ='Segment - Motion'!C36 -> 2082 | D18: ='Segment - Motion'!D36 -> 2260 | E18: ='Segment - Motion'!E36 -> 8247 | F18: ='Segment - Motion'!F36 -> 2142 | G18: ='Segment - Motion'!G36 -> 2217 | H18: ='Segment - Motion'!H36 -> 2224.5312
B19: % Y/Y | C19: ='Segment - Motion'!C38 -> 0.057389538 | D19: ='Segment - Motion'!D38 -> 0.10893032 | E19: ='Segment - Motion'!E38 -> 0.059072814 | F19: ='Segment - Motion'!F38 -> 0.16413043 | G19: ='Segment - Motion'!G38 -> 0.073607748 | H19: ='Segment - Motion'!H38 -> 0.0684588
B20: % Q/Q | C20: ='Segment - Motion'!C39 -> 0.0082324455 | D20: ='Segment - Motion'!D39 -> 0.085494717 | E20: =IF(ISNUMBER('Segment - Motion'!E39),'Segment - Motion'!E39,"") | F20: ='Segment - Motion'!F39 -> -0.052212389 | G20: ='Segment - Motion'!G39 -> 0.035014006 | H20: ='Segment - Motion'!H39 -> 0.0033970327
B21: % of total revenues | C21: =IF(AND(ISNUMBER(C18),ISNUMBER(C46)),IF(C46=0,"n.m.",C18/C46),"n.a.") -> 0.2452008 | D21: =IF(AND(ISNUMBER(D18),ISNUMBER(D46)),IF(D46=0,"n.m.",D18/D46),"n.a.") -> 0.24966858 | E21: =IF(AND(ISNUMBER(E18),ISNUMBER(E46)),IF(E46=0,"n.m.",E18/E46),"n.a.") -> 0.24825406 | F21: =IF(AND(ISNUMBER(F18),ISNUMBER(F46)),IF(F46=0,"n.m.",F18/F46),"n.a.") -> 0.24524845 | G21: =IF(AND(ISNUMBER(G18),ISNUMBER(G46)),IF(G46=0,"n.m.",G18/G46),"n.a.") -> 0.23398417 | H21: =IF(AND(ISNUMBER(H18),ISNUMBER(H46)),IF(H46=0,"n.m.",H18/H46),"n.a.") -> 0.22982811
B22: Organic (comparable) growth | C22: ='Segment - Motion'!C51 -> 0.03 | D22: ='Segment - Motion'!D51 -> 0.06 | E22: ='Segment - Motion'!E51 -> 0.04 | F22: ='Segment - Motion'!F51 -> 0.07 | G22: ='Segment - Motion'!G51 -> 0.04 | H22: ='Segment - Motion'!H51 -> 0.06
B23: M&A / portfolio impact | C23: ='Segment - Motion'!C45 -> 0 | D23: ='Segment - Motion'!D45 -> 0.0094339623 | E23: ='Segment - Motion'!E45 -> 0 | F23: ='Segment - Motion'!F45 -> 0.028037383 | G23: ='Segment - Motion'!G45 -> 0.0096153846 | H23: ='Segment - Motion'!H45 -> 0.01
B24: FX impact | C24: ='Segment - Motion'!C48 -> 0.026591784 | D24: ='Segment - Motion'!D48 -> 0.03638348 | E24: ='Segment - Motion'!E48 -> 0.018339244 | F24: ='Segment - Motion'!F48 -> 0.058300395 | G24: ='Segment - Motion'!G48 -> 0.02248357 | H24: ='Segment - Motion'!H48 -> -0.002
B25: Automation | C25: ='Segment - Automation'!C36 -> 2013 | D25: ='Segment - Automation'!D36 -> 2243 | E25: ='Segment - Automation'!E36 -> 8084 | F25: ='Segment - Automation'!F36 -> 2147 | G25: ='Segment - Automation'!G36 -> 2193 | H25: ='Segment - Automation'!H36 -> 2149.6022
B26: % Y/Y | C26: ='Segment - Automation'!C38 -> n.a. | D26: ='Segment - Automation'!D38 -> 0.1403152 | E26: ='Segment - Automation'!E38 -> 0.050962038 | F26: ='Segment - Automation'!F38 -> 0.1809681 | G26: ='Segment - Automation'!G38 -> 0.091044776 | H26: ='Segment - Automation'!H38 -> 0.06786
B27: % Q/Q | C27: ='Segment - Automation'!C39 -> 0.0014925373 | D27: ='Segment - Automation'!D39 -> 0.11425733 | E27: =IF(ISNUMBER('Segment - Automation'!E39),'Segment - Automation'!E39,"") | F27: ='Segment - Automation'!F39 -> -0.042799822 | G27: ='Segment - Automation'!G39 -> 0.021425245 | H27: ='Segment - Automation'!H39 -> -0.019789248
B28: % of total revenues | C28: =IF(AND(ISNUMBER(C25),ISNUMBER(C46)),IF(C46=0,"n.m.",C25/C46),"n.a.") -> 0.23707455 | D28: =IF(AND(ISNUMBER(D25),ISNUMBER(D46)),IF(D46=0,"n.m.",D25/D46),"n.a.") -> 0.24779054 | E28: =IF(AND(ISNUMBER(E25),ISNUMBER(E46)),IF(E46=0,"n.m.",E25/E46),"n.a.") -> 0.24334738 | F28: =IF(AND(ISNUMBER(F25),ISNUMBER(F46)),IF(F46=0,"n.m.",F25/F46),"n.a.") -> 0.24582093 | G28: =IF(AND(ISNUMBER(G25),ISNUMBER(G46)),IF(G46=0,"n.m.",G25/G46),"n.a.") -> 0.23145119 | H28: =IF(AND(ISNUMBER(H25),ISNUMBER(H46)),IF(H46=0,"n.m.",H25/H46),"n.a.") -> 0.22208679
B29: Organic (comparable) growth | C29: ='Segment - Automation'!C51 -> n.a. | D29: ='Segment - Automation'!D51 -> 0.09 | E29: ='Segment - Automation'!E51 -> 0.03 | F29: ='Segment - Automation'!F51 -> 0.1 | G29: ='Segment - Automation'!G51 -> 0.07 | H29: ='Segment - Automation'!H51 -> 0.07
B30: M&A / portfolio impact | C30: ='Segment - Automation'!C45 -> n.a. | D30: ='Segment - Automation'!D45 -> 0 | E30: ='Segment - Automation'!E45 -> 0 | F30: ='Segment - Automation'!F45 -> 0 | G30: ='Segment - Automation'!G45 -> 0 | H30: ='Segment - Automation'!H45 -> 0
B31: FX impact | C31: ='Segment - Automation'!C48 -> n.a. | D31: ='Segment - Automation'!D48 -> 0.046160735 | E31: ='Segment - Automation'!E48 -> 0.020351494 | F31: ='Segment - Automation'!F48 -> 0.073607361 | G31: ='Segment - Automation'!G48 -> 0.019668015 | H31: ='Segment - Automation'!H48 -> -0.002
B32: Corporate and Other | C32: =E32-D32-Inputs!$D$139 -> 124 | D32: 135 | E32: 462 | F32: 88 | G32: 117 | H32: 110 | I32: 3Q26E assumption: E-mobility after 60% ChargeDot sale (Dec-25); 1Q26 88, 2Q26 117
B33: Year-ago (as restated) | C33: n.a. | D33: 181 | E33: 558 | F33: 96 | G33: 107 | H33: =C32 -> 124
B34: % Y/Y | C34: =IF(AND(ISNUMBER(C32),ISNUMBER(C33)),IF(C33=0,"n.m.",C32/C33-1),"n.a.") -> n.a. | D34: =IF(AND(ISNUMBER(D32),ISNUMBER(D33)),IF(D33=0,"n.m.",D32/D33-1),"n.a.") -> -0.25414365 | E34: =IF(AND(ISNUMBER(E32),ISNUMBER(E33)),IF(E33=0,"n.m.",E32/E33-1),"n.a.") -> -0.17204301 | F34: =IF(AND(ISNUMBER(F32),ISNUMBER(F33)),IF(F33=0,"n.m.",F32/F33-1),"n.a.") -> -0.083333333 | G34: =IF(AND(ISNUMBER(G32),ISNUMBER(G33)),IF(G33=0,"n.m.",G32/G33-1),"n.a.") -> 0.093457944 | H34: =IF(AND(ISNUMBER(H32),ISNUMBER(H33)),IF(H33=0,"n.m.",H32/H33-1),"n.a.") -> -0.11290323
B35: % Q/Q | C35: =IF(AND(ISNUMBER(C32),ISNUMBER(G33)),IF(G33=0,"n.m.",C32/G33-1),"n.a.") -> 0.1588785 | D35: =IF(AND(ISNUMBER(D32),ISNUMBER(C32)),IF(C32=0,"n.m.",D32/C32-1),"n.a.") -> 0.088709677 | F35: =IF(AND(ISNUMBER(F32),ISNUMBER(D32)),IF(D32=0,"n.m.",F32/D32-1),"n.a.") -> -0.34814815 | G35: =IF(AND(ISNUMBER(G32),ISNUMBER(F32)),IF(F32=0,"n.m.",G32/F32-1),"n.a.") -> 0.32954545 | H35: =IF(AND(ISNUMBER(H32),ISNUMBER(G32)),IF(G32=0,"n.m.",H32/G32-1),"n.a.") -> -0.05982906
B36: % of total revenues | C36: =IF(AND(ISNUMBER(C32),ISNUMBER(C46)),IF(C46=0,"n.m.",C32/C46),"n.a.") -> 0.014603698 | D36: =IF(AND(ISNUMBER(D32),ISNUMBER(D46)),IF(D46=0,"n.m.",D32/D46),"n.a.") -> 0.014913831 | E36: =IF(AND(ISNUMBER(E32),ISNUMBER(E46)),IF(E46=0,"n.m.",E32/E46),"n.a.") -> 0.013907285 | F36: =IF(AND(ISNUMBER(F32),ISNUMBER(F46)),IF(F46=0,"n.m.",F32/F46),"n.a.") -> 0.010075567 | G36: =IF(AND(ISNUMBER(G32),ISNUMBER(G46)),IF(G46=0,"n.m.",G32/G46),"n.a.") -> 0.012348285 | H36: =IF(AND(ISNUMBER(H32),ISNUMBER(H46)),IF(H46=0,"n.m.",H32/H46),"n.a.") -> 0.011364683
B37: Organic/M&A/FX: not disclosed | C37: n.a. | D37: n.a. | E37: n.a. | F37: n.a. | G37: n.a. | H37: n.a.
B38: Intersegment eliminations | C38: =E38-D38-Inputs!$D$140 -> -227 | D38: -288 | E38: -930 | F38: -256 | G38: -252 | H38: =-(H11+H18+H25)*H43 -> -255.43822
B39: Year-ago (as restated) | C39: n.a. | D39: -236 | E39: -902 | F39: -197 | G39: -218 | H39: =C38 -> -227
B40: % Y/Y (change in magnitude) | C40: =IF(AND(ISNUMBER(C38),ISNUMBER(C39)),IF(C39=0,"n.m.",C38/C39-1),"n.a.") -> n.a. | D40: =IF(AND(ISNUMBER(D38),ISNUMBER(D39)),IF(D39=0,"n.m.",D38/D39-1),"n.a.") -> 0.22033898 | E40: =IF(AND(ISNUMBER(E38),ISNUMBER(E39)),IF(E39=0,"n.m.",E38/E39-1),"n.a.") -> 0.031042129 | F40: =IF(AND(ISNUMBER(F38),ISNUMBER(F39)),IF(F39=0,"n.m.",F38/F39-1),"n.a.") -> 0.29949239 | G40: =IF(AND(ISNUMBER(G38),ISNUMBER(G39)),IF(G39=0,"n.m.",G38/G39-1),"n.a.") -> 0.1559633 | H40: =IF(AND(ISNUMBER(H38),ISNUMBER(H39)),IF(H39=0,"n.m.",H38/H39-1),"n.a.") -> 0.12527849
B41: Δ Q/Q ($) | C41: =IF(AND(ISNUMBER(C38),ISNUMBER(G39)),(C38-G39),"n.a.") -> -9 | D41: =IF(AND(ISNUMBER(D38),ISNUMBER(C38)),(D38-C38),"n.a.") -> -61 | F41: =IF(AND(ISNUMBER(F38),ISNUMBER(D38)),(F38-D38),"n.a.") -> 32 | G41: =IF(AND(ISNUMBER(G38),ISNUMBER(F38)),(G38-F38),"n.a.") -> 4 | H41: =IF(AND(ISNUMBER(H38),ISNUMBER(G38)),(H38-G38),"n.a.") -> -3.4382176
B42: Organic / M&A / FX split: not disclosed for eliminations | C42: n.a. | D42: n.a. | E42: n.a. | F42: n.a. | G42: n.a. | H42: n.a.
B43: Elims % of BA revenues | C43: =-C38/(C11+C18+C25) -> 0.026413777 | D43: =-D38/(D11+D18+D25) -> 0.031287344 | E43: =-E38/(E11+E18+E25) -> 0.027606269 | F43: =-F38/(F11+F18+F25) -> 0.028757583 | G43: =-G38/(G11+G18+G25) -> 0.026222685 | H43: 0.026 | I43: 3Q26E assumption ~2Q26A (2.6%)
B44: Δ Y/Y (bps) | C44: n.a. | D44: n.a. | E44: n.a. | F44: n.a. | G44: n.a. | H44: =IF(AND(ISNUMBER(H43),ISNUMBER(C43)),(H43-C43)*10000,"n.a.") -> -4.1377705
B45: Δ Q/Q (bps) | C45: n.a. | D45: =IF(AND(ISNUMBER(D43),ISNUMBER(C43)),(D43-C43)*10000,"n.a.") -> 48.735668 | F45: =IF(AND(ISNUMBER(F43),ISNUMBER(D43)),(F43-D43)*10000,"n.a.") -> -25.297613 | G45: =IF(AND(ISNUMBER(G43),ISNUMBER(F43)),(G43-F43)*10000,"n.a.") -> -25.348979 | H45: =IF(AND(ISNUMBER(H43),ISNUMBER(G43)),(H43-G43)*10000,"n.a.") -> -2.226847
B46: Total revenues | C46: =C11+C18+C25+C32+C38 -> 8491 | D46: =D11+D18+D25+D32+D38 -> 9052 | E46: =E11+E18+E25+E32+E38 -> 33220 | F46: =F11+F18+F25+F32+F38 -> 8734 | G46: =G11+G18+G25+G32+G38 -> 9475 | H46: =H11+H18+H25+H32+H38 -> 9679.1086
B47: Year-ago (as restated) | C47: n.a. | D47: 7996 | E47: 30583 | F47: 7382 | G47: 8295 | H47: =C46 -> 8491
B48: % Y/Y | C48: =IF(AND(ISNUMBER(C46),ISNUMBER(C47)),IF(C47=0,"n.m.",C46/C47-1),"n.a.") -> n.a. | D48: =IF(AND(ISNUMBER(D46),ISNUMBER(D47)),IF(D47=0,"n.m.",D46/D47-1),"n.a.") -> 0.13206603 | E48: =IF(AND(ISNUMBER(E46),ISNUMBER(E47)),IF(E47=0,"n.m.",E46/E47-1),"n.a.") -> 0.086224373 | F48: =IF(AND(ISNUMBER(F46),ISNUMBER(F47)),IF(F47=0,"n.m.",F46/F47-1),"n.a.") -> 0.1831482 | G48: =IF(AND(ISNUMBER(G46),ISNUMBER(G47)),IF(G47=0,"n.m.",G46/G47-1),"n.a.") -> 0.14225437 | H48: =IF(AND(ISNUMBER(H46),ISNUMBER(H47)),IF(H47=0,"n.m.",H46/H47-1),"n.a.") -> 0.13992564
B49: % Q/Q | C49: =IF(AND(ISNUMBER(C46),ISNUMBER(G47)),IF(G47=0,"n.m.",C46/G47-1),"n.a.") -> 0.023628692 | D49: =IF(AND(ISNUMBER(D46),ISNUMBER(C46)),IF(C46=0,"n.m.",D46/C46-1),"n.a.") -> 0.066069956 | F49: =IF(AND(ISNUMBER(F46),ISNUMBER(D46)),IF(D46=0,"n.m.",F46/D46-1),"n.a.") -> -0.035130358 | G49: =IF(AND(ISNUMBER(G46),ISNUMBER(F46)),IF(F46=0,"n.m.",G46/F46-1),"n.a.") -> 0.084840852 | H49: =IF(AND(ISNUMBER(H46),ISNUMBER(G46)),IF(G46=0,"n.m.",H46/G46-1),"n.a.") -> 0.021541806
B50: Local-currency growth | C50: n.a. | D50: 0.09 | E50: 0.07 | F50: 0.12 | G50: 0.12 | H50: =(1+H51)*(1+H54)-1 -> 0.14221006
B51: Comparable growth (issuer/driver) | C51: n.a. | D51: 0.09 | E51: 0.07 | F51: 0.11 | G51: 0.12 | H51: =IF(COUNT(H47,H54,H57)=3,H46/H47/((1+H54)*(1+H57))-1,"n.a.") -> 0.14243543 | I51: 3Q26E = implied by business-area build (not an independent input). Approximate: issuer treats divestments >$50m revenue as portfolio changes and lists the ChargeDot 60% sale (1-Dec-25, ~$60m revenue) (S4), but H54 uses business-area M&A only; ChargeDot's 3Q25 revenue is not disclosed, so its effect within Corporate (124 → 110) is not separated (if all −14 were portfolio, comparable ≈ 14.4%)
B52: Δ Q/Q (bps) | C52: n.a. | D52: =IF(AND(ISNUMBER(D51),ISNUMBER(C51)),(D51-C51)*10000,"n.a.") -> n.a. | F52: =IF(AND(ISNUMBER(F51),ISNUMBER(D51)),(F51-D51)*10000,"n.a.") -> 200 | G52: =IF(AND(ISNUMBER(G51),ISNUMBER(F51)),(G51-F51)*10000,"n.a.") -> 100 | H52: =IF(AND(ISNUMBER(H51),ISNUMBER(G51)),(H51-G51)*10000,"n.a.") -> 224.35426
B53: Δ Y/Y (bps) | C53: n.a. | D53: n.a. | E53: n.a. | F53: n.a. | G53: n.a. | H53: =IF(AND(ISNUMBER(H51),ISNUMBER(C51)),(H51-C51)*10000,"n.a.") -> n.a.
B54: M&A / portfolio impact | C54: =IF(AND(ISNUMBER(C50),ISNUMBER(C51)),(1+C50)/(1+C51)-1,"n.a.") -> n.a. | D54: =IF(AND(ISNUMBER(D50),ISNUMBER(D51)),(1+D50)/(1+D51)-1,"n.a.") -> 0 | E54: =IF(AND(ISNUMBER(E50),ISNUMBER(E51)),(1+E50)/(1+E51)-1,"n.a.") -> 0 | F54: =IF(AND(ISNUMBER(F50),ISNUMBER(F51)),(1+F50)/(1+F51)-1,"n.a.") -> 0.009009009 | G54: =IF(AND(ISNUMBER(G50),ISNUMBER(G51)),(1+G50)/(1+G51)-1,"n.a.") -> 0 | H54: =('Segment - Electrification'!H37*'Segment - Electrification'!H45+'Segment - Motion'!H37*'Segment - Motion'!H45+'Segment - Automation'!H37*'Segment - Automation'!H45)/H47 -> -0.0001972677 | I54: 3Q26E: business-area weighted only; excludes the undisclosed ChargeDot deconsolidation effect in Corporate (see I51)
B55: Δ Y/Y (bps) | C55: n.a. | D55: n.a. | E55: n.a. | F55: n.a. | G55: n.a. | H55: =IF(AND(ISNUMBER(H54),ISNUMBER(C54)),(H54-C54)*10000,"n.a.") -> n.a.
B56: Δ Q/Q (bps) | C56: n.a. | D56: =IF(AND(ISNUMBER(D54),ISNUMBER(C54)),(D54-C54)*10000,"n.a.") -> n.a. | F56: =IF(AND(ISNUMBER(F54),ISNUMBER(D54)),(F54-D54)*10000,"n.a.") -> 90.09009 | G56: =IF(AND(ISNUMBER(G54),ISNUMBER(F54)),(G54-F54)*10000,"n.a.") -> -90.09009 | H56: =IF(AND(ISNUMBER(H54),ISNUMBER(G54)),(H54-G54)*10000,"n.a.") -> -1.972677
B57: FX impact | C57: =IF(AND(ISNUMBER(C48),ISNUMBER(C50)),(1+C48)/(1+C50)-1,"n.a.") -> n.a. | D57: =IF(AND(ISNUMBER(D48),ISNUMBER(D50)),(1+D48)/(1+D50)-1,"n.a.") -> 0.038592691 | E57: =IF(AND(ISNUMBER(E48),ISNUMBER(E50)),(1+E48)/(1+E50)-1,"n.a.") -> 0.015162965 | F57: =IF(AND(ISNUMBER(F48),ISNUMBER(F50)),(1+F48)/(1+F50)-1,"n.a.") -> 0.05638232 | G57: =IF(AND(ISNUMBER(G48),ISNUMBER(G50)),(1+G48)/(1+G50)-1,"n.a.") -> 0.019869973 | H57: -0.002
B58: Δ Y/Y (bps) | C58: n.a. | D58: n.a. | E58: n.a. | F58: n.a. | G58: n.a. | H58: =IF(AND(ISNUMBER(H57),ISNUMBER(C57)),(H57-C57)*10000,"n.a.") -> n.a.
B59: Δ Q/Q (bps) | C59: n.a. | D59: =IF(AND(ISNUMBER(D57),ISNUMBER(C57)),(D57-C57)*10000,"n.a.") -> n.a. | F59: =IF(AND(ISNUMBER(F57),ISNUMBER(D57)),(F57-D57)*10000,"n.a.") -> 177.89629 | G59: =IF(AND(ISNUMBER(G57),ISNUMBER(F57)),(G57-F57)*10000,"n.a.") -> -365.12347 | H59: =IF(AND(ISNUMBER(H57),ISNUMBER(G57)),(H57-G57)*10000,"n.a.") -> -218.69973
B60: Organic growth (formula) | C60: =IF(COUNT(C48,C54,C57)=3,(1+C48)/((1+C54)*(1+C57))-1,"n.a.") -> n.a. | D60: =IF(COUNT(D48,D54,D57)=3,(1+D48)/((1+D54)*(1+D57))-1,"n.a.") -> 0.09 | E60: =IF(COUNT(E48,E54,E57)=3,(1+E48)/((1+E54)*(1+E57))-1,"n.a.") -> 0.07 | F60: =IF(COUNT(F48,F54,F57)=3,(1+F48)/((1+F54)*(1+F57))-1,"n.a.") -> 0.11 | G60: =IF(COUNT(G48,G54,G57)=3,(1+G48)/((1+G54)*(1+G57))-1,"n.a.") -> 0.12 | H60: =IF(COUNT(H48,H54,H57)=3,(1+H48)/((1+H54)*(1+H57))-1,"n.a.") -> 0.14243543 | I60: 3Q26E approximate (see I51)
B61: Check: segments − IS revenues | C61: =C46-'Income Statement'!C24 -> 0 | D61: =D46-'Income Statement'!D24 -> 0 | E61: =E46-'Income Statement'!E24 -> 0 | F61: =F46-'Income Statement'!F24 -> 0 | G61: =G46-'Income Statement'!G24 -> 0 | H61: =H46-'Income Statement'!H24 -> 0 | I61: 3Q26E: identity by construction (IS revenues link to H46); historical columns tie to reported
B62: Guide check: 3Q26E comparable growth | H62: =IF(AND(H51>=Guidance!E16,H51<=Guidance!F16),"Within range","Outside range") -> Within range
B64: Revenues by type (group, US GAAP)
B65: Sales of products | C65: ='Income Statement'!C11 -> 7120 | D65: ='Income Statement'!D11 -> 7484 | E65: ='Income Statement'!E11 -> 27669 | F65: ='Income Statement'!F11 -> 7339 | G65: ='Income Statement'!G11 -> 7984 | H65: ='Income Statement'!H11 -> 8159.4886
B66: Sales of services and other | C66: ='Income Statement'!C19 -> 1371 | D66: ='Income Statement'!D19 -> 1568 | E66: ='Income Statement'!E19 -> 5551 | F66: ='Income Statement'!F19 -> 1395 | G66: ='Income Statement'!G19 -> 1491 | H66: ='Income Statement'!H19 -> 1519.6201
B67: Products % Y/Y | C67: ='Income Statement'!C13 -> n.a. | D67: ='Income Statement'!D13 -> 0.12812783 | E67: ='Income Statement'!E13 -> 0.083741334 | F67: ='Income Statement'!F13 -> 0.19217024 | G67: ='Income Statement'!G13 -> 0.15559415 | H67: ='Income Statement'!H13 -> 0.14599558
B68: Services % Y/Y | C68: ='Income Statement'!C21 -> n.a. | D68: ='Income Statement'!D21 -> 0.15124816 | E68: ='Income Statement'!E21 -> 0.098772763 | F68: ='Income Statement'!F21 -> 0.13784666 | G68: ='Income Statement'!G21 -> 0.075757576 | H68: ='Income Statement'!H21 -> 0.10840266
B69: Organic / M&A / FX split by type: not disclosed | C69: n.a. | D69: n.a. | E69: n.a. | F69: n.a. | G69: n.a. | H69: n.a.
B70: Services % of total revenues | C70: =IF(AND(ISNUMBER(C66),ISNUMBER(C46)),IF(C46=0,"n.m.",C66/C46),"n.a.") -> 0.16146508 | D70: =IF(AND(ISNUMBER(D66),ISNUMBER(D46)),IF(D46=0,"n.m.",D66/D46),"n.a.") -> 0.17322139 | E70: =IF(AND(ISNUMBER(E66),ISNUMBER(E46)),IF(E46=0,"n.m.",E66/E46),"n.a.") -> 0.16709813 | F70: =IF(AND(ISNUMBER(F66),ISNUMBER(F46)),IF(F46=0,"n.m.",F66/F46),"n.a.") -> 0.15972063 | G70: =IF(AND(ISNUMBER(G66),ISNUMBER(G46)),IF(G46=0,"n.m.",G66/G46),"n.a.") -> 0.15736148 | H70: =IF(AND(ISNUMBER(H66),ISNUMBER(H46)),IF(H46=0,"n.m.",H66/H46),"n.a.") -> 0.157
B72: Orders and order backlog (group)
B73: Electrification orders | C73: ='Segment - Electrification'!C12 -> 4522 | D73: ='Segment - Electrification'!D12 -> 5323 | E73: ='Segment - Electrification'!E12 -> 18757 | F73: ='Segment - Electrification'!F12 -> 6647 | G73: ='Segment - Electrification'!G12 -> 7231 | H73: ='Segment - Electrification'!H12 -> 6511.0673
B74: Motion orders | C74: ='Segment - Motion'!C12 -> 2162 | D74: ='Segment - Motion'!D12 -> 2189 | E74: ='Segment - Motion'!E12 -> 8619 | F74: ='Segment - Motion'!F12 -> 2548 | G74: ='Segment - Motion'!G12 -> 2592 | H74: ='Segment - Motion'!H12 -> 2440.7631
B75: Automation orders | C75: ='Segment - Automation'!C12 -> 2100 | D75: ='Segment - Automation'!D12 -> 2817 | E75: ='Segment - Automation'!E12 -> 9928 | F75: ='Segment - Automation'!F12 -> 2464 | G75: ='Segment - Automation'!G12 -> 2454 | H75: ='Segment - Automation'!H12 -> 2305.38
B76: Corporate and Other orders | C76: =E76-D76-Inputs!$D$141 -> 82 | D76: 202 | E76: 522 | F76: 72 | G76: 79 | H76: 80 | I76: 3Q26E assumption
B77: Δ Y/Y ($) | C77: n.a. | D77: n.a. | E77: n.a. | F77: n.a. | G77: n.a. | H77: =IF(AND(ISNUMBER(H76),ISNUMBER(C76)),(H76-C76),"n.a.") -> -2
B78: Δ Q/Q ($) | C78: n.a. | D78: =IF(AND(ISNUMBER(D76),ISNUMBER(C76)),(D76-C76),"n.a.") -> 120 | F78: =IF(AND(ISNUMBER(F76),ISNUMBER(D76)),(F76-D76),"n.a.") -> -130 | G78: =IF(AND(ISNUMBER(G76),ISNUMBER(F76)),(G76-F76),"n.a.") -> 7 | H78: =IF(AND(ISNUMBER(H76),ISNUMBER(G76)),(H76-G76),"n.a.") -> 1
B79: Intersegment eliminations (orders) | C79: =E79-D79-Inputs!$D$142 -> -260 | D79: -215 | E79: -1061 | F79: -433 | G79: -314 | H79: -300 | I79: 3Q26E assumption (1H26 avg ~-374; 3Q25 -260)
B80: Δ Y/Y ($) | C80: n.a. | D80: n.a. | E80: n.a. | F80: n.a. | G80: n.a. | H80: =IF(AND(ISNUMBER(H79),ISNUMBER(C79)),(H79-C79),"n.a.") -> -40
B81: Δ Q/Q ($) | C81: n.a. | D81: =IF(AND(ISNUMBER(D79),ISNUMBER(C79)),(D79-C79),"n.a.") -> 45 | F81: =IF(AND(ISNUMBER(F79),ISNUMBER(D79)),(F79-D79),"n.a.") -> -218 | G81: =IF(AND(ISNUMBER(G79),ISNUMBER(F79)),(G79-F79),"n.a.") -> 119 | H81: =IF(AND(ISNUMBER(H79),ISNUMBER(G79)),(H79-G79),"n.a.") -> 14
B82: Total orders | C82: =C73+C74+C75+C76+C79 -> 8606 | D82: =D73+D74+D75+D76+D79 -> 10316 | E82: =E73+E74+E75+E76+E79 -> 36765 | F82: =F73+F74+F75+F76+F79 -> 11298 | G82: =G73+G74+G75+G76+G79 -> 12042 | H82: =H73+H74+H75+H76+H79 -> 11037.21
B83: Year-ago orders | C83: n.a. | D83: 7593 | E83: 31482 | F83: 8589 | G83: 9254 | H83: =C82 -> 8606
B84: % Y/Y | C84: =IF(AND(ISNUMBER(C82),ISNUMBER(C83)),IF(C83=0,"n.m.",C82/C83-1),"n.a.") -> n.a. | D84: =IF(AND(ISNUMBER(D82),ISNUMBER(D83)),IF(D83=0,"n.m.",D82/D83-1),"n.a.") -> 0.35861978 | E84: =IF(AND(ISNUMBER(E82),ISNUMBER(E83)),IF(E83=0,"n.m.",E82/E83-1),"n.a.") -> 0.16781018 | F84: =IF(AND(ISNUMBER(F82),ISNUMBER(F83)),IF(F83=0,"n.m.",F82/F83-1),"n.a.") -> 0.31540342 | G84: =IF(AND(ISNUMBER(G82),ISNUMBER(G83)),IF(G83=0,"n.m.",G82/G83-1),"n.a.") -> 0.30127512 | H84: =IF(AND(ISNUMBER(H82),ISNUMBER(H83)),IF(H83=0,"n.m.",H82/H83-1),"n.a.") -> 0.28250178
B85: Δ Q/Q ($) | C85: =IF(AND(ISNUMBER(C82),ISNUMBER(G83)),(C82-G83),"n.a.") -> -648 | D85: =IF(AND(ISNUMBER(D82),ISNUMBER(C82)),(D82-C82),"n.a.") -> 1710 | F85: =IF(AND(ISNUMBER(F82),ISNUMBER(D82)),(F82-D82),"n.a.") -> 982 | G85: =IF(AND(ISNUMBER(G82),ISNUMBER(F82)),(G82-F82),"n.a.") -> 744 | H85: =IF(AND(ISNUMBER(H82),ISNUMBER(G82)),(H82-G82),"n.a.") -> -1004.7896
B86: Comparable order growth | C86: n.a. | D86: 0.32 | E86: 0.15 | F86: 0.24 | G86: 0.28 | H86: n.a.
B87: Book-to-bill (x) | C87: =IF(AND(ISNUMBER(C82),ISNUMBER(C46)),IF(C46=0,"n.m.",C82/C46),"n.a.") -> 1.0135438 | D87: =IF(AND(ISNUMBER(D82),ISNUMBER(D46)),IF(D46=0,"n.m.",D82/D46),"n.a.") -> 1.1396376 | E87: =IF(AND(ISNUMBER(E82),ISNUMBER(E46)),IF(E46=0,"n.m.",E82/E46),"n.a.") -> 1.1067128 | F87: =IF(AND(ISNUMBER(F82),ISNUMBER(F46)),IF(F46=0,"n.m.",F82/F46),"n.a.") -> 1.2935654 | G87: =IF(AND(ISNUMBER(G82),ISNUMBER(G46)),IF(G46=0,"n.m.",G82/G46),"n.a.") -> 1.2709235 | H87: =IF(AND(ISNUMBER(H82),ISNUMBER(H46)),IF(H46=0,"n.m.",H82/H46),"n.a.") -> 1.1403127
B88: Δ Q/Q (x) | C88: n.a. | D88: =IF(AND(ISNUMBER(D87),ISNUMBER(C87)),(D87-C87),"n.a.") -> 0.1260939 | F88: =IF(AND(ISNUMBER(F87),ISNUMBER(D87)),(F87-D87),"n.a.") -> 0.15392773 | G88: =IF(AND(ISNUMBER(G87),ISNUMBER(F87)),(G87-F87),"n.a.") -> -0.022641894 | H88: =IF(AND(ISNUMBER(H87),ISNUMBER(G87)),(H87-G87),"n.a.") -> -0.13061079
B89: Δ Y/Y (x) | C89: =IF(COUNT(C87,C83,C47)=3,C87-C83/C47,"n.a.") -> n.a. | D89: =IF(COUNT(D87,D83,D47)=3,D87-D83/D47,"n.a.") -> 0.19003785 | E89: =IF(COUNT(E87,E83,E47)=3,E87-E83/E47,"n.a.") -> 0.077317408 | F89: =IF(COUNT(F87,F83,F47)=3,F87-F83/F47,"n.a.") -> 0.13005955 | G89: =IF(COUNT(G87,G83,G47)=3,G87-G83/G47,"n.a.") -> 0.15531167 | H89: =IF(COUNT(H87,H83,H47)=3,H87-H83/H47,"n.a.") -> 0.12676894
B90: Electrification order backlog | C90: ='Segment - Electrification'!C23 -> 8750 | D90: ='Segment - Electrification'!D23 -> 9438 | E90: ='Segment - Electrification'!E23 -> 9438 | F90: ='Segment - Electrification'!F23 -> 11460 | G90: ='Segment - Electrification'!G23 -> 13676 | H90: ='Segment - Electrification'!H23 -> 14736.654
B91: Motion order backlog | C91: ='Segment - Motion'!C23 -> 6176 | D91: ='Segment - Motion'!D23 -> 6285 | E91: ='Segment - Motion'!E23 -> 6285 | F91: ='Segment - Motion'!F23 -> 6597 | G91: ='Segment - Motion'!G23 -> 6953 | H91: ='Segment - Motion'!H23 -> 7169.2319
B92: Automation order backlog | C92: ='Segment - Automation'!C23 -> n.a. | D92: ='Segment - Automation'!D23 -> 10133 | E92: ='Segment - Automation'!E23 -> 10133 | F92: ='Segment - Automation'!F23 -> 10350 | G92: ='Segment - Automation'!G23 -> 10544 | H92: ='Segment - Automation'!H23 -> 10699.778
B93: Corp. & Other / elims (backlog) | C93: n.a. | D93: -574 | E93: =D93 -> -574 | F93: -892 | G93: -1166 | H93: =G93 -> -1166 | I93: 3Q25A restated split not disclosed; 3Q26E held at 2Q26A
B94: Δ Q/Q ($) | C94: n.a. | D94: =IF(AND(ISNUMBER(D93),ISNUMBER(C93)),(D93-C93),"n.a.") -> n.a. | F94: =IF(AND(ISNUMBER(F93),ISNUMBER(D93)),(F93-D93),"n.a.") -> -318 | G94: =IF(AND(ISNUMBER(G93),ISNUMBER(F93)),(G93-F93),"n.a.") -> -274 | H94: =IF(AND(ISNUMBER(H93),ISNUMBER(G93)),(H93-G93),"n.a.") -> 0
B95: Total order backlog | C95: =IF(COUNT(C90,C91,C92,C93)=4,C90+C91+C92+C93,"n.a.") -> n.a. | D95: =IF(COUNT(D90,D91,D92,D93)=4,D90+D91+D92+D93,"n.a.") -> 25282 | E95: =IF(COUNT(E90,E91,E92,E93)=4,E90+E91+E92+E93,"n.a.") -> 25282 | F95: =IF(COUNT(F90,F91,F92,F93)=4,F90+F91+F92+F93,"n.a.") -> 27515 | G95: =IF(COUNT(G90,G91,G92,G93)=4,G90+G91+G92+G93,"n.a.") -> 30007 | H95: =IF(COUNT(H90,H91,H92,H93)=4,H90+H91+H92+H93,"n.a.") -> 31439.664
B96: Δ Q/Q ($) | C96: n.a. | D96: =IF(AND(ISNUMBER(D95),ISNUMBER(C95)),(D95-C95),"n.a.") -> n.a. | F96: =IF(AND(ISNUMBER(F95),ISNUMBER(D95)),(F95-D95),"n.a.") -> 2233 | G96: =IF(AND(ISNUMBER(G95),ISNUMBER(F95)),(G95-F95),"n.a.") -> 2492 | H96: =IF(AND(ISNUMBER(H95),ISNUMBER(G95)),(H95-G95),"n.a.") -> 1432.6635
B97: Geography: more than one region disclosed — see Geo tab

Sheet Segment - Electrification
B2: ABB Ltd (SWX:ABBN)
B3: Segment - Electrification: orders, backlog, revenue build and operational profitability
B4: $ millions, except per share
B6: Period | C6: 3Q25A | D6: 4Q25A | E6: FY25A | F6: 1Q26A | G6: 2Q26A | H6: 3Q26E | I6: Notes
B7: Period end | C7: =DATE(2025,9,30) -> 45930 | D7: =DATE(2025,12,31) -> 46022 | E7: =DATE(2025,12,31) -> 46022 | F7: =DATE(2026,3,31) -> 46112 | G7: =DATE(2026,6,30) -> 46203 | H7: =DATE(2026,9,30) -> 46295
B8: Days in period | C8: =C7-DATE(2025,6,30) -> 92 | D8: =D7-C7 -> 92 | E8: =E7-DATE(2024,12,31) -> 365 | F8: =F7-D7 -> 90 | G8: =G7-F7 -> 91 | H8: =H7-G7 -> 92
B10: Order intake and order backlog ladder
B11: Opening order backlog | C11: =G24 -> 8685 | D11: =C23 -> 8750 | E11: =D24 -> 7506 | F11: =D23 -> 9438 | G11: =F23 -> 11460 | H11: =G23 -> 13676
B12: (+) Orders received | C12: =E12-D12-Inputs!$D$143 -> 4522 | D12: 5323 | E12: 18757 | F12: 6647 | G12: 7231 | H12: =C12*(1+H16)*(1+H45)*(1+H48) -> 6511.0673 | I12: 3Q26E = 3Q25A orders x (1+comparable order growth) x (1+M&A) x (1+FX)
B13: Year-ago orders | C13: 4049 | D13: 3908 | E13: 16422 | F13: 4394 | G13: 4518 | H13: =C12 -> 4522
B14: % Y/Y | C14: =IF(AND(ISNUMBER(C12),ISNUMBER(C13)),IF(C13=0,"n.m.",C12/C13-1),"n.a.") -> 0.11681897 | D14: =IF(AND(ISNUMBER(D12),ISNUMBER(D13)),IF(D13=0,"n.m.",D12/D13-1),"n.a.") -> 0.36207779 | E14: =IF(AND(ISNUMBER(E12),ISNUMBER(E13)),IF(E13=0,"n.m.",E12/E13-1),"n.a.") -> 0.14218731 | F14: =IF(AND(ISNUMBER(F12),ISNUMBER(F13)),IF(F13=0,"n.m.",F12/F13-1),"n.a.") -> 0.51274465 | G14: =IF(AND(ISNUMBER(G12),ISNUMBER(G13)),IF(G13=0,"n.m.",G12/G13-1),"n.a.") -> 0.60048694 | H14: =IF(AND(ISNUMBER(H12),ISNUMBER(H13)),IF(H13=0,"n.m.",H12/H13-1),"n.a.") -> 0.4398645
B15: Δ Q/Q ($) | C15: =IF(AND(ISNUMBER(C12),ISNUMBER(G13)),(C12-G13),"n.a.") -> 4 | D15: =IF(AND(ISNUMBER(D12),ISNUMBER(C12)),(D12-C12),"n.a.") -> 801 | F15: =IF(AND(ISNUMBER(F12),ISNUMBER(D12)),(F12-D12),"n.a.") -> 1324 | G15: =IF(AND(ISNUMBER(G12),ISNUMBER(F12)),(G12-F12),"n.a.") -> 584 | H15: =IF(AND(ISNUMBER(H12),ISNUMBER(G12)),(H12-G12),"n.a.") -> -719.93273
B16: Comparable order growth (driver) | C16: 0.1 | D16: 0.33 | E16: 0.13 | F16: 0.44 | G16: 0.58 | H16: 0.45 | I16: 3Q26E assumption: Electrification data-center momentum (Q2 +58%, Q1 +44%); peers (Schneider Q3 demand triple-digit in data centers)
B17: Δ Q/Q (bps) | C17: n.a. | D17: =IF(AND(ISNUMBER(D16),ISNUMBER(C16)),(D16-C16)*10000,"n.a.") -> 2300 | F17: =IF(AND(ISNUMBER(F16),ISNUMBER(D16)),(F16-D16)*10000,"n.a.") -> 1100 | G17: =IF(AND(ISNUMBER(G16),ISNUMBER(F16)),(G16-F16)*10000,"n.a.") -> 1400 | H17: =IF(AND(ISNUMBER(H16),ISNUMBER(G16)),(H16-G16)*10000,"n.a.") -> -1300
B18: Δ Y/Y (bps) | C18: n.a. | D18: n.a. | E18: n.a. | F18: n.a. | G18: n.a. | H18: =IF(AND(ISNUMBER(H16),ISNUMBER(C16)),(H16-C16)*10000,"n.a.") -> 3500
B19: (−) Revenues recognized | C19: =-C36 -> -4499 | D19: =-D36 -> -4702 | E19: =-E36 -> -17357 | F19: =-F36 -> -4613 | G19: =-G36 -> -5200 | H19: =-H36 -> -5450.4134
B20: (+/−) FX, scope & other adjustments | C20: =IF(COUNT(C23,C11,C12,C19)=4,C23-C11-C12-C19,"n.a.") -> 42 | D20: =IF(COUNT(D23,D11,D12,D19)=4,D23-D11-D12-D19,"n.a.") -> 67 | E20: =IF(COUNT(E23,E11,E12,E19)=4,E23-E11-E12-E19,"n.a.") -> 532 | F20: =IF(COUNT(F23,F11,F12,F19)=4,F23-F11-F12-F19,"n.a.") -> -12 | G20: =IF(COUNT(G23,G11,G12,G19)=4,G23-G11-G12-G19,"n.a.") -> 185 | H20: 0 | I20: Historical = closing − opening − orders + revenue (derived); 3Q26E assumed nil
B21: Δ Y/Y ($) | C21: n.a. | D21: n.a. | E21: n.a. | F21: n.a. | G21: n.a. | H21: =IF(AND(ISNUMBER(H20),ISNUMBER(C20)),(H20-C20),"n.a.") -> -42
B22: Δ Q/Q ($) | C22: n.a. | D22: =IF(AND(ISNUMBER(D20),ISNUMBER(C20)),(D20-C20),"n.a.") -> 25 | F22: =IF(AND(ISNUMBER(F20),ISNUMBER(D20)),(F20-D20),"n.a.") -> -79 | G22: =IF(AND(ISNUMBER(G20),ISNUMBER(F20)),(G20-F20),"n.a.") -> 197 | H22: =IF(AND(ISNUMBER(H20),ISNUMBER(G20)),(H20-G20),"n.a.") -> -185
B23: Closing order backlog | C23: 8750 | D23: 9438 | E23: =D23 -> 9438 | F23: 11460 | G23: 13676 | H23: =H11+H12+H19+H20 -> 14736.654
B24: Year-ago closing backlog | C24: 7945 | D24: 7506 | E24: =D24 -> 7506 | F24: 8173 | G24: 8685 | H24: =C23 -> 8750
B25: % Y/Y | C25: =IF(AND(ISNUMBER(C23),ISNUMBER(C24)),IF(C24=0,"n.m.",C23/C24-1),"n.a.") -> 0.10132159 | D25: =IF(AND(ISNUMBER(D23),ISNUMBER(D24)),IF(D24=0,"n.m.",D23/D24-1),"n.a.") -> 0.25739408 | E25: =IF(AND(ISNUMBER(E23),ISNUMBER(E24)),IF(E24=0,"n.m.",E23/E24-1),"n.a.") -> 0.25739408 | F25: =IF(AND(ISNUMBER(F23),ISNUMBER(F24)),IF(F24=0,"n.m.",F23/F24-1),"n.a.") -> 0.4021779 | G25: =IF(AND(ISNUMBER(G23),ISNUMBER(G24)),IF(G24=0,"n.m.",G23/G24-1),"n.a.") -> 0.57466897 | H25: =IF(AND(ISNUMBER(H23),ISNUMBER(H24)),IF(H24=0,"n.m.",H23/H24-1),"n.a.") -> 0.68418901
B26: Δ Q/Q ($) | C26: =IF(AND(ISNUMBER(C23),ISNUMBER(C11)),(C23-C11),"n.a.") -> 65 | D26: =IF(AND(ISNUMBER(D23),ISNUMBER(C23)),(D23-C23),"n.a.") -> 688 | F26: =IF(AND(ISNUMBER(F23),ISNUMBER(D23)),(F23-D23),"n.a.") -> 2022 | G26: =IF(AND(ISNUMBER(G23),ISNUMBER(F23)),(G23-F23),"n.a.") -> 2216 | H26: =IF(AND(ISNUMBER(H23),ISNUMBER(G23)),(H23-G23),"n.a.") -> 1060.6538
B27: Average order backlog | C27: =IF(COUNT(C11,C23)=2,AVERAGE(C11,C23),"n.a.") -> 8717.5 | D27: =IF(COUNT(D11,D23)=2,AVERAGE(D11,D23),"n.a.") -> 9094 | E27: =IF(COUNT(E11,E23)=2,AVERAGE(E11,E23),"n.a.") -> 8472 | F27: =IF(COUNT(F11,F23)=2,AVERAGE(F11,F23),"n.a.") -> 10449 | G27: =IF(COUNT(G11,G23)=2,AVERAGE(G11,G23),"n.a.") -> 12568 | H27: =IF(COUNT(H11,H23)=2,AVERAGE(H11,H23),"n.a.") -> 14206.327
B28: Book-to-bill (orders / revenues) | C28: =IF(AND(ISNUMBER(C12),ISNUMBER(C36)),IF(C36=0,"n.m.",C12/C36),"n.a.") -> 1.0051122 | D28: =IF(AND(ISNUMBER(D12),ISNUMBER(D36)),IF(D36=0,"n.m.",D12/D36),"n.a.") -> 1.1320715 | E28: =IF(AND(ISNUMBER(E12),ISNUMBER(E36)),IF(E36=0,"n.m.",E12/E36),"n.a.") -> 1.0806591 | F28: =IF(AND(ISNUMBER(F12),ISNUMBER(F36)),IF(F36=0,"n.m.",F12/F36),"n.a.") -> 1.4409278 | G28: =IF(AND(ISNUMBER(G12),ISNUMBER(G36)),IF(G36=0,"n.m.",G12/G36),"n.a.") -> 1.3905769 | H28: =IF(AND(ISNUMBER(H12),ISNUMBER(H36)),IF(H36=0,"n.m.",H12/H36),"n.a.") -> 1.1946006
B29: Δ Q/Q (x) | C29: n.a. | D29: =IF(AND(ISNUMBER(D28),ISNUMBER(C28)),(D28-C28),"n.a.") -> 0.12695921 | F29: =IF(AND(ISNUMBER(F28),ISNUMBER(D28)),(F28-D28),"n.a.") -> 0.30885635 | G29: =IF(AND(ISNUMBER(G28),ISNUMBER(F28)),(G28-F28),"n.a.") -> -0.05035089 | H29: =IF(AND(ISNUMBER(H28),ISNUMBER(G28)),(H28-G28),"n.a.") -> -0.1959763
B30: Δ Y/Y (x) | C30: =IF(COUNT(C28,C13,C37)=3,C28-C13/C37,"n.a.") -> -0.029643695 | D30: =IF(COUNT(D28,D13,D37)=3,D28-D13/D37,"n.a.") -> 0.16617922 | E30: =IF(COUNT(E28,E13,E37)=3,E28-E13/E37,"n.a.") -> 0.017608867 | F30: =IF(COUNT(F28,F13,F37)=3,F28-F13/F37,"n.a.") -> 0.29216964 | G30: =IF(COUNT(G28,G13,G37)=3,G28-G13/G37,"n.a.") -> 0.34739983 | H30: =IF(COUNT(H28,H13,H37)=3,H28-H13/H37,"n.a.") -> 0.18948837
B31: Backlog conversion (rev./opening; FY25A = annual) | C31: =IF(AND(ISNUMBER(C36),ISNUMBER(C11)),IF(C11=0,"n.m.",C36/C11),"n.a.") -> 0.51801957 | D31: =IF(AND(ISNUMBER(D36),ISNUMBER(D11)),IF(D11=0,"n.m.",D36/D11),"n.a.") -> 0.53737143 | E31: =IF(AND(ISNUMBER(E36),ISNUMBER(E11)),IF(E11=0,"n.m.",E36/E11),"n.a.") -> 2.3124167 | F31: =IF(AND(ISNUMBER(F36),ISNUMBER(F11)),IF(F11=0,"n.m.",F36/F11),"n.a.") -> 0.48876881 | G31: =IF(AND(ISNUMBER(G36),ISNUMBER(G11)),IF(G11=0,"n.m.",G36/G11),"n.a.") -> 0.45375218 | H31: =IF(AND(ISNUMBER(H36),ISNUMBER(H11)),IF(H11=0,"n.m.",H36/H11),"n.a.") -> 0.39853857 | I31: FY25A = annual ratio (FY revenue ÷ Dec-24 opening backlog); not comparable with quarterly ratios, so FY Δ cells are blank
B32: Δ Q/Q (bps) | C32: n.a. | D32: =IF(AND(ISNUMBER(D31),ISNUMBER(C31)),(D31-C31)*10000,"n.a.") -> 193.51855 | F32: =IF(AND(ISNUMBER(F31),ISNUMBER(D31)),(F31-D31)*10000,"n.a.") -> -486.02622 | G32: =IF(AND(ISNUMBER(G31),ISNUMBER(F31)),(G31-F31)*10000,"n.a.") -> -350.16625 | H32: =IF(AND(ISNUMBER(H31),ISNUMBER(G31)),(H31-G31)*10000,"n.a.") -> -552.13616
B33: Δ Y/Y (bps) | C33: n.a. | D33: n.a. | E33: n.a. | F33: n.a. | G33: n.a. | H33: =IF(AND(ISNUMBER(H31),ISNUMBER(C31)),(H31-C31)*10000,"n.a.") -> -1194.8101
B35: Revenue build
B36: Total revenues (incl. interseg.) | C36: =E36-D36-Inputs!$D$144 -> 4499 | D36: 4702 | E36: 17357 | F36: 4613 | G36: 5200 | H36: =C36*(1+H42)*(1+H45)*(1+H48) -> 5450.4134 | I36: 3Q26E = 3Q25A x (1+comparable) x (1+M&A) x (1+FX); cross-check vs backlog conversion
B37: Year-ago (as restated) | C37: 3913 | D37: 4046 | E37: 15448 | F37: 3825 | G37: 4331 | H37: =C36 -> 4499
B38: % Y/Y | C38: =IF(AND(ISNUMBER(C36),ISNUMBER(C37)),IF(C37=0,"n.m.",C36/C37-1),"n.a.") -> 0.14975722 | D38: =IF(AND(ISNUMBER(D36),ISNUMBER(D37)),IF(D37=0,"n.m.",D36/D37-1),"n.a.") -> 0.16213544 | E38: =IF(AND(ISNUMBER(E36),ISNUMBER(E37)),IF(E37=0,"n.m.",E36/E37-1),"n.a.") -> 0.12357587 | F38: =IF(AND(ISNUMBER(F36),ISNUMBER(F37)),IF(F37=0,"n.m.",F36/F37-1),"n.a.") -> 0.20601307 | G38: =IF(AND(ISNUMBER(G36),ISNUMBER(G37)),IF(G37=0,"n.m.",G36/G37-1),"n.a.") -> 0.2006465 | H38: =IF(AND(ISNUMBER(H36),ISNUMBER(H37)),IF(H37=0,"n.m.",H36/H37-1),"n.a.") -> 0.2114722
B39: % Q/Q | C39: =IF(AND(ISNUMBER(C36),ISNUMBER(G37)),IF(G37=0,"n.m.",C36/G37-1),"n.a.") -> 0.038790118 | D39: =IF(AND(ISNUMBER(D36),ISNUMBER(C36)),IF(C36=0,"n.m.",D36/C36-1),"n.a.") -> 0.045121138 | F39: =IF(AND(ISNUMBER(F36),ISNUMBER(D36)),IF(D36=0,"n.m.",F36/D36-1),"n.a.") -> -0.018928116 | G39: =IF(AND(ISNUMBER(G36),ISNUMBER(F36)),IF(F36=0,"n.m.",G36/F36-1),"n.a.") -> 0.12724908 | H39: =IF(AND(ISNUMBER(H36),ISNUMBER(G36)),IF(G36=0,"n.m.",H36/G36-1),"n.a.") -> 0.048156428
B40: % of group revenues | C40: =IF(AND(ISNUMBER(C36),ISNUMBER('Revenue summary'!C46)),IF('Revenue summary'!C46=0,"n.m.",C36/'Revenue summary'!C46),"n.a.") -> 0.52985514 | D40: =IF(AND(ISNUMBER(D36),ISNUMBER('Revenue summary'!D46)),IF('Revenue summary'!D46=0,"n.m.",D36/'Revenue summary'!D46),"n.a.") -> 0.51944322 | E40: =IF(AND(ISNUMBER(E36),ISNUMBER('Revenue summary'!E46)),IF('Revenue summary'!E46=0,"n.m.",E36/'Revenue summary'!E46),"n.a.") -> 0.52248645 | F40: =IF(AND(ISNUMBER(F36),ISNUMBER('Revenue summary'!F46)),IF('Revenue summary'!F46=0,"n.m.",F36/'Revenue summary'!F46),"n.a.") -> 0.52816579 | G40: =IF(AND(ISNUMBER(G36),ISNUMBER('Revenue summary'!G46)),IF('Revenue summary'!G46=0,"n.m.",G36/'Revenue summary'!G46),"n.a.") -> 0.54881266 | H40: =IF(AND(ISNUMBER(H36),ISNUMBER('Revenue summary'!H46)),IF('Revenue summary'!H46=0,"n.m.",H36/'Revenue summary'!H46),"n.a.") -> 0.56311109
B41: Local-currency growth | C41: 0.13 | D41: 0.13 | E41: 0.11 | F41: 0.15 | G41: 0.18 | H41: =(1+H42)*(1+H45)-1 -> 0.2139
B42: Comparable growth (issuer/driver) | C42: 0.13 | D42: 0.12 | E42: 0.11 | F42: 0.15 | G42: 0.19 | H42: 0.22 | I42: 3Q26E driver. Group guide: low- to mid-teens comparable growth (16-Jul-26)
B43: Δ Q/Q (bps) | C43: n.a. | D43: =IF(AND(ISNUMBER(D42),ISNUMBER(C42)),(D42-C42)*10000,"n.a.") -> -100 | F43: =IF(AND(ISNUMBER(F42),ISNUMBER(D42)),(F42-D42)*10000,"n.a.") -> 300 | G43: =IF(AND(ISNUMBER(G42),ISNUMBER(F42)),(G42-F42)*10000,"n.a.") -> 400 | H43: =IF(AND(ISNUMBER(H42),ISNUMBER(G42)),(H42-G42)*10000,"n.a.") -> 300
B44: Δ Y/Y (bps) | C44: n.a. | D44: n.a. | E44: n.a. | F44: n.a. | G44: n.a. | H44: =IF(AND(ISNUMBER(H42),ISNUMBER(C42)),(H42-C42)*10000,"n.a.") -> 900
B45: M&A / portfolio impact | C45: =IF(AND(ISNUMBER(C41),ISNUMBER(C42)),(1+C41)/(1+C42)-1,"n.a.") -> 0 | D45: =IF(AND(ISNUMBER(D41),ISNUMBER(D42)),(1+D41)/(1+D42)-1,"n.a.") -> 0.0089285714 | E45: =IF(AND(ISNUMBER(E41),ISNUMBER(E42)),(1+E41)/(1+E42)-1,"n.a.") -> 0 | F45: =IF(AND(ISNUMBER(F41),ISNUMBER(F42)),(1+F41)/(1+F42)-1,"n.a.") -> 0 | G45: =IF(AND(ISNUMBER(G41),ISNUMBER(G42)),(1+G41)/(1+G42)-1,"n.a.") -> -0.0084033613 | H45: -0.005
B46: Δ Y/Y (bps) | C46: n.a. | D46: n.a. | E46: n.a. | F46: n.a. | G46: n.a. | H46: =IF(AND(ISNUMBER(H45),ISNUMBER(C45)),(H45-C45)*10000,"n.a.") -> -50
B47: Δ Q/Q (bps) | C47: n.a. | D47: =IF(AND(ISNUMBER(D45),ISNUMBER(C45)),(D45-C45)*10000,"n.a.") -> 89.285714 | F47: =IF(AND(ISNUMBER(F45),ISNUMBER(D45)),(F45-D45)*10000,"n.a.") -> -89.285714 | G47: =IF(AND(ISNUMBER(G45),ISNUMBER(F45)),(G45-F45)*10000,"n.a.") -> -84.033613 | H47: =IF(AND(ISNUMBER(H45),ISNUMBER(G45)),(H45-G45)*10000,"n.a.") -> 34.033613
B48: FX impact | C48: =IF(AND(ISNUMBER(C38),ISNUMBER(C41)),(1+C38)/(1+C41)-1,"n.a.") -> 0.017484265 | D48: =IF(AND(ISNUMBER(D38),ISNUMBER(D41)),(1+D38)/(1+D41)-1,"n.a.") -> 0.028438445 | E48: =IF(AND(ISNUMBER(E38),ISNUMBER(E41)),(1+E38)/(1+E41)-1,"n.a.") -> 0.012230511 | F48: =IF(AND(ISNUMBER(F38),ISNUMBER(F41)),(1+F38)/(1+F41)-1,"n.a.") -> 0.048707019 | G48: =IF(AND(ISNUMBER(G38),ISNUMBER(G41)),(1+G38)/(1+G41)-1,"n.a.") -> 0.017497036 | H48: ='Revenue summary'!H57 -> -0.002
B49: Δ Y/Y (bps) | C49: n.a. | D49: n.a. | E49: n.a. | F49: n.a. | G49: n.a. | H49: =IF(AND(ISNUMBER(H48),ISNUMBER(C48)),(H48-C48)*10000,"n.a.") -> -194.84265
B50: Δ Q/Q (bps) | C50: n.a. | D50: =IF(AND(ISNUMBER(D48),ISNUMBER(C48)),(D48-C48)*10000,"n.a.") -> 109.5418 | F50: =IF(AND(ISNUMBER(F48),ISNUMBER(D48)),(F48-D48)*10000,"n.a.") -> 202.68574 | G50: =IF(AND(ISNUMBER(G48),ISNUMBER(F48)),(G48-F48)*10000,"n.a.") -> -312.09983 | H50: =IF(AND(ISNUMBER(H48),ISNUMBER(G48)),(H48-G48)*10000,"n.a.") -> -194.97036
B51: Organic growth (formula) | C51: =IF(COUNT(C38,C45,C48)=3,(1+C38)/((1+C45)*(1+C48))-1,"n.a.") -> 0.13 | D51: =IF(COUNT(D38,D45,D48)=3,(1+D38)/((1+D45)*(1+D48))-1,"n.a.") -> 0.12 | E51: =IF(COUNT(E38,E45,E48)=3,(1+E38)/((1+E45)*(1+E48))-1,"n.a.") -> 0.11 | F51: =IF(COUNT(F38,F45,F48)=3,(1+F38)/((1+F45)*(1+F48))-1,"n.a.") -> 0.15 | G51: =IF(COUNT(G38,G45,G48)=3,(1+G38)/((1+G45)*(1+G48))-1,"n.a.") -> 0.19 | H51: =IF(COUNT(H38,H45,H48)=3,(1+H38)/((1+H45)*(1+H48))-1,"n.a.") -> 0.22
B52: Δ Q/Q ($) | C52: =IF(AND(ISNUMBER(C36),ISNUMBER(G37)),(C36-G37),"n.a.") -> 168 | D52: =IF(AND(ISNUMBER(D36),ISNUMBER(C36)),(D36-C36),"n.a.") -> 203 | F52: =IF(AND(ISNUMBER(F36),ISNUMBER(D36)),(F36-D36),"n.a.") -> -89 | G52: =IF(AND(ISNUMBER(G36),ISNUMBER(F36)),(G36-F36),"n.a.") -> 587 | H52: =IF(AND(ISNUMBER(H36),ISNUMBER(G36)),(H36-G36),"n.a.") -> 250.41343
B54: Third-party revenues by region
B55: Europe | C55: =E55-D55-Inputs!$D$145 -> 1310 | D55: 1389 | E55: 5150 | F55: 1323 | G55: 1377 | H55: =H95*G55/G95 -> 1443.3114 | I55: 3Q26E: split at 2Q26A mix
B56: Year-ago (as restated) | C56: n.a. | D56: 1175 | E56: 4566 | F56: 1154 | G56: 1297 | H56: =C55 -> 1310
B57: % Y/Y | C57: =IF(AND(ISNUMBER(C55),ISNUMBER(C56)),IF(C56=0,"n.m.",C55/C56-1),"n.a.") -> n.a. | D57: =IF(AND(ISNUMBER(D55),ISNUMBER(D56)),IF(D56=0,"n.m.",D55/D56-1),"n.a.") -> 0.18212766 | E57: =IF(AND(ISNUMBER(E55),ISNUMBER(E56)),IF(E56=0,"n.m.",E55/E56-1),"n.a.") -> 0.12790188 | F57: =IF(AND(ISNUMBER(F55),ISNUMBER(F56)),IF(F56=0,"n.m.",F55/F56-1),"n.a.") -> 0.14644714 | G57: =IF(AND(ISNUMBER(G55),ISNUMBER(G56)),IF(G56=0,"n.m.",G55/G56-1),"n.a.") -> 0.061680802 | H57: =IF(AND(ISNUMBER(H55),ISNUMBER(H56)),IF(H56=0,"n.m.",H55/H56-1),"n.a.") -> 0.10176443
B58: Δ Q/Q ($) | C58: =IF(AND(ISNUMBER(C55),ISNUMBER(G56)),(C55-G56),"n.a.") -> 13 | D58: =IF(AND(ISNUMBER(D55),ISNUMBER(C55)),(D55-C55),"n.a.") -> 79 | F58: =IF(AND(ISNUMBER(F55),ISNUMBER(D55)),(F55-D55),"n.a.") -> -66 | G58: =IF(AND(ISNUMBER(G55),ISNUMBER(F55)),(G55-F55),"n.a.") -> 54 | H58: =IF(AND(ISNUMBER(H55),ISNUMBER(G55)),(H55-G55),"n.a.") -> 66.311402
B59: % of third-party revenues | C59: =IF(AND(ISNUMBER(C55),ISNUMBER(C95)),IF(C95=0,"n.m.",C55/C95),"n.a.") -> 0.29557762 | D59: =IF(AND(ISNUMBER(D55),ISNUMBER(D95)),IF(D95=0,"n.m.",D55/D95),"n.a.") -> 0.30130152 | E59: =IF(AND(ISNUMBER(E55),ISNUMBER(E95)),IF(E95=0,"n.m.",E55/E95),"n.a.") -> 0.30139872 | F59: =IF(AND(ISNUMBER(F55),ISNUMBER(F95)),IF(F95=0,"n.m.",F55/F95),"n.a.") -> 0.29083315 | G59: =IF(AND(ISNUMBER(G55),ISNUMBER(G95)),IF(G95=0,"n.m.",G55/G95),"n.a.") -> 0.2694189 | H59: =IF(AND(ISNUMBER(H55),ISNUMBER(H95)),IF(H95=0,"n.m.",H55/H95),"n.a.") -> 0.2694189
B60: Organic/M&A/FX: not disclosed | C60: n.a. | D60: n.a. | E60: n.a. | F60: n.a. | G60: n.a. | H60: n.a.
B61: The Americas | C61: =E61-D61-Inputs!$D$146 -> 2003 | D61: 2001 | E61: 7589 | F61: 2127 | G61: 2418 | H61: =H95*G61/G95 -> 2534.4422 | I61: 3Q26E: split at 2Q26A mix
B62: Year-ago (as restated) | C62: n.a. | D62: 1691 | E62: 6577 | F62: 1692 | G62: 1893 | H62: =C61 -> 2003
B63: % Y/Y | C63: =IF(AND(ISNUMBER(C61),ISNUMBER(C62)),IF(C62=0,"n.m.",C61/C62-1),"n.a.") -> n.a. | D63: =IF(AND(ISNUMBER(D61),ISNUMBER(D62)),IF(D62=0,"n.m.",D61/D62-1),"n.a.") -> 0.18332348 | E63: =IF(AND(ISNUMBER(E61),ISNUMBER(E62)),IF(E62=0,"n.m.",E61/E62-1),"n.a.") -> 0.15386955 | F63: =IF(AND(ISNUMBER(F61),ISNUMBER(F62)),IF(F62=0,"n.m.",F61/F62-1),"n.a.") -> 0.2570922 | G63: =IF(AND(ISNUMBER(G61),ISNUMBER(G62)),IF(G62=0,"n.m.",G61/G62-1),"n.a.") -> 0.27733756 | H63: =IF(AND(ISNUMBER(H61),ISNUMBER(H62)),IF(H62=0,"n.m.",H61/H62-1),"n.a.") -> 0.26532314
B64: Δ Q/Q ($) | C64: =IF(AND(ISNUMBER(C61),ISNUMBER(G62)),(C61-G62),"n.a.") -> 110 | D64: =IF(AND(ISNUMBER(D61),ISNUMBER(C61)),(D61-C61),"n.a.") -> -2 | F64: =IF(AND(ISNUMBER(F61),ISNUMBER(D61)),(F61-D61),"n.a.") -> 126 | G64: =IF(AND(ISNUMBER(G61),ISNUMBER(F61)),(G61-F61),"n.a.") -> 291 | H64: =IF(AND(ISNUMBER(H61),ISNUMBER(G61)),(H61-G61),"n.a.") -> 116.44224
B65: % of third-party revenues | C65: =IF(AND(ISNUMBER(C61),ISNUMBER(C95)),IF(C95=0,"n.m.",C61/C95),"n.a.") -> 0.45194043 | D65: =IF(AND(ISNUMBER(D61),ISNUMBER(D95)),IF(D95=0,"n.m.",D61/D95),"n.a.") -> 0.4340564 | E65: =IF(AND(ISNUMBER(E61),ISNUMBER(E95)),IF(E95=0,"n.m.",E61/E95),"n.a.") -> 0.44413882 | F65: =IF(AND(ISNUMBER(F61),ISNUMBER(F95)),IF(F95=0,"n.m.",F61/F95),"n.a.") -> 0.46757529 | G65: =IF(AND(ISNUMBER(G61),ISNUMBER(G95)),IF(G95=0,"n.m.",G61/G95),"n.a.") -> 0.47309724 | H65: =IF(AND(ISNUMBER(H61),ISNUMBER(H95)),IF(H95=0,"n.m.",H61/H95),"n.a.") -> 0.47309724
B66: Organic/M&A/FX: not disclosed | C66: n.a. | D66: n.a. | E66: n.a. | F66: n.a. | G66: n.a. | H66: n.a.
B67: of which United States | C67: =E67-D67-Inputs!$D$147 -> 1598 | D67: 1610 | E67: 6082 | F67: 1746 | G67: 2003 | H67: =H61*G67/G61 -> 2099.4573 | I67: 3Q26E: split at 2Q26A mix
B68: Year-ago (as restated) | C68: n.a. | D68: 1325 | E68: 5128 | F68: 1357 | G68: 1517 | H68: =C67 -> 1598
B69: % Y/Y | C69: =IF(AND(ISNUMBER(C67),ISNUMBER(C68)),IF(C68=0,"n.m.",C67/C68-1),"n.a.") -> n.a. | D69: =IF(AND(ISNUMBER(D67),ISNUMBER(D68)),IF(D68=0,"n.m.",D67/D68-1),"n.a.") -> 0.21509434 | E69: =IF(AND(ISNUMBER(E67),ISNUMBER(E68)),IF(E68=0,"n.m.",E67/E68-1),"n.a.") -> 0.18603744 | F69: =IF(AND(ISNUMBER(F67),ISNUMBER(F68)),IF(F68=0,"n.m.",F67/F68-1),"n.a.") -> 0.28666175 | G69: =IF(AND(ISNUMBER(G67),ISNUMBER(G68)),IF(G68=0,"n.m.",G67/G68-1),"n.a.") -> 0.32036915 | H69: =IF(AND(ISNUMBER(H67),ISNUMBER(H68)),IF(H68=0,"n.m.",H67/H68-1),"n.a.") -> 0.31380308
B70: Δ Q/Q ($) | C70: =IF(AND(ISNUMBER(C67),ISNUMBER(G68)),(C67-G68),"n.a.") -> 81 | D70: =IF(AND(ISNUMBER(D67),ISNUMBER(C67)),(D67-C67),"n.a.") -> 12 | F70: =IF(AND(ISNUMBER(F67),ISNUMBER(D67)),(F67-D67),"n.a.") -> 136 | G70: =IF(AND(ISNUMBER(G67),ISNUMBER(F67)),(G67-F67),"n.a.") -> 257 | H70: =IF(AND(ISNUMBER(H67),ISNUMBER(G67)),(H67-G67),"n.a.") -> 96.457326
B71: % of third-party revenues | C71: =IF(AND(ISNUMBER(C67),ISNUMBER(C95)),IF(C95=0,"n.m.",C67/C95),"n.a.") -> 0.36055957 | D71: =IF(AND(ISNUMBER(D67),ISNUMBER(D95)),IF(D95=0,"n.m.",D67/D95),"n.a.") -> 0.34924078 | E71: =IF(AND(ISNUMBER(E67),ISNUMBER(E95)),IF(E95=0,"n.m.",E67/E95),"n.a.") -> 0.35594311 | F71: =IF(AND(ISNUMBER(F67),ISNUMBER(F95)),IF(F95=0,"n.m.",F67/F95),"n.a.") -> 0.38382062 | G71: =IF(AND(ISNUMBER(G67),ISNUMBER(G95)),IF(G95=0,"n.m.",G67/G95),"n.a.") -> 0.39189982 | H71: =IF(AND(ISNUMBER(H67),ISNUMBER(H95)),IF(H95=0,"n.m.",H67/H95),"n.a.") -> 0.39189982
B72: Organic/M&A/FX: not disclosed | C72: n.a. | D72: n.a. | E72: n.a. | F72: n.a. | G72: n.a. | H72: n.a.
B73: Americas excluding United States | C73: =C61-C67 -> 405 | D73: =D61-D67 -> 391 | E73: =E61-E67 -> 1507 | F73: =F61-F67 -> 381 | G73: =G61-G67 -> 415 | H73: =H61-H67 -> 434.98492
B74: Year-ago (derived) | C74: =IF(COUNT(C62,C68)=2,C62-C68,"n.a.") -> n.a. | D74: =IF(COUNT(D62,D68)=2,D62-D68,"n.a.") -> 366 | E74: =IF(COUNT(E62,E68)=2,E62-E68,"n.a.") -> 1449 | F74: =IF(COUNT(F62,F68)=2,F62-F68,"n.a.") -> 335 | G74: =IF(COUNT(G62,G68)=2,G62-G68,"n.a.") -> 376 | H74: =IF(COUNT(H62,H68)=2,H62-H68,"n.a.") -> 405
B75: % Y/Y | C75: =IF(AND(ISNUMBER(C73),ISNUMBER(C74)),IF(C74=0,"n.m.",C73/C74-1),"n.a.") -> n.a. | D75: =IF(AND(ISNUMBER(D73),ISNUMBER(D74)),IF(D74=0,"n.m.",D73/D74-1),"n.a.") -> 0.068306011 | E75: =IF(AND(ISNUMBER(E73),ISNUMBER(E74)),IF(E74=0,"n.m.",E73/E74-1),"n.a.") -> 0.040027605 | F75: =IF(AND(ISNUMBER(F73),ISNUMBER(F74)),IF(F74=0,"n.m.",F73/F74-1),"n.a.") -> 0.13731343 | G75: =IF(AND(ISNUMBER(G73),ISNUMBER(G74)),IF(G74=0,"n.m.",G73/G74-1),"n.a.") -> 0.1037234 | H75: =IF(AND(ISNUMBER(H73),ISNUMBER(H74)),IF(H74=0,"n.m.",H73/H74-1),"n.a.") -> 0.074036834
B76: Δ Q/Q ($) | C76: =IF(AND(ISNUMBER(C73),ISNUMBER(G74)),(C73-G74),"n.a.") -> 29 | D76: =IF(AND(ISNUMBER(D73),ISNUMBER(C73)),(D73-C73),"n.a.") -> -14 | F76: =IF(AND(ISNUMBER(F73),ISNUMBER(D73)),(F73-D73),"n.a.") -> -10 | G76: =IF(AND(ISNUMBER(G73),ISNUMBER(F73)),(G73-F73),"n.a.") -> 34 | H76: =IF(AND(ISNUMBER(H73),ISNUMBER(G73)),(H73-G73),"n.a.") -> 19.984918
B77: Organic/M&A/FX: not disclosed | C77: n.a. | D77: n.a. | E77: n.a. | F77: n.a. | G77: n.a. | H77: n.a.
B78: Asia, Middle East and Africa | C78: =E78-D78-Inputs!$D$148 -> 1119 | D78: 1220 | E78: 4348 | F78: 1099 | G78: 1316 | H78: =H95-H55-H61 -> 1379.3739 | I78: 3Q26E: third-party total less Europe and Americas
B79: Year-ago (as restated) | C79: n.a. | D79: 1117 | E79: 4047 | F79: 935 | G79: 1074 | H79: =C78 -> 1119
B80: % Y/Y | C80: =IF(AND(ISNUMBER(C78),ISNUMBER(C79)),IF(C79=0,"n.m.",C78/C79-1),"n.a.") -> n.a. | D80: =IF(AND(ISNUMBER(D78),ISNUMBER(D79)),IF(D79=0,"n.m.",D78/D79-1),"n.a.") -> 0.09221128 | E80: =IF(AND(ISNUMBER(E78),ISNUMBER(E79)),IF(E79=0,"n.m.",E78/E79-1),"n.a.") -> 0.074376081 | F80: =IF(AND(ISNUMBER(F78),ISNUMBER(F79)),IF(F79=0,"n.m.",F78/F79-1),"n.a.") -> 0.17540107 | G80: =IF(AND(ISNUMBER(G78),ISNUMBER(G79)),IF(G79=0,"n.m.",G78/G79-1),"n.a.") -> 0.22532588 | H80: =IF(AND(ISNUMBER(H78),ISNUMBER(H79)),IF(H79=0,"n.m.",H78/H79-1),"n.a.") -> 0.23268441
B81: Δ Q/Q ($) | C81: =IF(AND(ISNUMBER(C78),ISNUMBER(G79)),(C78-G79),"n.a.") -> 45 | D81: =IF(AND(ISNUMBER(D78),ISNUMBER(C78)),(D78-C78),"n.a.") -> 101 | F81: =IF(AND(ISNUMBER(F78),ISNUMBER(D78)),(F78-D78),"n.a.") -> -121 | G81: =IF(AND(ISNUMBER(G78),ISNUMBER(F78)),(G78-F78),"n.a.") -> 217 | H81: =IF(AND(ISNUMBER(H78),ISNUMBER(G78)),(H78-G78),"n.a.") -> 63.37386
B82: % of third-party revenues | C82: =IF(AND(ISNUMBER(C78),ISNUMBER(C95)),IF(C95=0,"n.m.",C78/C95),"n.a.") -> 0.25248195 | D82: =IF(AND(ISNUMBER(D78),ISNUMBER(D95)),IF(D95=0,"n.m.",D78/D95),"n.a.") -> 0.26464208 | E82: =IF(AND(ISNUMBER(E78),ISNUMBER(E95)),IF(E95=0,"n.m.",E78/E95),"n.a.") -> 0.25446246 | F82: =IF(AND(ISNUMBER(F78),ISNUMBER(F95)),IF(F95=0,"n.m.",F78/F95),"n.a.") -> 0.24159156 | G82: =IF(AND(ISNUMBER(G78),ISNUMBER(G95)),IF(G95=0,"n.m.",G78/G95),"n.a.") -> 0.25748386 | H82: =IF(AND(ISNUMBER(H78),ISNUMBER(H95)),IF(H95=0,"n.m.",H78/H95),"n.a.") -> 0.25748386
B83: Organic/M&A/FX: not disclosed | C83: n.a. | D83: n.a. | E83: n.a. | F83: n.a. | G83: n.a. | H83: n.a.
B84: of which China | C84: =E84-D84-Inputs!$D$149 -> 478 | D84: 449 | E84: 1793 | F84: 470 | G84: 529 | H84: =H78*G84/G78 -> 554.47475 | I84: 3Q26E: split at 2Q26A mix
B85: Year-ago (as restated) | C85: n.a. | D85: 440 | E85: 1777 | F85: 408 | G85: 458 | H85: =C84 -> 478
B86: % Y/Y | C86: =IF(AND(ISNUMBER(C84),ISNUMBER(C85)),IF(C85=0,"n.m.",C84/C85-1),"n.a.") -> n.a. | D86: =IF(AND(ISNUMBER(D84),ISNUMBER(D85)),IF(D85=0,"n.m.",D84/D85-1),"n.a.") -> 0.020454545 | E86: =IF(AND(ISNUMBER(E84),ISNUMBER(E85)),IF(E85=0,"n.m.",E84/E85-1),"n.a.") -> 0.0090039392 | F86: =IF(AND(ISNUMBER(F84),ISNUMBER(F85)),IF(F85=0,"n.m.",F84/F85-1),"n.a.") -> 0.15196078 | G86: =IF(AND(ISNUMBER(G84),ISNUMBER(G85)),IF(G85=0,"n.m.",G84/G85-1),"n.a.") -> 0.15502183 | H86: =IF(AND(ISNUMBER(H84),ISNUMBER(H85)),IF(H85=0,"n.m.",H84/H85-1),"n.a.") -> 0.15998902
B87: Δ Q/Q ($) | C87: =IF(AND(ISNUMBER(C84),ISNUMBER(G85)),(C84-G85),"n.a.") -> 20 | D87: =IF(AND(ISNUMBER(D84),ISNUMBER(C84)),(D84-C84),"n.a.") -> -29 | F87: =IF(AND(ISNUMBER(F84),ISNUMBER(D84)),(F84-D84),"n.a.") -> 21 | G87: =IF(AND(ISNUMBER(G84),ISNUMBER(F84)),(G84-F84),"n.a.") -> 59 | H87: =IF(AND(ISNUMBER(H84),ISNUMBER(G84)),(H84-G84),"n.a.") -> 25.474751
B88: % of third-party revenues | C88: =IF(AND(ISNUMBER(C84),ISNUMBER(C95)),IF(C95=0,"n.m.",C84/C95),"n.a.") -> 0.10785199 | D88: =IF(AND(ISNUMBER(D84),ISNUMBER(D95)),IF(D95=0,"n.m.",D84/D95),"n.a.") -> 0.097396963 | E88: =IF(AND(ISNUMBER(E84),ISNUMBER(E95)),IF(E95=0,"n.m.",E84/E95),"n.a.") -> 0.10493358 | F88: =IF(AND(ISNUMBER(F84),ISNUMBER(F95)),IF(F95=0,"n.m.",F84/F95),"n.a.") -> 0.10331941 | G88: =IF(AND(ISNUMBER(G84),ISNUMBER(G95)),IF(G95=0,"n.m.",G84/G95),"n.a.") -> 0.10350225 | H88: =IF(AND(ISNUMBER(H84),ISNUMBER(H95)),IF(H95=0,"n.m.",H84/H95),"n.a.") -> 0.10350225
B89: Organic/M&A/FX: not disclosed | C89: n.a. | D89: n.a. | E89: n.a. | F89: n.a. | G89: n.a. | H89: n.a.
B90: AMEA excluding China | C90: =C78-C84 -> 641 | D90: =D78-D84 -> 771 | E90: =E78-E84 -> 2555 | F90: =F78-F84 -> 629 | G90: =G78-G84 -> 787 | H90: =H78-H84 -> 824.89911
B91: Year-ago (derived) | C91: =IF(COUNT(C79,C85)=2,C79-C85,"n.a.") -> n.a. | D91: =IF(COUNT(D79,D85)=2,D79-D85,"n.a.") -> 677 | E91: =IF(COUNT(E79,E85)=2,E79-E85,"n.a.") -> 2270 | F91: =IF(COUNT(F79,F85)=2,F79-F85,"n.a.") -> 527 | G91: =IF(COUNT(G79,G85)=2,G79-G85,"n.a.") -> 616 | H91: =IF(COUNT(H79,H85)=2,H79-H85,"n.a.") -> 641
B92: % Y/Y | C92: =IF(AND(ISNUMBER(C90),ISNUMBER(C91)),IF(C91=0,"n.m.",C90/C91-1),"n.a.") -> n.a. | D92: =IF(AND(ISNUMBER(D90),ISNUMBER(D91)),IF(D91=0,"n.m.",D90/D91-1),"n.a.") -> 0.13884786 | E92: =IF(AND(ISNUMBER(E90),ISNUMBER(E91)),IF(E91=0,"n.m.",E90/E91-1),"n.a.") -> 0.12555066 | F92: =IF(AND(ISNUMBER(F90),ISNUMBER(F91)),IF(F91=0,"n.m.",F90/F91-1),"n.a.") -> 0.19354839 | G92: =IF(AND(ISNUMBER(G90),ISNUMBER(G91)),IF(G91=0,"n.m.",G90/G91-1),"n.a.") -> 0.2775974 | H92: =IF(AND(ISNUMBER(H90),ISNUMBER(H91)),IF(H91=0,"n.m.",H90/H91-1),"n.a.") -> 0.28689409
B93: Δ Q/Q ($) | C93: =IF(AND(ISNUMBER(C90),ISNUMBER(G91)),(C90-G91),"n.a.") -> 25 | D93: =IF(AND(ISNUMBER(D90),ISNUMBER(C90)),(D90-C90),"n.a.") -> 130 | F93: =IF(AND(ISNUMBER(F90),ISNUMBER(D90)),(F90-D90),"n.a.") -> -142 | G93: =IF(AND(ISNUMBER(G90),ISNUMBER(F90)),(G90-F90),"n.a.") -> 158 | H93: =IF(AND(ISNUMBER(H90),ISNUMBER(G90)),(H90-G90),"n.a.") -> 37.899109
B94: Organic/M&A/FX: not disclosed | C94: n.a. | D94: n.a. | E94: n.a. | F94: n.a. | G94: n.a. | H94: n.a.
B95: Third-party revenues | C95: =C55+C61+C78 -> 4432 | D95: =D55+D61+D78 -> 4610 | E95: =E55+E61+E78 -> 17087 | F95: =F55+F61+F78 -> 4549 | G95: =G55+G61+G78 -> 5111 | H95: =H36-H115 -> 5357.1275 | I95: Historical = sum of regions; 3Q26E = total revenues less intersegment
B96: Year-ago (derived from regions) | C96: =IF(COUNT(C56,C62,C79)=3,C56+C62+C79,"n.a.") -> n.a. | D96: =IF(COUNT(D56,D62,D79)=3,D56+D62+D79,"n.a.") -> 3983 | E96: =IF(COUNT(E56,E62,E79)=3,E56+E62+E79,"n.a.") -> 15190 | F96: =IF(COUNT(F56,F62,F79)=3,F56+F62+F79,"n.a.") -> 3781 | G96: =IF(COUNT(G56,G62,G79)=3,G56+G62+G79,"n.a.") -> 4264 | H96: =IF(COUNT(H56,H62,H79)=3,H56+H62+H79,"n.a.") -> 4432
B97: % Y/Y | C97: =IF(AND(ISNUMBER(C95),ISNUMBER(C96)),IF(C96=0,"n.m.",C95/C96-1),"n.a.") -> n.a. | D97: =IF(AND(ISNUMBER(D95),ISNUMBER(D96)),IF(D96=0,"n.m.",D95/D96-1),"n.a.") -> 0.15741903 | E97: =IF(AND(ISNUMBER(E95),ISNUMBER(E96)),IF(E96=0,"n.m.",E95/E96-1),"n.a.") -> 0.12488479 | F97: =IF(AND(ISNUMBER(F95),ISNUMBER(F96)),IF(F96=0,"n.m.",F95/F96-1),"n.a.") -> 0.20312087 | G97: =IF(AND(ISNUMBER(G95),ISNUMBER(G96)),IF(G96=0,"n.m.",G95/G96-1),"n.a.") -> 0.19863977 | H97: =IF(AND(ISNUMBER(H95),ISNUMBER(H96)),IF(H96=0,"n.m.",H95/H96-1),"n.a.") -> 0.20873816
B98: Δ Q/Q ($) | C98: =IF(AND(ISNUMBER(C95),ISNUMBER(G96)),(C95-G96),"n.a.") -> 168 | D98: =IF(AND(ISNUMBER(D95),ISNUMBER(C95)),(D95-C95),"n.a.") -> 178 | F98: =IF(AND(ISNUMBER(F95),ISNUMBER(D95)),(F95-D95),"n.a.") -> -61 | G98: =IF(AND(ISNUMBER(G95),ISNUMBER(F95)),(G95-F95),"n.a.") -> 562 | H98: =IF(AND(ISNUMBER(H95),ISNUMBER(G95)),(H95-G95),"n.a.") -> 246.12751
B99: Organic/M&A/FX: not disclosed | C99: n.a. | D99: n.a. | E99: n.a. | F99: n.a. | G99: n.a. | H99: n.a.
B101: Third-party revenues by type
B102: Products | C102: =E102-D102-Inputs!$D$150 -> 4119 | D102: 4238 | E102: 15838 | F102: 4260 | G102: 4774 | H102: =H95*G102/G95 -> 5003.8988
B103: Year-ago (as restated) | C103: n.a. | D103: 3685 | E103: 14129 | F103: 3522 | G103: 3959 | H103: =C102 -> 4119
B104: % Y/Y | C104: =IF(AND(ISNUMBER(C102),ISNUMBER(C103)),IF(C103=0,"n.m.",C102/C103-1),"n.a.") -> n.a. | D104: =IF(AND(ISNUMBER(D102),ISNUMBER(D103)),IF(D103=0,"n.m.",D102/D103-1),"n.a.") -> 0.15006784 | E104: =IF(AND(ISNUMBER(E102),ISNUMBER(E103)),IF(E103=0,"n.m.",E102/E103-1),"n.a.") -> 0.1209569 | F104: =IF(AND(ISNUMBER(F102),ISNUMBER(F103)),IF(F103=0,"n.m.",F102/F103-1),"n.a.") -> 0.20954003 | G104: =IF(AND(ISNUMBER(G102),ISNUMBER(G103)),IF(G103=0,"n.m.",G102/G103-1),"n.a.") -> 0.20586007 | H104: =IF(AND(ISNUMBER(H102),ISNUMBER(H103)),IF(H103=0,"n.m.",H102/H103-1),"n.a.") -> 0.2148334
B105: Δ Q/Q ($) | C105: =IF(AND(ISNUMBER(C102),ISNUMBER(G103)),(C102-G103),"n.a.") -> 160 | D105: =IF(AND(ISNUMBER(D102),ISNUMBER(C102)),(D102-C102),"n.a.") -> 119 | F105: =IF(AND(ISNUMBER(F102),ISNUMBER(D102)),(F102-D102),"n.a.") -> 22 | G105: =IF(AND(ISNUMBER(G102),ISNUMBER(F102)),(G102-F102),"n.a.") -> 514 | H105: =IF(AND(ISNUMBER(H102),ISNUMBER(G102)),(H102-G102),"n.a.") -> 229.89879
B106: % of third-party revenues | C106: =IF(AND(ISNUMBER(C102),ISNUMBER(C95)),IF(C95=0,"n.m.",C102/C95),"n.a.") -> 0.92937726 | D106: =IF(AND(ISNUMBER(D102),ISNUMBER(D95)),IF(D95=0,"n.m.",D102/D95),"n.a.") -> 0.91930586 | E106: =IF(AND(ISNUMBER(E102),ISNUMBER(E95)),IF(E95=0,"n.m.",E102/E95),"n.a.") -> 0.92690349 | F106: =IF(AND(ISNUMBER(F102),ISNUMBER(F95)),IF(F95=0,"n.m.",F102/F95),"n.a.") -> 0.93646955 | G106: =IF(AND(ISNUMBER(G102),ISNUMBER(G95)),IF(G95=0,"n.m.",G102/G95),"n.a.") -> 0.93406378 | H106: =IF(AND(ISNUMBER(H102),ISNUMBER(H95)),IF(H95=0,"n.m.",H102/H95),"n.a.") -> 0.93406378
...

Sheet Segment - Motion
B2: ABB Ltd (SWX:ABBN)
B3: Segment - Motion: orders, backlog, revenue build and operational profitability
B4: $ millions, except per share
B6: Period | C6: 3Q25A | D6: 4Q25A | E6: FY25A | F6: 1Q26A | G6: 2Q26A | H6: 3Q26E | I6: Notes
B7: Period end | C7: =DATE(2025,9,30) -> 45930 | D7: =DATE(2025,12,31) -> 46022 | E7: =DATE(2025,12,31) -> 46022 | F7: =DATE(2026,3,31) -> 46112 | G7: =DATE(2026,6,30) -> 46203 | H7: =DATE(2026,9,30) -> 46295
B8: Days in period | C8: =C7-DATE(2025,6,30) -> 92 | D8: =D7-C7 -> 92 | E8: =E7-DATE(2024,12,31) -> 365 | F8: =F7-D7 -> 90 | G8: =G7-F7 -> 91 | H8: =H7-G7 -> 92
B10: Order intake and order backlog ladder
B11: Opening order backlog | C11: =G24 -> 6102 | D11: =C23 -> 6176 | E11: =D24 -> 5239 | F11: =D23 -> 6285 | G11: =F23 -> 6597 | H11: =G23 -> 6953
B12: (+) Orders received | C12: =E12-D12-Inputs!$D$160 -> 2162 | D12: 2189 | E12: 8619 | F12: 2548 | G12: 2592 | H12: =C12*(1+H16)*(1+H45)*(1+H48) -> 2440.7631 | I12: 3Q26E = 3Q25A orders x (1+comparable order growth) x (1+M&A) x (1+FX)
B13: Year-ago orders | C13: 1806 | D13: 1866 | E13: 7989 | F13: 2156 | G13: 2112 | H13: =C12 -> 2162
B14: % Y/Y | C14: =IF(AND(ISNUMBER(C12),ISNUMBER(C13)),IF(C13=0,"n.m.",C12/C13-1),"n.a.") -> 0.19712071 | D14: =IF(AND(ISNUMBER(D12),ISNUMBER(D13)),IF(D13=0,"n.m.",D12/D13-1),"n.a.") -> 0.17309753 | E14: =IF(AND(ISNUMBER(E12),ISNUMBER(E13)),IF(E13=0,"n.m.",E12/E13-1),"n.a.") -> 0.07885843 | F14: =IF(AND(ISNUMBER(F12),ISNUMBER(F13)),IF(F13=0,"n.m.",F12/F13-1),"n.a.") -> 0.18181818 | G14: =IF(AND(ISNUMBER(G12),ISNUMBER(G13)),IF(G13=0,"n.m.",G12/G13-1),"n.a.") -> 0.22727273 | H14: =IF(AND(ISNUMBER(H12),ISNUMBER(H13)),IF(H13=0,"n.m.",H12/H13-1),"n.a.") -> 0.1289376
B15: Δ Q/Q ($) | C15: =IF(AND(ISNUMBER(C12),ISNUMBER(G13)),(C12-G13),"n.a.") -> 50 | D15: =IF(AND(ISNUMBER(D12),ISNUMBER(C12)),(D12-C12),"n.a.") -> 27 | F15: =IF(AND(ISNUMBER(F12),ISNUMBER(D12)),(F12-D12),"n.a.") -> 359 | G15: =IF(AND(ISNUMBER(G12),ISNUMBER(F12)),(G12-F12),"n.a.") -> 44 | H15: =IF(AND(ISNUMBER(H12),ISNUMBER(G12)),(H12-G12),"n.a.") -> -151.23691
B16: Comparable order growth (driver) | C16: 0.17 | D16: 0.13 | E16: 0.06 | F16: 0.09 | G16: 0.2 | H16: 0.12 | I16: 3Q26E assumption anchored on 1H26 trend and backlog
B17: Δ Q/Q (bps) | C17: n.a. | D17: =IF(AND(ISNUMBER(D16),ISNUMBER(C16)),(D16-C16)*10000,"n.a.") -> -400 | F17: =IF(AND(ISNUMBER(F16),ISNUMBER(D16)),(F16-D16)*10000,"n.a.") -> -400 | G17: =IF(AND(ISNUMBER(G16),ISNUMBER(F16)),(G16-F16)*10000,"n.a.") -> 1100 | H17: =IF(AND(ISNUMBER(H16),ISNUMBER(G16)),(H16-G16)*10000,"n.a.") -> -800
B18: Δ Y/Y (bps) | C18: n.a. | D18: n.a. | E18: n.a. | F18: n.a. | G18: n.a. | H18: =IF(AND(ISNUMBER(H16),ISNUMBER(C16)),(H16-C16)*10000,"n.a.") -> -500
B19: (−) Revenues recognized | C19: =-C36 -> -2082 | D19: =-D36 -> -2260 | E19: =-E36 -> -8247 | F19: =-F36 -> -2142 | G19: =-G36 -> -2217 | H19: =-H36 -> -2224.5312
B20: (+/−) FX, scope & other adjustments | C20: =IF(COUNT(C23,C11,C12,C19)=4,C23-C11-C12-C19,"n.a.") -> -6 | D20: =IF(COUNT(D23,D11,D12,D19)=4,D23-D11-D12-D19,"n.a.") -> 180 | E20: =IF(COUNT(E23,E11,E12,E19)=4,E23-E11-E12-E19,"n.a.") -> 674 | F20: =IF(COUNT(F23,F11,F12,F19)=4,F23-F11-F12-F19,"n.a.") -> -94 | G20: =IF(COUNT(G23,G11,G12,G19)=4,G23-G11-G12-G19,"n.a.") -> -19 | H20: 0 | I20: Historical = closing − opening − orders + revenue (derived); 3Q26E assumed nil
B21: Δ Y/Y ($) | C21: n.a. | D21: n.a. | E21: n.a. | F21: n.a. | G21: n.a. | H21: =IF(AND(ISNUMBER(H20),ISNUMBER(C20)),(H20-C20),"n.a.") -> 6
B22: Δ Q/Q ($) | C22: n.a. | D22: =IF(AND(ISNUMBER(D20),ISNUMBER(C20)),(D20-C20),"n.a.") -> 186 | F22: =IF(AND(ISNUMBER(F20),ISNUMBER(D20)),(F20-D20),"n.a.") -> -274 | G22: =IF(AND(ISNUMBER(G20),ISNUMBER(F20)),(G20-F20),"n.a.") -> 75 | H22: =IF(AND(ISNUMBER(H20),ISNUMBER(G20)),(H20-G20),"n.a.") -> 19
B23: Closing order backlog | C23: 6176 | D23: 6285 | E23: =D23 -> 6285 | F23: 6597 | G23: 6953 | H23: =H11+H12+H19+H20 -> 7169.2319
B24: Year-ago closing backlog | C24: 5750 | D24: 5239 | E24: =D24 -> 5239 | F24: 5716 | G24: 6102 | H24: =C23 -> 6176
B25: % Y/Y | C25: =IF(AND(ISNUMBER(C23),ISNUMBER(C24)),IF(C24=0,"n.m.",C23/C24-1),"n.a.") -> 0.074086957 | D25: =IF(AND(ISNUMBER(D23),ISNUMBER(D24)),IF(D24=0,"n.m.",D23/D24-1),"n.a.") -> 0.19965642 | E25: =IF(AND(ISNUMBER(E23),ISNUMBER(E24)),IF(E24=0,"n.m.",E23/E24-1),"n.a.") -> 0.19965642 | F25: =IF(AND(ISNUMBER(F23),ISNUMBER(F24)),IF(F24=0,"n.m.",F23/F24-1),"n.a.") -> 0.15412876 | G25: =IF(AND(ISNUMBER(G23),ISNUMBER(G24)),IF(G24=0,"n.m.",G23/G24-1),"n.a.") -> 0.13946247 | H25: =IF(AND(ISNUMBER(H23),ISNUMBER(H24)),IF(H24=0,"n.m.",H23/H24-1),"n.a.") -> 0.16082122
B26: Δ Q/Q ($) | C26: =IF(AND(ISNUMBER(C23),ISNUMBER(C11)),(C23-C11),"n.a.") -> 74 | D26: =IF(AND(ISNUMBER(D23),ISNUMBER(C23)),(D23-C23),"n.a.") -> 109 | F26: =IF(AND(ISNUMBER(F23),ISNUMBER(D23)),(F23-D23),"n.a.") -> 312 | G26: =IF(AND(ISNUMBER(G23),ISNUMBER(F23)),(G23-F23),"n.a.") -> 356 | H26: =IF(AND(ISNUMBER(H23),ISNUMBER(G23)),(H23-G23),"n.a.") -> 216.23187
B27: Average order backlog | C27: =IF(COUNT(C11,C23)=2,AVERAGE(C11,C23),"n.a.") -> 6139 | D27: =IF(COUNT(D11,D23)=2,AVERAGE(D11,D23),"n.a.") -> 6230.5 | E27: =IF(COUNT(E11,E23)=2,AVERAGE(E11,E23),"n.a.") -> 5762 | F27: =IF(COUNT(F11,F23)=2,AVERAGE(F11,F23),"n.a.") -> 6441 | G27: =IF(COUNT(G11,G23)=2,AVERAGE(G11,G23),"n.a.") -> 6775 | H27: =IF(COUNT(H11,H23)=2,AVERAGE(H11,H23),"n.a.") -> 7061.1159
B28: Book-to-bill (orders / revenues) | C28: =IF(AND(ISNUMBER(C12),ISNUMBER(C36)),IF(C36=0,"n.m.",C12/C36),"n.a.") -> 1.0384246 | D28: =IF(AND(ISNUMBER(D12),ISNUMBER(D36)),IF(D36=0,"n.m.",D12/D36),"n.a.") -> 0.96858407 | E28: =IF(AND(ISNUMBER(E12),ISNUMBER(E36)),IF(E36=0,"n.m.",E12/E36),"n.a.") -> 1.0451073 | F28: =IF(AND(ISNUMBER(F12),ISNUMBER(F36)),IF(F36=0,"n.m.",F12/F36),"n.a.") -> 1.1895425 | G28: =IF(AND(ISNUMBER(G12),ISNUMBER(G36)),IF(G36=0,"n.m.",G12/G36),"n.a.") -> 1.1691475 | H28: =IF(AND(ISNUMBER(H12),ISNUMBER(H36)),IF(H36=0,"n.m.",H12/H36),"n.a.") -> 1.0972033
B29: Δ Q/Q (x) | C29: n.a. | D29: =IF(AND(ISNUMBER(D28),ISNUMBER(C28)),(D28-C28),"n.a.") -> -0.069840521 | F29: =IF(AND(ISNUMBER(F28),ISNUMBER(D28)),(F28-D28),"n.a.") -> 0.22095841 | G29: =IF(AND(ISNUMBER(G28),ISNUMBER(F28)),(G28-F28),"n.a.") -> -0.020394987 | H29: =IF(AND(ISNUMBER(H28),ISNUMBER(G28)),(H28-G28),"n.a.") -> -0.071944154
B30: Δ Y/Y (x) | C30: =IF(COUNT(C28,C13,C37)=3,C28-C13/C37,"n.a.") -> 0.12120773 | D30: =IF(COUNT(D28,D13,D37)=3,D28-D13/D37,"n.a.") -> 0.052980538 | E30: =IF(COUNT(E28,E13,E37)=3,E28-E13/E37,"n.a.") -> 0.019166641 | F30: =IF(COUNT(F28,F13,F37)=3,F28-F13/F37,"n.a.") -> 0.017803353 | G30: =IF(COUNT(G28,G13,G37)=3,G28-G13/G37,"n.a.") -> 0.14638721 | H30: =IF(COUNT(H28,H13,H37)=3,H28-H13/H37,"n.a.") -> 0.05877875
B31: Backlog conversion (rev./opening; FY25A = annual) | C31: =IF(AND(ISNUMBER(C36),ISNUMBER(C11)),IF(C11=0,"n.m.",C36/C11),"n.a.") -> 0.34119961 | D31: =IF(AND(ISNUMBER(D36),ISNUMBER(D11)),IF(D11=0,"n.m.",D36/D11),"n.a.") -> 0.36593264 | E31: =IF(AND(ISNUMBER(E36),ISNUMBER(E11)),IF(E11=0,"n.m.",E36/E11),"n.a.") -> 1.5741554 | F31: =IF(AND(ISNUMBER(F36),ISNUMBER(F11)),IF(F11=0,"n.m.",F36/F11),"n.a.") -> 0.34081146 | G31: =IF(AND(ISNUMBER(G36),ISNUMBER(G11)),IF(G11=0,"n.m.",G36/G11),"n.a.") -> 0.33606185 | H31: =IF(AND(ISNUMBER(H36),ISNUMBER(H11)),IF(H11=0,"n.m.",H36/H11),"n.a.") -> 0.31993833 | I31: FY25A = annual ratio (FY revenue ÷ Dec-24 opening backlog); not comparable with quarterly ratios, so FY Δ cells are blank
B32: Δ Q/Q (bps) | C32: n.a. | D32: =IF(AND(ISNUMBER(D31),ISNUMBER(C31)),(D31-C31)*10000,"n.a.") -> 247.33036 | F32: =IF(AND(ISNUMBER(F31),ISNUMBER(D31)),(F31-D31)*10000,"n.a.") -> -251.21187 | G32: =IF(AND(ISNUMBER(G31),ISNUMBER(F31)),(G31-F31)*10000,"n.a.") -> -47.496096 | H32: =IF(AND(ISNUMBER(H31),ISNUMBER(G31)),(H31-G31)*10000,"n.a.") -> -161.23514
B33: Δ Y/Y (bps) | C33: n.a. | D33: n.a. | E33: n.a. | F33: n.a. | G33: n.a. | H33: =IF(AND(ISNUMBER(H31),ISNUMBER(C31)),(H31-C31)*10000,"n.a.") -> -212.61275
B35: Revenue build
B36: Total revenues (incl. interseg.) | C36: =E36-D36-Inputs!$D$161 -> 2082 | D36: 2260 | E36: 8247 | F36: 2142 | G36: 2217 | H36: =C36*(1+H42)*(1+H45)*(1+H48) -> 2224.5312 | I36: 3Q26E = 3Q25A x (1+comparable) x (1+M&A) x (1+FX); cross-check vs backlog conversion
B37: Year-ago (as restated) | C37: 1969 | D37: 2038 | E37: 7787 | F37: 1840 | G37: 2065 | H37: =C36 -> 2082
B38: % Y/Y | C38: =IF(AND(ISNUMBER(C36),ISNUMBER(C37)),IF(C37=0,"n.m.",C36/C37-1),"n.a.") -> 0.057389538 | D38: =IF(AND(ISNUMBER(D36),ISNUMBER(D37)),IF(D37=0,"n.m.",D36/D37-1),"n.a.") -> 0.10893032 | E38: =IF(AND(ISNUMBER(E36),ISNUMBER(E37)),IF(E37=0,"n.m.",E36/E37-1),"n.a.") -> 0.059072814 | F38: =IF(AND(ISNUMBER(F36),ISNUMBER(F37)),IF(F37=0,"n.m.",F36/F37-1),"n.a.") -> 0.16413043 | G38: =IF(AND(ISNUMBER(G36),ISNUMBER(G37)),IF(G37=0,"n.m.",G36/G37-1),"n.a.") -> 0.073607748 | H38: =IF(AND(ISNUMBER(H36),ISNUMBER(H37)),IF(H37=0,"n.m.",H36/H37-1),"n.a.") -> 0.0684588
B39: % Q/Q | C39: =IF(AND(ISNUMBER(C36),ISNUMBER(G37)),IF(G37=0,"n.m.",C36/G37-1),"n.a.") -> 0.0082324455 | D39: =IF(AND(ISNUMBER(D36),ISNUMBER(C36)),IF(C36=0,"n.m.",D36/C36-1),"n.a.") -> 0.085494717 | F39: =IF(AND(ISNUMBER(F36),ISNUMBER(D36)),IF(D36=0,"n.m.",F36/D36-1),"n.a.") -> -0.052212389 | G39: =IF(AND(ISNUMBER(G36),ISNUMBER(F36)),IF(F36=0,"n.m.",G36/F36-1),"n.a.") -> 0.035014006 | H39: =IF(AND(ISNUMBER(H36),ISNUMBER(G36)),IF(G36=0,"n.m.",H36/G36-1),"n.a.") -> 0.0033970327
B40: % of group revenues | C40: =IF(AND(ISNUMBER(C36),ISNUMBER('Revenue summary'!C46)),IF('Revenue summary'!C46=0,"n.m.",C36/'Revenue summary'!C46),"n.a.") -> 0.2452008 | D40: =IF(AND(ISNUMBER(D36),ISNUMBER('Revenue summary'!D46)),IF('Revenue summary'!D46=0,"n.m.",D36/'Revenue summary'!D46),"n.a.") -> 0.24966858 | E40: =IF(AND(ISNUMBER(E36),ISNUMBER('Revenue summary'!E46)),IF('Revenue summary'!E46=0,"n.m.",E36/'Revenue summary'!E46),"n.a.") -> 0.24825406 | F40: =IF(AND(ISNUMBER(F36),ISNUMBER('Revenue summary'!F46)),IF('Revenue summary'!F46=0,"n.m.",F36/'Revenue summary'!F46),"n.a.") -> 0.24524845 | G40: =IF(AND(ISNUMBER(G36),ISNUMBER('Revenue summary'!G46)),IF('Revenue summary'!G46=0,"n.m.",G36/'Revenue summary'!G46),"n.a.") -> 0.23398417 | H40: =IF(AND(ISNUMBER(H36),ISNUMBER('Revenue summary'!H46)),IF('Revenue summary'!H46=0,"n.m.",H36/'Revenue summary'!H46),"n.a.") -> 0.22982811
B41: Local-currency growth | C41: 0.03 | D41: 0.07 | E41: 0.04 | F41: 0.1 | G41: 0.05 | H41: =(1+H42)*(1+H45)-1 -> 0.0706
B42: Comparable growth (issuer/driver) | C42: 0.03 | D42: 0.06 | E42: 0.04 | F42: 0.07 | G42: 0.04 | H42: 0.06 | I42: 3Q26E driver. Group guide: low- to mid-teens comparable growth (16-Jul-26)
B43: Δ Q/Q (bps) | C43: n.a. | D43: =IF(AND(ISNUMBER(D42),ISNUMBER(C42)),(D42-C42)*10000,"n.a.") -> 300 | F43: =IF(AND(ISNUMBER(F42),ISNUMBER(D42)),(F42-D42)*10000,"n.a.") -> 100 | G43: =IF(AND(ISNUMBER(G42),ISNUMBER(F42)),(G42-F42)*10000,"n.a.") -> -300 | H43: =IF(AND(ISNUMBER(H42),ISNUMBER(G42)),(H42-G42)*10000,"n.a.") -> 200
B44: Δ Y/Y (bps) | C44: n.a. | D44: n.a. | E44: n.a. | F44: n.a. | G44: n.a. | H44: =IF(AND(ISNUMBER(H42),ISNUMBER(C42)),(H42-C42)*10000,"n.a.") -> 300
B45: M&A / portfolio impact | C45: =IF(AND(ISNUMBER(C41),ISNUMBER(C42)),(1+C41)/(1+C42)-1,"n.a.") -> 0 | D45: =IF(AND(ISNUMBER(D41),ISNUMBER(D42)),(1+D41)/(1+D42)-1,"n.a.") -> 0.0094339623 | E45: =IF(AND(ISNUMBER(E41),ISNUMBER(E42)),(1+E41)/(1+E42)-1,"n.a.") -> 0 | F45: =IF(AND(ISNUMBER(F41),ISNUMBER(F42)),(1+F41)/(1+F42)-1,"n.a.") -> 0.028037383 | G45: =IF(AND(ISNUMBER(G41),ISNUMBER(G42)),(1+G41)/(1+G42)-1,"n.a.") -> 0.0096153846 | H45: 0.01
B46: Δ Y/Y (bps) | C46: n.a. | D46: n.a. | E46: n.a. | F46: n.a. | G46: n.a. | H46: =IF(AND(ISNUMBER(H45),ISNUMBER(C45)),(H45-C45)*10000,"n.a.") -> 100
B47: Δ Q/Q (bps) | C47: n.a. | D47: =IF(AND(ISNUMBER(D45),ISNUMBER(C45)),(D45-C45)*10000,"n.a.") -> 94.339623 | F47: =IF(AND(ISNUMBER(F45),ISNUMBER(D45)),(F45-D45)*10000,"n.a.") -> 186.03421 | G47: =IF(AND(ISNUMBER(G45),ISNUMBER(F45)),(G45-F45)*10000,"n.a.") -> -184.21999 | H47: =IF(AND(ISNUMBER(H45),ISNUMBER(G45)),(H45-G45)*10000,"n.a.") -> 3.8461538
B48: FX impact | C48: =IF(AND(ISNUMBER(C38),ISNUMBER(C41)),(1+C38)/(1+C41)-1,"n.a.") -> 0.026591784 | D48: =IF(AND(ISNUMBER(D38),ISNUMBER(D41)),(1+D38)/(1+D41)-1,"n.a.") -> 0.03638348 | E48: =IF(AND(ISNUMBER(E38),ISNUMBER(E41)),(1+E38)/(1+E41)-1,"n.a.") -> 0.018339244 | F48: =IF(AND(ISNUMBER(F38),ISNUMBER(F41)),(1+F38)/(1+F41)-1,"n.a.") -> 0.058300395 | G48: =IF(AND(ISNUMBER(G38),ISNUMBER(G41)),(1+G38)/(1+G41)-1,"n.a.") -> 0.02248357 | H48: ='Revenue summary'!H57 -> -0.002
B49: Δ Y/Y (bps) | C49: n.a. | D49: n.a. | E49: n.a. | F49: n.a. | G49: n.a. | H49: =IF(AND(ISNUMBER(H48),ISNUMBER(C48)),(H48-C48)*10000,"n.a.") -> -285.91784
B50: Δ Q/Q (bps) | C50: n.a. | D50: =IF(AND(ISNUMBER(D48),ISNUMBER(C48)),(D48-C48)*10000,"n.a.") -> 97.916959 | F50: =IF(AND(ISNUMBER(F48),ISNUMBER(D48)),(F48-D48)*10000,"n.a.") -> 219.16915 | G50: =IF(AND(ISNUMBER(G48),ISNUMBER(F48)),(G48-F48)*10000,"n.a.") -> -358.16826 | H50: =IF(AND(ISNUMBER(H48),ISNUMBER(G48)),(H48-G48)*10000,"n.a.") -> -244.8357
B51: Organic growth (formula) | C51: =IF(COUNT(C38,C45,C48)=3,(1+C38)/((1+C45)*(1+C48))-1,"n.a.") -> 0.03 | D51: =IF(COUNT(D38,D45,D48)=3,(1+D38)/((1+D45)*(1+D48))-1,"n.a.") -> 0.06 | E51: =IF(COUNT(E38,E45,E48)=3,(1+E38)/((1+E45)*(1+E48))-1,"n.a.") -> 0.04 | F51: =IF(COUNT(F38,F45,F48)=3,(1+F38)/((1+F45)*(1+F48))-1,"n.a.") -> 0.07 | G51: =IF(COUNT(G38,G45,G48)=3,(1+G38)/((1+G45)*(1+G48))-1,"n.a.") -> 0.04 | H51: =IF(COUNT(H38,H45,H48)=3,(1+H38)/((1+H45)*(1+H48))-1,"n.a.") -> 0.06
B52: Δ Q/Q ($) | C52: =IF(AND(ISNUMBER(C36),ISNUMBER(G37)),(C36-G37),"n.a.") -> 17 | D52: =IF(AND(ISNUMBER(D36),ISNUMBER(C36)),(D36-C36),"n.a.") -> 178 | F52: =IF(AND(ISNUMBER(F36),ISNUMBER(D36)),(F36-D36),"n.a.") -> -118 | G52: =IF(AND(ISNUMBER(G36),ISNUMBER(F36)),(G36-F36),"n.a.") -> 75 | H52: =IF(AND(ISNUMBER(H36),ISNUMBER(G36)),(H36-G36),"n.a.") -> 7.5312216
B54: Third-party revenues by region
B55: Europe | C55: =E55-D55-Inputs!$D$162 -> 669 | D55: 782 | E55: 2610 | F55: 663 | G55: 653 | H55: =H95*G55/G95 -> 655.21826 | I55: 3Q26E: split at 2Q26A mix
B56: Year-ago (as restated) | C56: n.a. | D56: 620 | E56: 2241 | F56: 540 | G56: 619 | H56: =C55 -> 669
B57: % Y/Y | C57: =IF(AND(ISNUMBER(C55),ISNUMBER(C56)),IF(C56=0,"n.m.",C55/C56-1),"n.a.") -> n.a. | D57: =IF(AND(ISNUMBER(D55),ISNUMBER(D56)),IF(D56=0,"n.m.",D55/D56-1),"n.a.") -> 0.26129032 | E57: =IF(AND(ISNUMBER(E55),ISNUMBER(E56)),IF(E56=0,"n.m.",E55/E56-1),"n.a.") -> 0.16465863 | F57: =IF(AND(ISNUMBER(F55),ISNUMBER(F56)),IF(F56=0,"n.m.",F55/F56-1),"n.a.") -> 0.22777778 | G57: =IF(AND(ISNUMBER(G55),ISNUMBER(G56)),IF(G56=0,"n.m.",G55/G56-1),"n.a.") -> 0.054927302 | H57: =IF(AND(ISNUMBER(H55),ISNUMBER(H56)),IF(H56=0,"n.m.",H55/H56-1),"n.a.") -> -0.020600505
B58: Δ Q/Q ($) | C58: =IF(AND(ISNUMBER(C55),ISNUMBER(G56)),(C55-G56),"n.a.") -> 50 | D58: =IF(AND(ISNUMBER(D55),ISNUMBER(C55)),(D55-C55),"n.a.") -> 113 | F58: =IF(AND(ISNUMBER(F55),ISNUMBER(D55)),(F55-D55),"n.a.") -> -119 | G58: =IF(AND(ISNUMBER(G55),ISNUMBER(F55)),(G55-F55),"n.a.") -> -10 | H58: =IF(AND(ISNUMBER(H55),ISNUMBER(G55)),(H55-G55),"n.a.") -> 2.2182624
B59: % of third-party revenues | C59: =IF(AND(ISNUMBER(C55),ISNUMBER(C95)),IF(C95=0,"n.m.",C55/C95),"n.a.") -> 0.34395887 | D59: =IF(AND(ISNUMBER(D55),ISNUMBER(D95)),IF(D95=0,"n.m.",D55/D95),"n.a.") -> 0.37362637 | E59: =IF(AND(ISNUMBER(E55),ISNUMBER(E95)),IF(E95=0,"n.m.",E55/E95),"n.a.") -> 0.33984375 | F59: =IF(AND(ISNUMBER(F55),ISNUMBER(F95)),IF(F95=0,"n.m.",F55/F95),"n.a.") -> 0.33586626 | G59: =IF(AND(ISNUMBER(G55),ISNUMBER(G95)),IF(G95=0,"n.m.",G55/G95),"n.a.") -> 0.31622276 | H59: =IF(AND(ISNUMBER(H55),ISNUMBER(H95)),IF(H95=0,"n.m.",H55/H95),"n.a.") -> 0.31622276
B60: Organic/M&A/FX: not disclosed | C60: n.a. | D60: n.a. | E60: n.a. | F60: n.a. | G60: n.a. | H60: n.a.
B61: The Americas | C61: =E61-D61-Inputs!$D$163 -> 684 | D61: 665 | E61: 2663 | F61: 719 | G61: 770 | H61: =H95*G61/G95 -> 772.61572 | I61: 3Q26E: split at 2Q26A mix
B62: Year-ago (as restated) | C62: n.a. | D62: 670 | E62: 2618 | F62: 635 | G62: 679 | H62: =C61 -> 684
B63: % Y/Y | C63: =IF(AND(ISNUMBER(C61),ISNUMBER(C62)),IF(C62=0,"n.m.",C61/C62-1),"n.a.") -> n.a. | D63: =IF(AND(ISNUMBER(D61),ISNUMBER(D62)),IF(D62=0,"n.m.",D61/D62-1),"n.a.") -> -0.0074626866 | E63: =IF(AND(ISNUMBER(E61),ISNUMBER(E62)),IF(E62=0,"n.m.",E61/E62-1),"n.a.") -> 0.017188694 | F63: =IF(AND(ISNUMBER(F61),ISNUMBER(F62)),IF(F62=0,"n.m.",F61/F62-1),"n.a.") -> 0.13228346 | G63: =IF(AND(ISNUMBER(G61),ISNUMBER(G62)),IF(G62=0,"n.m.",G61/G62-1),"n.a.") -> 0.13402062 | H63: =IF(AND(ISNUMBER(H61),ISNUMBER(H62)),IF(H62=0,"n.m.",H61/H62-1),"n.a.") -> 0.12955514
B64: Δ Q/Q ($) | C64: =IF(AND(ISNUMBER(C61),ISNUMBER(G62)),(C61-G62),"n.a.") -> 5 | D64: =IF(AND(ISNUMBER(D61),ISNUMBER(C61)),(D61-C61),"n.a.") -> -19 | F64: =IF(AND(ISNUMBER(F61),ISNUMBER(D61)),(F61-D61),"n.a.") -> 54 | G64: =IF(AND(ISNUMBER(G61),ISNUMBER(F61)),(G61-F61),"n.a.") -> 51 | H64: =IF(AND(ISNUMBER(H61),ISNUMBER(G61)),(H61-G61),"n.a.") -> 2.6157152
B65: % of third-party revenues | C65: =IF(AND(ISNUMBER(C61),ISNUMBER(C95)),IF(C95=0,"n.m.",C61/C95),"n.a.") -> 0.35167095 | D65: =IF(AND(ISNUMBER(D61),ISNUMBER(D95)),IF(D95=0,"n.m.",D61/D95),"n.a.") -> 0.31772575 | E65: =IF(AND(ISNUMBER(E61),ISNUMBER(E95)),IF(E95=0,"n.m.",E61/E95),"n.a.") -> 0.34674479 | F65: =IF(AND(ISNUMBER(F61),ISNUMBER(F95)),IF(F95=0,"n.m.",F61/F95),"n.a.") -> 0.36423506 | G65: =IF(AND(ISNUMBER(G61),ISNUMBER(G95)),IF(G95=0,"n.m.",G61/G95),"n.a.") -> 0.37288136 | H65: =IF(AND(ISNUMBER(H61),ISNUMBER(H95)),IF(H95=0,"n.m.",H61/H95),"n.a.") -> 0.37288136
B66: Organic/M&A/FX: not disclosed | C66: n.a. | D66: n.a. | E66: n.a. | F66: n.a. | G66: n.a. | H66: n.a.
B67: of which United States | C67: =E67-D67-Inputs!$D$164 -> 564 | D67: 534 | E67: 2185 | F67: 592 | G67: 639 | H67: =H61*G67/G61 -> 641.1707 | I67: 3Q26E: split at 2Q26A mix
B68: Year-ago (as restated) | C68: n.a. | D68: 542 | E68: 2122 | F68: 524 | G68: 563 | H68: =C67 -> 564
B69: % Y/Y | C69: =IF(AND(ISNUMBER(C67),ISNUMBER(C68)),IF(C68=0,"n.m.",C67/C68-1),"n.a.") -> n.a. | D69: =IF(AND(ISNUMBER(D67),ISNUMBER(D68)),IF(D68=0,"n.m.",D67/D68-1),"n.a.") -> -0.014760148 | E69: =IF(AND(ISNUMBER(E67),ISNUMBER(E68)),IF(E68=0,"n.m.",E67/E68-1),"n.a.") -> 0.029688973 | F69: =IF(AND(ISNUMBER(F67),ISNUMBER(F68)),IF(F68=0,"n.m.",F67/F68-1),"n.a.") -> 0.12977099 | G69: =IF(AND(ISNUMBER(G67),ISNUMBER(G68)),IF(G68=0,"n.m.",G67/G68-1),"n.a.") -> 0.13499112 | H69: =IF(AND(ISNUMBER(H67),ISNUMBER(H68)),IF(H68=0,"n.m.",H67/H68-1),"n.a.") -> 0.13682749
B70: Δ Q/Q ($) | C70: =IF(AND(ISNUMBER(C67),ISNUMBER(G68)),(C67-G68),"n.a.") -> 1 | D70: =IF(AND(ISNUMBER(D67),ISNUMBER(C67)),(D67-C67),"n.a.") -> -30 | F70: =IF(AND(ISNUMBER(F67),ISNUMBER(D67)),(F67-D67),"n.a.") -> 58 | G70: =IF(AND(ISNUMBER(G67),ISNUMBER(F67)),(G67-F67),"n.a.") -> 47 | H70: =IF(AND(ISNUMBER(H67),ISNUMBER(G67)),(H67-G67),"n.a.") -> 2.1707039
B71: % of third-party revenues | C71: =IF(AND(ISNUMBER(C67),ISNUMBER(C95)),IF(C95=0,"n.m.",C67/C95),"n.a.") -> 0.28997429 | D71: =IF(AND(ISNUMBER(D67),ISNUMBER(D95)),IF(D95=0,"n.m.",D67/D95),"n.a.") -> 0.25513617 | E71: =IF(AND(ISNUMBER(E67),ISNUMBER(E95)),IF(E95=0,"n.m.",E67/E95),"n.a.") -> 0.28450521 | F71: =IF(AND(ISNUMBER(F67),ISNUMBER(F95)),IF(F95=0,"n.m.",F67/F95),"n.a.") -> 0.29989868 | G71: =IF(AND(ISNUMBER(G67),ISNUMBER(G95)),IF(G95=0,"n.m.",G67/G95),"n.a.") -> 0.3094431 | H71: =IF(AND(ISNUMBER(H67),ISNUMBER(H95)),IF(H95=0,"n.m.",H67/H95),"n.a.") -> 0.3094431
B72: Organic/M&A/FX: not disclosed | C72: n.a. | D72: n.a. | E72: n.a. | F72: n.a. | G72: n.a. | H72: n.a.
B73: Americas excluding United States | C73: =C61-C67 -> 120 | D73: =D61-D67 -> 131 | E73: =E61-E67 -> 478 | F73: =F61-F67 -> 127 | G73: =G61-G67 -> 131 | H73: =H61-H67 -> 131.44501
B74: Year-ago (derived) | C74: =IF(COUNT(C62,C68)=2,C62-C68,"n.a.") -> n.a. | D74: =IF(COUNT(D62,D68)=2,D62-D68,"n.a.") -> 128 | E74: =IF(COUNT(E62,E68)=2,E62-E68,"n.a.") -> 496 | F74: =IF(COUNT(F62,F68)=2,F62-F68,"n.a.") -> 111 | G74: =IF(COUNT(G62,G68)=2,G62-G68,"n.a.") -> 116 | H74: =IF(COUNT(H62,H68)=2,H62-H68,"n.a.") -> 120
B75: % Y/Y | C75: =IF(AND(ISNUMBER(C73),ISNUMBER(C74)),IF(C74=0,"n.m.",C73/C74-1),"n.a.") -> n.a. | D75: =IF(AND(ISNUMBER(D73),ISNUMBER(D74)),IF(D74=0,"n.m.",D73/D74-1),"n.a.") -> 0.0234375 | E75: =IF(AND(ISNUMBER(E73),ISNUMBER(E74)),IF(E74=0,"n.m.",E73/E74-1),"n.a.") -> -0.036290323 | F75: =IF(AND(ISNUMBER(F73),ISNUMBER(F74)),IF(F74=0,"n.m.",F73/F74-1),"n.a.") -> 0.14414414 | G75: =IF(AND(ISNUMBER(G73),ISNUMBER(G74)),IF(G74=0,"n.m.",G73/G74-1),"n.a.") -> 0.12931034 | H75: =IF(AND(ISNUMBER(H73),ISNUMBER(H74)),IF(H74=0,"n.m.",H73/H74-1),"n.a.") -> 0.095375094
B76: Δ Q/Q ($) | C76: =IF(AND(ISNUMBER(C73),ISNUMBER(G74)),(C73-G74),"n.a.") -> 4 | D76: =IF(AND(ISNUMBER(D73),ISNUMBER(C73)),(D73-C73),"n.a.") -> 11 | F76: =IF(AND(ISNUMBER(F73),ISNUMBER(D73)),(F73-D73),"n.a.") -> -4 | G76: =IF(AND(ISNUMBER(G73),ISNUMBER(F73)),(G73-F73),"n.a.") -> 4 | H76: =IF(AND(ISNUMBER(H73),ISNUMBER(G73)),(H73-G73),"n.a.") -> 0.44501129
B77: Organic/M&A/FX: not disclosed | C77: n.a. | D77: n.a. | E77: n.a. | F77: n.a. | G77: n.a. | H77: n.a.
B78: Asia, Middle East and Africa | C78: =E78-D78-Inputs!$D$165 -> 592 | D78: 646 | E78: 2407 | F78: 592 | G78: 642 | H78: =H95-H55-H61 -> 644.1809 | I78: 3Q26E: third-party total less Europe and Americas
B79: Year-ago (as restated) | C79: n.a. | D79: 604 | E79: 2353 | F79: 536 | G79: 633 | H79: =C78 -> 592
B80: % Y/Y | C80: =IF(AND(ISNUMBER(C78),ISNUMBER(C79)),IF(C79=0,"n.m.",C78/C79-1),"n.a.") -> n.a. | D80: =IF(AND(ISNUMBER(D78),ISNUMBER(D79)),IF(D79=0,"n.m.",D78/D79-1),"n.a.") -> 0.069536424 | E80: =IF(AND(ISNUMBER(E78),ISNUMBER(E79)),IF(E79=0,"n.m.",E78/E79-1),"n.a.") -> 0.022949426 | F80: =IF(AND(ISNUMBER(F78),ISNUMBER(F79)),IF(F79=0,"n.m.",F78/F79-1),"n.a.") -> 0.10447761 | G80: =IF(AND(ISNUMBER(G78),ISNUMBER(G79)),IF(G79=0,"n.m.",G78/G79-1),"n.a.") -> 0.014218009 | H80: =IF(AND(ISNUMBER(H78),ISNUMBER(H79)),IF(H79=0,"n.m.",H78/H79-1),"n.a.") -> 0.088143404
B81: Δ Q/Q ($) | C81: =IF(AND(ISNUMBER(C78),ISNUMBER(G79)),(C78-G79),"n.a.") -> -41 | D81: =IF(AND(ISNUMBER(D78),ISNUMBER(C78)),(D78-C78),"n.a.") -> 54 | F81: =IF(AND(ISNUMBER(F78),ISNUMBER(D78)),(F78-D78),"n.a.") -> -54 | G81: =IF(AND(ISNUMBER(G78),ISNUMBER(F78)),(G78-F78),"n.a.") -> 50 | H81: =IF(AND(ISNUMBER(H78),ISNUMBER(G78)),(H78-G78),"n.a.") -> 2.180895
B82: % of third-party revenues | C82: =IF(AND(ISNUMBER(C78),ISNUMBER(C95)),IF(C95=0,"n.m.",C78/C95),"n.a.") -> 0.30437018 | D82: =IF(AND(ISNUMBER(D78),ISNUMBER(D95)),IF(D95=0,"n.m.",D78/D95),"n.a.") -> 0.30864787 | E82: =IF(AND(ISNUMBER(E78),ISNUMBER(E95)),IF(E95=0,"n.m.",E78/E95),"n.a.") -> 0.31341146 | F82: =IF(AND(ISNUMBER(F78),ISNUMBER(F95)),IF(F95=0,"n.m.",F78/F95),"n.a.") -> 0.29989868 | G82: =IF(AND(ISNUMBER(G78),ISNUMBER(G95)),IF(G95=0,"n.m.",G78/G95),"n.a.") -> 0.31089588 | H82: =IF(AND(ISNUMBER(H78),ISNUMBER(H95)),IF(H95=0,"n.m.",H78/H95),"n.a.") -> 0.31089588
B83: Organic/M&A/FX: not disclosed | C83: n.a. | D83: n.a. | E83: n.a. | F83: n.a. | G83: n.a. | H83: n.a.
B84: of which China | C84: =E84-D84-Inputs!$D$166 -> 276 | D84: 288 | E84: 1098 | F84: 284 | G84: 333 | H84: =H78*G84/G78 -> 334.13121 | I84: 3Q26E: split at 2Q26A mix
B85: Year-ago (as restated) | C85: n.a. | D85: 271 | E85: 1098 | F85: 243 | G85: 291 | H85: =C84 -> 276
B86: % Y/Y | C86: =IF(AND(ISNUMBER(C84),ISNUMBER(C85)),IF(C85=0,"n.m.",C84/C85-1),"n.a.") -> n.a. | D86: =IF(AND(ISNUMBER(D84),ISNUMBER(D85)),IF(D85=0,"n.m.",D84/D85-1),"n.a.") -> 0.062730627 | E86: =IF(AND(ISNUMBER(E84),ISNUMBER(E85)),IF(E85=0,"n.m.",E84/E85-1),"n.a.") -> 0 | F86: =IF(AND(ISNUMBER(F84),ISNUMBER(F85)),IF(F85=0,"n.m.",F84/F85-1),"n.a.") -> 0.16872428 | G86: =IF(AND(ISNUMBER(G84),ISNUMBER(G85)),IF(G85=0,"n.m.",G84/G85-1),"n.a.") -> 0.1443299 | H86: =IF(AND(ISNUMBER(H84),ISNUMBER(H85)),IF(H85=0,"n.m.",H84/H85-1),"n.a.") -> 0.21062033
B87: Δ Q/Q ($) | C87: =IF(AND(ISNUMBER(C84),ISNUMBER(G85)),(C84-G85),"n.a.") -> -15 | D87: =IF(AND(ISNUMBER(D84),ISNUMBER(C84)),(D84-C84),"n.a.") -> 12 | F87: =IF(AND(ISNUMBER(F84),ISNUMBER(D84)),(F84-D84),"n.a.") -> -4 | G87: =IF(AND(ISNUMBER(G84),ISNUMBER(F84)),(G84-F84),"n.a.") -> 49 | H87: =IF(AND(ISNUMBER(H84),ISNUMBER(G84)),(H84-G84),"n.a.") -> 1.1312119
B88: % of third-party revenues | C88: =IF(AND(ISNUMBER(C84),ISNUMBER(C95)),IF(C95=0,"n.m.",C84/C95),"n.a.") -> 0.14190231 | D88: =IF(AND(ISNUMBER(D84),ISNUMBER(D95)),IF(D95=0,"n.m.",D84/D95),"n.a.") -> 0.13760153 | E88: =IF(AND(ISNUMBER(E84),ISNUMBER(E95)),IF(E95=0,"n.m.",E84/E95),"n.a.") -> 0.14296875 | F88: =IF(AND(ISNUMBER(F84),ISNUMBER(F95)),IF(F95=0,"n.m.",F84/F95),"n.a.") -> 0.14387031 | G88: =IF(AND(ISNUMBER(G84),ISNUMBER(G95)),IF(G95=0,"n.m.",G84/G95),"n.a.") -> 0.16125908 | H88: =IF(AND(ISNUMBER(H84),ISNUMBER(H95)),IF(H95=0,"n.m.",H84/H95),"n.a.") -> 0.16125908
B89: Organic/M&A/FX: not disclosed | C89: n.a. | D89: n.a. | E89: n.a. | F89: n.a. | G89: n.a. | H89: n.a.
B90: AMEA excluding China | C90: =C78-C84 -> 316 | D90: =D78-D84 -> 358 | E90: =E78-E84 -> 1309 | F90: =F78-F84 -> 308 | G90: =G78-G84 -> 309 | H90: =H78-H84 -> 310.04968
B91: Year-ago (derived) | C91: =IF(COUNT(C79,C85)=2,C79-C85,"n.a.") -> n.a. | D91: =IF(COUNT(D79,D85)=2,D79-D85,"n.a.") -> 333 | E91: =IF(COUNT(E79,E85)=2,E79-E85,"n.a.") -> 1255 | F91: =IF(COUNT(F79,F85)=2,F79-F85,"n.a.") -> 293 | G91: =IF(COUNT(G79,G85)=2,G79-G85,"n.a.") -> 342 | H91: =IF(COUNT(H79,H85)=2,H79-H85,"n.a.") -> 316
B92: % Y/Y | C92: =IF(AND(ISNUMBER(C90),ISNUMBER(C91)),IF(C91=0,"n.m.",C90/C91-1),"n.a.") -> n.a. | D92: =IF(AND(ISNUMBER(D90),ISNUMBER(D91)),IF(D91=0,"n.m.",D90/D91-1),"n.a.") -> 0.075075075 | E92: =IF(AND(ISNUMBER(E90),ISNUMBER(E91)),IF(E91=0,"n.m.",E90/E91-1),"n.a.") -> 0.043027888 | F92: =IF(AND(ISNUMBER(F90),ISNUMBER(F91)),IF(F91=0,"n.m.",F90/F91-1),"n.a.") -> 0.051194539 | G92: =IF(AND(ISNUMBER(G90),ISNUMBER(G91)),IF(G91=0,"n.m.",G90/G91-1),"n.a.") -> -0.096491228 | H92: =IF(AND(ISNUMBER(H90),ISNUMBER(H91)),IF(H91=0,"n.m.",H90/H91-1),"n.a.") -> -0.018830117
B93: Δ Q/Q ($) | C93: =IF(AND(ISNUMBER(C90),ISNUMBER(G91)),(C90-G91),"n.a.") -> -26 | D93: =IF(AND(ISNUMBER(D90),ISNUMBER(C90)),(D90-C90),"n.a.") -> 42 | F93: =IF(AND(ISNUMBER(F90),ISNUMBER(D90)),(F90-D90),"n.a.") -> -50 | G93: =IF(AND(ISNUMBER(G90),ISNUMBER(F90)),(G90-F90),"n.a.") -> 1 | H93: =IF(AND(ISNUMBER(H90),ISNUMBER(G90)),(H90-G90),"n.a.") -> 1.0496831
B94: Organic/M&A/FX: not disclosed | C94: n.a. | D94: n.a. | E94: n.a. | F94: n.a. | G94: n.a. | H94: n.a.
B95: Third-party revenues | C95: =C55+C61+C78 -> 1945 | D95: =D55+D61+D78 -> 2093 | E95: =E55+E61+E78 -> 7680 | F95: =F55+F61+F78 -> 1974 | G95: =G55+G61+G78 -> 2065 | H95: =H36-H115 -> 2072.0149 | I95: Historical = sum of regions; 3Q26E = total revenues less intersegment
B96: Year-ago (derived from regions) | C96: =IF(COUNT(C56,C62,C79)=3,C56+C62+C79,"n.a.") -> n.a. | D96: =IF(COUNT(D56,D62,D79)=3,D56+D62+D79,"n.a.") -> 1894 | E96: =IF(COUNT(E56,E62,E79)=3,E56+E62+E79,"n.a.") -> 7212 | F96: =IF(COUNT(F56,F62,F79)=3,F56+F62+F79,"n.a.") -> 1711 | G96: =IF(COUNT(G56,G62,G79)=3,G56+G62+G79,"n.a.") -> 1931 | H96: =IF(COUNT(H56,H62,H79)=3,H56+H62+H79,"n.a.") -> 1945
B97: % Y/Y | C97: =IF(AND(ISNUMBER(C95),ISNUMBER(C96)),IF(C96=0,"n.m.",C95/C96-1),"n.a.") -> n.a. | D97: =IF(AND(ISNUMBER(D95),ISNUMBER(D96)),IF(D96=0,"n.m.",D95/D96-1),"n.a.") -> 0.10506864 | E97: =IF(AND(ISNUMBER(E95),ISNUMBER(E96)),IF(E96=0,"n.m.",E95/E96-1),"n.a.") -> 0.064891847 | F97: =IF(AND(ISNUMBER(F95),ISNUMBER(F96)),IF(F96=0,"n.m.",F95/F96-1),"n.a.") -> 0.15371128 | G97: =IF(AND(ISNUMBER(G95),ISNUMBER(G96)),IF(G96=0,"n.m.",G95/G96-1),"n.a.") -> 0.069394096 | H97: =IF(AND(ISNUMBER(H95),ISNUMBER(H96)),IF(H96=0,"n.m.",H95/H96-1),"n.a.") -> 0.065303276
B98: Δ Q/Q ($) | C98: =IF(AND(ISNUMBER(C95),ISNUMBER(G96)),(C95-G96),"n.a.") -> 14 | D98: =IF(AND(ISNUMBER(D95),ISNUMBER(C95)),(D95-C95),"n.a.") -> 148 | F98: =IF(AND(ISNUMBER(F95),ISNUMBER(D95)),(F95-D95),"n.a.") -> -119 | G98: =IF(AND(ISNUMBER(G95),ISNUMBER(F95)),(G95-F95),"n.a.") -> 91 | H98: =IF(AND(ISNUMBER(H95),ISNUMBER(G95)),(H95-G95),"n.a.") -> 7.0148726
B99: Organic/M&A/FX: not disclosed | C99: n.a. | D99: n.a. | E99: n.a. | F99: n.a. | G99: n.a. | H99: n.a.
B101: Third-party revenues by type
B102: Products | C102: =E102-D102-Inputs!$D$167 -> 1639 | D102: 1761 | E102: 6495 | F102: 1685 | G102: 1749 | H102: =H95*G102/G95 -> 1754.9414
B103: Year-ago (as restated) | C103: n.a. | D103: 1605 | E103: 6060 | F103: 1456 | G103: 1639 | H103: =C102 -> 1639
B104: % Y/Y | C104: =IF(AND(ISNUMBER(C102),ISNUMBER(C103)),IF(C103=0,"n.m.",C102/C103-1),"n.a.") -> n.a. | D104: =IF(AND(ISNUMBER(D102),ISNUMBER(D103)),IF(D103=0,"n.m.",D102/D103-1),"n.a.") -> 0.097196262 | E104: =IF(AND(ISNUMBER(E102),ISNUMBER(E103)),IF(E103=0,"n.m.",E102/E103-1),"n.a.") -> 0.071782178 | F104: =IF(AND(ISNUMBER(F102),ISNUMBER(F103)),IF(F103=0,"n.m.",F102/F103-1),"n.a.") -> 0.15728022 | G104: =IF(AND(ISNUMBER(G102),ISNUMBER(G103)),IF(G103=0,"n.m.",G102/G103-1),"n.a.") -> 0.067114094 | H104: =IF(AND(ISNUMBER(H102),ISNUMBER(H103)),IF(H103=0,"n.m.",H102/H103-1),"n.a.") -> 0.070739115
B105: Δ Q/Q ($) | C105: =IF(AND(ISNUMBER(C102),ISNUMBER(G103)),(C102-G103),"n.a.") -> 0 | D105: =IF(AND(ISNUMBER(D102),ISNUMBER(C102)),(D102-C102),"n.a.") -> 122 | F105: =IF(AND(ISNUMBER(F102),ISNUMBER(D102)),(F102-D102),"n.a.") -> -76 | G105: =IF(AND(ISNUMBER(G102),ISNUMBER(F102)),(G102-F102),"n.a.") -> 64 | H105: =IF(AND(ISNUMBER(H102),ISNUMBER(G102)),(H102-G102),"n.a.") -> 5.9414103
B106: % of third-party revenues | C106: =IF(AND(ISNUMBER(C102),ISNUMBER(C95)),IF(C95=0,"n.m.",C102/C95),"n.a.") -> 0.84267352 | D106: =IF(AND(ISNUMBER(D102),ISNUMBER(D95)),IF(D95=0,"n.m.",D102/D95),"n.a.") -> 0.84137602 | E106: =IF(AND(ISNUMBER(E102),ISNUMBER(E95)),IF(E95=0,"n.m.",E102/E95),"n.a.") -> 0.84570312 | F106: =IF(AND(ISNUMBER(F102),ISNUMBER(F95)),IF(F95=0,"n.m.",F102/F95),"n.a.") -> 0.85359676 | G106: =IF(AND(ISNUMBER(G102),ISNUMBER(G95)),IF(G95=0,"n.m.",G102/G95),"n.a.") -> 0.84697337 | H106: =IF(AND(ISNUMBER(H102),ISNUMBER(H95)),IF(H95=0,"n.m.",H102/H95),"n.a.") -> 0.84697337
...

Sheet Segment - Automation
B2: ABB Ltd (SWX:ABBN)
B3: Segment - Automation: orders, backlog, revenue build and operational profitability
B4: $ millions, except per share
B6: Period | C6: 3Q25A | D6: 4Q25A | E6: FY25A | F6: 1Q26A | G6: 2Q26A | H6: 3Q26E | I6: Notes
B7: Period end | C7: =DATE(2025,9,30) -> 45930 | D7: =DATE(2025,12,31) -> 46022 | E7: =DATE(2025,12,31) -> 46022 | F7: =DATE(2026,3,31) -> 46112 | G7: =DATE(2026,6,30) -> 46203 | H7: =DATE(2026,9,30) -> 46295
B8: Days in period | C8: =C7-DATE(2025,6,30) -> 92 | D8: =D7-C7 -> 92 | E8: =E7-DATE(2024,12,31) -> 365 | F8: =F7-D7 -> 90 | G8: =G7-F7 -> 91 | H8: =H7-G7 -> 92
B10: Order intake and order backlog ladder
B11: Opening order backlog | C11: =G24 -> 9450 | D11: =C23 -> n.a. | E11: =D24 -> 7631 | F11: =D23 -> 10133 | G11: =F23 -> 10350 | H11: =G23 -> 10544
B12: (+) Orders received | C12: =E12-D12-Inputs!$D$177 -> 2100 | D12: 2817 | E12: 9928 | F12: 2464 | G12: 2454 | H12: =C12*(1+H16)*(1+H45)*(1+H48) -> 2305.38 | I12: 3Q26E = 3Q25A orders x (1+comparable order growth) x (1+M&A) x (1+FX)
B13: Year-ago orders | C13: n.a. | D13: 1893 | E13: 7485 | F13: 2197 | G13: 2814 | H13: =C12 -> 2100
B14: % Y/Y | C14: =IF(AND(ISNUMBER(C12),ISNUMBER(C13)),IF(C13=0,"n.m.",C12/C13-1),"n.a.") -> n.a. | D14: =IF(AND(ISNUMBER(D12),ISNUMBER(D13)),IF(D13=0,"n.m.",D12/D13-1),"n.a.") -> 0.4881141 | E14: =IF(AND(ISNUMBER(E12),ISNUMBER(E13)),IF(E13=0,"n.m.",E12/E13-1),"n.a.") -> 0.32638611 | F14: =IF(AND(ISNUMBER(F12),ISNUMBER(F13)),IF(F13=0,"n.m.",F12/F13-1),"n.a.") -> 0.12152936 | G14: =IF(AND(ISNUMBER(G12),ISNUMBER(G13)),IF(G13=0,"n.m.",G12/G13-1),"n.a.") -> -0.12793177 | H14: =IF(AND(ISNUMBER(H12),ISNUMBER(H13)),IF(H13=0,"n.m.",H12/H13-1),"n.a.") -> 0.0978
B15: Δ Q/Q ($) | C15: =IF(AND(ISNUMBER(C12),ISNUMBER(G13)),(C12-G13),"n.a.") -> -714 | D15: =IF(AND(ISNUMBER(D12),ISNUMBER(C12)),(D12-C12),"n.a.") -> 717 | F15: =IF(AND(ISNUMBER(F12),ISNUMBER(D12)),(F12-D12),"n.a.") -> -353 | G15: =IF(AND(ISNUMBER(G12),ISNUMBER(F12)),(G12-F12),"n.a.") -> -10 | H15: =IF(AND(ISNUMBER(H12),ISNUMBER(G12)),(H12-G12),"n.a.") -> -148.62
B16: Comparable order growth (driver) | C16: n.a. | D16: 0.41 | E16: 0.3 | F16: 0.05 | G16: -0.14 | H16: 0.1 | I16: 3Q26E assumption anchored on 1H26 trend and backlog
B17: Δ Q/Q (bps) | C17: n.a. | D17: =IF(AND(ISNUMBER(D16),ISNUMBER(C16)),(D16-C16)*10000,"n.a.") -> n.a. | F17: =IF(AND(ISNUMBER(F16),ISNUMBER(D16)),(F16-D16)*10000,"n.a.") -> -3600 | G17: =IF(AND(ISNUMBER(G16),ISNUMBER(F16)),(G16-F16)*10000,"n.a.") -> -1900 | H17: =IF(AND(ISNUMBER(H16),ISNUMBER(G16)),(H16-G16)*10000,"n.a.") -> 2400
B18: Δ Y/Y (bps) | C18: n.a. | D18: n.a. | E18: n.a. | F18: n.a. | G18: n.a. | H18: =IF(AND(ISNUMBER(H16),ISNUMBER(C16)),(H16-C16)*10000,"n.a.") -> n.a.
B19: (−) Revenues recognized | C19: =-C36 -> -2013 | D19: =-D36 -> -2243 | E19: =-E36 -> -8084 | F19: =-F36 -> -2147 | G19: =-G36 -> -2193 | H19: =-H36 -> -2149.6022
B20: (+/−) FX, scope & other adjustments | C20: =IF(COUNT(C23,C11,C12,C19)=4,C23-C11-C12-C19,"n.a.") -> n.a. | D20: =IF(COUNT(D23,D11,D12,D19)=4,D23-D11-D12-D19,"n.a.") -> n.a. | E20: =IF(COUNT(E23,E11,E12,E19)=4,E23-E11-E12-E19,"n.a.") -> 658 | F20: =IF(COUNT(F23,F11,F12,F19)=4,F23-F11-F12-F19,"n.a.") -> -100 | G20: =IF(COUNT(G23,G11,G12,G19)=4,G23-G11-G12-G19,"n.a.") -> -67 | H20: 0 | I20: Historical = closing − opening − orders + revenue (derived); 3Q26E assumed nil
B21: Δ Y/Y ($) | C21: n.a. | D21: n.a. | E21: n.a. | F21: n.a. | G21: n.a. | H21: =IF(AND(ISNUMBER(H20),ISNUMBER(C20)),(H20-C20),"n.a.") -> n.a.
B22: Δ Q/Q ($) | C22: n.a. | D22: =IF(AND(ISNUMBER(D20),ISNUMBER(C20)),(D20-C20),"n.a.") -> n.a. | F22: =IF(AND(ISNUMBER(F20),ISNUMBER(D20)),(F20-D20),"n.a.") -> n.a. | G22: =IF(AND(ISNUMBER(G20),ISNUMBER(F20)),(G20-F20),"n.a.") -> 33 | H22: =IF(AND(ISNUMBER(H20),ISNUMBER(G20)),(H20-G20),"n.a.") -> 67
B23: Closing order backlog | C23: n.a. | D23: 10133 | E23: =D23 -> 10133 | F23: 10350 | G23: 10544 | H23: =H11+H12+H19+H20 -> 10699.778
B24: Year-ago closing backlog | C24: n.a. | D24: 7631 | E24: =D24 -> 7631 | F24: 8261 | G24: 9450 | H24: =C23 -> n.a.
B25: % Y/Y | C25: =IF(AND(ISNUMBER(C23),ISNUMBER(C24)),IF(C24=0,"n.m.",C23/C24-1),"n.a.") -> n.a. | D25: =IF(AND(ISNUMBER(D23),ISNUMBER(D24)),IF(D24=0,"n.m.",D23/D24-1),"n.a.") -> 0.32787315 | E25: =IF(AND(ISNUMBER(E23),ISNUMBER(E24)),IF(E24=0,"n.m.",E23/E24-1),"n.a.") -> 0.32787315 | F25: =IF(AND(ISNUMBER(F23),ISNUMBER(F24)),IF(F24=0,"n.m.",F23/F24-1),"n.a.") -> 0.25287495 | G25: =IF(AND(ISNUMBER(G23),ISNUMBER(G24)),IF(G24=0,"n.m.",G23/G24-1),"n.a.") -> 0.1157672 | H25: =IF(AND(ISNUMBER(H23),ISNUMBER(H24)),IF(H24=0,"n.m.",H23/H24-1),"n.a.") -> n.a.
B26: Δ Q/Q ($) | C26: =IF(AND(ISNUMBER(C23),ISNUMBER(C11)),(C23-C11),"n.a.") -> n.a. | D26: =IF(AND(ISNUMBER(D23),ISNUMBER(C23)),(D23-C23),"n.a.") -> n.a. | F26: =IF(AND(ISNUMBER(F23),ISNUMBER(D23)),(F23-D23),"n.a.") -> 217 | G26: =IF(AND(ISNUMBER(G23),ISNUMBER(F23)),(G23-F23),"n.a.") -> 194 | H26: =IF(AND(ISNUMBER(H23),ISNUMBER(G23)),(H23-G23),"n.a.") -> 155.77782
B27: Average order backlog | C27: =IF(COUNT(C11,C23)=2,AVERAGE(C11,C23),"n.a.") -> n.a. | D27: =IF(COUNT(D11,D23)=2,AVERAGE(D11,D23),"n.a.") -> n.a. | E27: =IF(COUNT(E11,E23)=2,AVERAGE(E11,E23),"n.a.") -> 8882 | F27: =IF(COUNT(F11,F23)=2,AVERAGE(F11,F23),"n.a.") -> 10241.5 | G27: =IF(COUNT(G11,G23)=2,AVERAGE(G11,G23),"n.a.") -> 10447 | H27: =IF(COUNT(H11,H23)=2,AVERAGE(H11,H23),"n.a.") -> 10621.889
B28: Book-to-bill (orders / revenues) | C28: =IF(AND(ISNUMBER(C12),ISNUMBER(C36)),IF(C36=0,"n.m.",C12/C36),"n.a.") -> 1.0432191 | D28: =IF(AND(ISNUMBER(D12),ISNUMBER(D36)),IF(D36=0,"n.m.",D12/D36),"n.a.") -> 1.2559073 | E28: =IF(AND(ISNUMBER(E12),ISNUMBER(E36)),IF(E36=0,"n.m.",E12/E36),"n.a.") -> 1.2281049 | F28: =IF(AND(ISNUMBER(F12),ISNUMBER(F36)),IF(F36=0,"n.m.",F12/F36),"n.a.") -> 1.1476479 | G28: =IF(AND(ISNUMBER(G12),ISNUMBER(G36)),IF(G36=0,"n.m.",G12/G36),"n.a.") -> 1.119015 | H28: =IF(AND(ISNUMBER(H12),ISNUMBER(H36)),IF(H36=0,"n.m.",H12/H36),"n.a.") -> 1.0724682
B29: Δ Q/Q (x) | C29: n.a. | D29: =IF(AND(ISNUMBER(D28),ISNUMBER(C28)),(D28-C28),"n.a.") -> 0.21268819 | F29: =IF(AND(ISNUMBER(F28),ISNUMBER(D28)),(F28-D28),"n.a.") -> -0.10825939 | G29: =IF(AND(ISNUMBER(G28),ISNUMBER(F28)),(G28-F28),"n.a.") -> -0.028632833 | H29: =IF(AND(ISNUMBER(H28),ISNUMBER(G28)),(H28-G28),"n.a.") -> -0.046546839
B30: Δ Y/Y (x) | C30: =IF(COUNT(C28,C13,C37)=3,C28-C13/C37,"n.a.") -> n.a. | D30: =IF(COUNT(D28,D13,D37)=3,D28-D13/D37,"n.a.") -> 0.29352801 | E30: =IF(COUNT(E28,E13,E37)=3,E28-E13/E37,"n.a.") -> 0.25501598 | F30: =IF(COUNT(F28,F13,F37)=3,F28-F13/F37,"n.a.") -> -0.060822966 | G30: =IF(COUNT(G28,G13,G37)=3,G28-G13/G37,"n.a.") -> -0.28098495 | H30: =IF(COUNT(H28,H13,H37)=3,H28-H13/H37,"n.a.") -> 0.029249133
B31: Backlog conversion (rev./opening; FY25A = annual) | C31: =IF(AND(ISNUMBER(C36),ISNUMBER(C11)),IF(C11=0,"n.m.",C36/C11),"n.a.") -> 0.21301587 | D31: =IF(AND(ISNUMBER(D36),ISNUMBER(D11)),IF(D11=0,"n.m.",D36/D11),"n.a.") -> n.a. | E31: =IF(AND(ISNUMBER(E36),ISNUMBER(E11)),IF(E11=0,"n.m.",E36/E11),"n.a.") -> 1.0593631 | F31: =IF(AND(ISNUMBER(F36),ISNUMBER(F11)),IF(F11=0,"n.m.",F36/F11),"n.a.") -> 0.21188197 | G31: =IF(AND(ISNUMBER(G36),ISNUMBER(G11)),IF(G11=0,"n.m.",G36/G11),"n.a.") -> 0.21188406 | H31: =IF(AND(ISNUMBER(H36),ISNUMBER(H11)),IF(H11=0,"n.m.",H36/H11),"n.a.") -> 0.20386971 | I31: FY25A = annual ratio (FY revenue ÷ Dec-24 opening backlog); not comparable with quarterly ratios, so FY Δ cells are blank
B32: Δ Q/Q (bps) | C32: n.a. | D32: =IF(AND(ISNUMBER(D31),ISNUMBER(C31)),(D31-C31)*10000,"n.a.") -> n.a. | F32: =IF(AND(ISNUMBER(F31),ISNUMBER(D31)),(F31-D31)*10000,"n.a.") -> n.a. | G32: =IF(AND(ISNUMBER(G31),ISNUMBER(F31)),(G31-F31)*10000,"n.a.") -> 0.020881694 | H32: =IF(AND(ISNUMBER(H31),ISNUMBER(G31)),(H31-G31)*10000,"n.a.") -> -80.14352
B33: Δ Y/Y (bps) | C33: n.a. | D33: n.a. | E33: n.a. | F33: n.a. | G33: n.a. | H33: =IF(AND(ISNUMBER(H31),ISNUMBER(C31)),(H31-C31)*10000,"n.a.") -> -91.46167
B35: Revenue build
B36: Total revenues (incl. interseg.) | C36: =E36-D36-Inputs!$D$178 -> 2013 | D36: 2243 | E36: 8084 | F36: 2147 | G36: 2193 | H36: =C36*(1+H42)*(1+H45)*(1+H48) -> 2149.6022 | I36: 3Q26E = 3Q25A x (1+comparable) x (1+M&A) x (1+FX); cross-check vs backlog conversion
B37: Year-ago (as restated) | C37: n.a. | D37: 1967 | E37: 7692 | F37: 1818 | G37: 2010 | H37: =C36 -> 2013
B38: % Y/Y | C38: =IF(AND(ISNUMBER(C36),ISNUMBER(C37)),IF(C37=0,"n.m.",C36/C37-1),"n.a.") -> n.a. | D38: =IF(AND(ISNUMBER(D36),ISNUMBER(D37)),IF(D37=0,"n.m.",D36/D37-1),"n.a.") -> 0.1403152 | E38: =IF(AND(ISNUMBER(E36),ISNUMBER(E37)),IF(E37=0,"n.m.",E36/E37-1),"n.a.") -> 0.050962038 | F38: =IF(AND(ISNUMBER(F36),ISNUMBER(F37)),IF(F37=0,"n.m.",F36/F37-1),"n.a.") -> 0.1809681 | G38: =IF(AND(ISNUMBER(G36),ISNUMBER(G37)),IF(G37=0,"n.m.",G36/G37-1),"n.a.") -> 0.091044776 | H38: =IF(AND(ISNUMBER(H36),ISNUMBER(H37)),IF(H37=0,"n.m.",H36/H37-1),"n.a.") -> 0.06786
B39: % Q/Q | C39: =IF(AND(ISNUMBER(C36),ISNUMBER(G37)),IF(G37=0,"n.m.",C36/G37-1),"n.a.") -> 0.0014925373 | D39: =IF(AND(ISNUMBER(D36),ISNUMBER(C36)),IF(C36=0,"n.m.",D36/C36-1),"n.a.") -> 0.11425733 | F39: =IF(AND(ISNUMBER(F36),ISNUMBER(D36)),IF(D36=0,"n.m.",F36/D36-1),"n.a.") -> -0.042799822 | G39: =IF(AND(ISNUMBER(G36),ISNUMBER(F36)),IF(F36=0,"n.m.",G36/F36-1),"n.a.") -> 0.021425245 | H39: =IF(AND(ISNUMBER(H36),ISNUMBER(G36)),IF(G36=0,"n.m.",H36/G36-1),"n.a.") -> -0.019789248
B40: % of group revenues | C40: =IF(AND(ISNUMBER(C36),ISNUMBER('Revenue summary'!C46)),IF('Revenue summary'!C46=0,"n.m.",C36/'Revenue summary'!C46),"n.a.") -> 0.23707455 | D40: =IF(AND(ISNUMBER(D36),ISNUMBER('Revenue summary'!D46)),IF('Revenue summary'!D46=0,"n.m.",D36/'Revenue summary'!D46),"n.a.") -> 0.24779054 | E40: =IF(AND(ISNUMBER(E36),ISNUMBER('Revenue summary'!E46)),IF('Revenue summary'!E46=0,"n.m.",E36/'Revenue summary'!E46),"n.a.") -> 0.24334738 | F40: =IF(AND(ISNUMBER(F36),ISNUMBER('Revenue summary'!F46)),IF('Revenue summary'!F46=0,"n.m.",F36/'Revenue summary'!F46),"n.a.") -> 0.24582093 | G40: =IF(AND(ISNUMBER(G36),ISNUMBER('Revenue summary'!G46)),IF('Revenue summary'!G46=0,"n.m.",G36/'Revenue summary'!G46),"n.a.") -> 0.23145119 | H40: =IF(AND(ISNUMBER(H36),ISNUMBER('Revenue summary'!H46)),IF('Revenue summary'!H46=0,"n.m.",H36/'Revenue summary'!H46),"n.a.") -> 0.22208679
B41: Local-currency growth | C41: n.a. | D41: 0.09 | E41: 0.03 | F41: 0.1 | G41: 0.07 | H41: =(1+H42)*(1+H45)-1 -> 0.07
B42: Comparable growth (issuer/driver) | C42: n.a. | D42: 0.09 | E42: 0.03 | F42: 0.1 | G42: 0.07 | H42: 0.07 | I42: 3Q26E driver. Group guide: low- to mid-teens comparable growth (16-Jul-26)
B43: Δ Q/Q (bps) | C43: n.a. | D43: =IF(AND(ISNUMBER(D42),ISNUMBER(C42)),(D42-C42)*10000,"n.a.") -> n.a. | F43: =IF(AND(ISNUMBER(F42),ISNUMBER(D42)),(F42-D42)*10000,"n.a.") -> 100 | G43: =IF(AND(ISNUMBER(G42),ISNUMBER(F42)),(G42-F42)*10000,"n.a.") -> -300 | H43: =IF(AND(ISNUMBER(H42),ISNUMBER(G42)),(H42-G42)*10000,"n.a.") -> 0
B44: Δ Y/Y (bps) | C44: n.a. | D44: n.a. | E44: n.a. | F44: n.a. | G44: n.a. | H44: =IF(AND(ISNUMBER(H42),ISNUMBER(C42)),(H42-C42)*10000,"n.a.") -> n.a.
B45: M&A / portfolio impact | C45: =IF(AND(ISNUMBER(C41),ISNUMBER(C42)),(1+C41)/(1+C42)-1,"n.a.") -> n.a. | D45: =IF(AND(ISNUMBER(D41),ISNUMBER(D42)),(1+D41)/(1+D42)-1,"n.a.") -> 0 | E45: =IF(AND(ISNUMBER(E41),ISNUMBER(E42)),(1+E41)/(1+E42)-1,"n.a.") -> 0 | F45: =IF(AND(ISNUMBER(F41),ISNUMBER(F42)),(1+F41)/(1+F42)-1,"n.a.") -> 0 | G45: =IF(AND(ISNUMBER(G41),ISNUMBER(G42)),(1+G41)/(1+G42)-1,"n.a.") -> 0 | H45: 0
B46: Δ Y/Y (bps) | C46: n.a. | D46: n.a. | E46: n.a. | F46: n.a. | G46: n.a. | H46: =IF(AND(ISNUMBER(H45),ISNUMBER(C45)),(H45-C45)*10000,"n.a.") -> n.a.
B47: Δ Q/Q (bps) | C47: n.a. | D47: =IF(AND(ISNUMBER(D45),ISNUMBER(C45)),(D45-C45)*10000,"n.a.") -> n.a. | F47: =IF(AND(ISNUMBER(F45),ISNUMBER(D45)),(F45-D45)*10000,"n.a.") -> 0 | G47: =IF(AND(ISNUMBER(G45),ISNUMBER(F45)),(G45-F45)*10000,"n.a.") -> 0 | H47: =IF(AND(ISNUMBER(H45),ISNUMBER(G45)),(H45-G45)*10000,"n.a.") -> 0
B48: FX impact | C48: =IF(AND(ISNUMBER(C38),ISNUMBER(C41)),(1+C38)/(1+C41)-1,"n.a.") -> n.a. | D48: =IF(AND(ISNUMBER(D38),ISNUMBER(D41)),(1+D38)/(1+D41)-1,"n.a.") -> 0.046160735 | E48: =IF(AND(ISNUMBER(E38),ISNUMBER(E41)),(1+E38)/(1+E41)-1,"n.a.") -> 0.020351494 | F48: =IF(AND(ISNUMBER(F38),ISNUMBER(F41)),(1+F38)/(1+F41)-1,"n.a.") -> 0.073607361 | G48: =IF(AND(ISNUMBER(G38),ISNUMBER(G41)),(1+G38)/(1+G41)-1,"n.a.") -> 0.019668015 | H48: ='Revenue summary'!H57 -> -0.002
B49: Δ Y/Y (bps) | C49: n.a. | D49: n.a. | E49: n.a. | F49: n.a. | G49: n.a. | H49: =IF(AND(ISNUMBER(H48),ISNUMBER(C48)),(H48-C48)*10000,"n.a.") -> n.a.
B50: Δ Q/Q (bps) | C50: n.a. | D50: =IF(AND(ISNUMBER(D48),ISNUMBER(C48)),(D48-C48)*10000,"n.a.") -> n.a. | F50: =IF(AND(ISNUMBER(F48),ISNUMBER(D48)),(F48-D48)*10000,"n.a.") -> 274.46626 | G50: =IF(AND(ISNUMBER(G48),ISNUMBER(F48)),(G48-F48)*10000,"n.a.") -> -539.39346 | H50: =IF(AND(ISNUMBER(H48),ISNUMBER(G48)),(H48-G48)*10000,"n.a.") -> -216.68015
B51: Organic growth (formula) | C51: =IF(COUNT(C38,C45,C48)=3,(1+C38)/((1+C45)*(1+C48))-1,"n.a.") -> n.a. | D51: =IF(COUNT(D38,D45,D48)=3,(1+D38)/((1+D45)*(1+D48))-1,"n.a.") -> 0.09 | E51: =IF(COUNT(E38,E45,E48)=3,(1+E38)/((1+E45)*(1+E48))-1,"n.a.") -> 0.03 | F51: =IF(COUNT(F38,F45,F48)=3,(1+F38)/((1+F45)*(1+F48))-1,"n.a.") -> 0.1 | G51: =IF(COUNT(G38,G45,G48)=3,(1+G38)/((1+G45)*(1+G48))-1,"n.a.") -> 0.07 | H51: =IF(COUNT(H38,H45,H48)=3,(1+H38)/((1+H45)*(1+H48))-1,"n.a.") -> 0.07
B52: Δ Q/Q ($) | C52: =IF(AND(ISNUMBER(C36),ISNUMBER(G37)),(C36-G37),"n.a.") -> 3 | D52: =IF(AND(ISNUMBER(D36),ISNUMBER(C36)),(D36-C36),"n.a.") -> 230 | F52: =IF(AND(ISNUMBER(F36),ISNUMBER(D36)),(F36-D36),"n.a.") -> -96 | G52: =IF(AND(ISNUMBER(G36),ISNUMBER(F36)),(G36-F36),"n.a.") -> 46 | H52: =IF(AND(ISNUMBER(H36),ISNUMBER(G36)),(H36-G36),"n.a.") -> -43.39782
B54: Third-party revenues by region
B55: Europe | C55: =E55-D55-Inputs!$D$179 -> 853 | D55: 937 | E55: 3438 | F55: 967 | G55: 918 | H55: =H95*G55/G95 -> 899.83347 | I55: 3Q26E: split at 2Q26A mix
B56: Year-ago (as restated) | C56: n.a. | D56: 767 | E56: 3110 | F56: 815 | G56: 833 | H56: =C55 -> 853
B57: % Y/Y | C57: =IF(AND(ISNUMBER(C55),ISNUMBER(C56)),IF(C56=0,"n.m.",C55/C56-1),"n.a.") -> n.a. | D57: =IF(AND(ISNUMBER(D55),ISNUMBER(D56)),IF(D56=0,"n.m.",D55/D56-1),"n.a.") -> 0.22164276 | E57: =IF(AND(ISNUMBER(E55),ISNUMBER(E56)),IF(E56=0,"n.m.",E55/E56-1),"n.a.") -> 0.10546624 | F57: =IF(AND(ISNUMBER(F55),ISNUMBER(F56)),IF(F56=0,"n.m.",F55/F56-1),"n.a.") -> 0.18650307 | G57: =IF(AND(ISNUMBER(G55),ISNUMBER(G56)),IF(G56=0,"n.m.",G55/G56-1),"n.a.") -> 0.10204082 | H57: =IF(AND(ISNUMBER(H55),ISNUMBER(H56)),IF(H56=0,"n.m.",H55/H56-1),"n.a.") -> 0.054904421
B58: Δ Q/Q ($) | C58: =IF(AND(ISNUMBER(C55),ISNUMBER(G56)),(C55-G56),"n.a.") -> 20 | D58: =IF(AND(ISNUMBER(D55),ISNUMBER(C55)),(D55-C55),"n.a.") -> 84 | F58: =IF(AND(ISNUMBER(F55),ISNUMBER(D55)),(F55-D55),"n.a.") -> 30 | G58: =IF(AND(ISNUMBER(G55),ISNUMBER(F55)),(G55-F55),"n.a.") -> -49 | H58: =IF(AND(ISNUMBER(H55),ISNUMBER(G55)),(H55-G55),"n.a.") -> -18.166529
B59: % of third-party revenues | C59: =IF(AND(ISNUMBER(C55),ISNUMBER(C95)),IF(C95=0,"n.m.",C55/C95),"n.a.") -> 0.42671336 | D59: =IF(AND(ISNUMBER(D55),ISNUMBER(D95)),IF(D95=0,"n.m.",D55/D95),"n.a.") -> 0.42131295 | E59: =IF(AND(ISNUMBER(E55),ISNUMBER(E95)),IF(E95=0,"n.m.",E55/E95),"n.a.") -> 0.42809115 | F59: =IF(AND(ISNUMBER(F55),ISNUMBER(F95)),IF(F95=0,"n.m.",F55/F95),"n.a.") -> 0.4529274 | G59: =IF(AND(ISNUMBER(G55),ISNUMBER(G95)),IF(G95=0,"n.m.",G55/G95),"n.a.") -> 0.41994511 | H59: =IF(AND(ISNUMBER(H55),ISNUMBER(H95)),IF(H95=0,"n.m.",H55/H95),"n.a.") -> 0.41994511
B60: Organic/M&A/FX: not disclosed | C60: n.a. | D60: n.a. | E60: n.a. | F60: n.a. | G60: n.a. | H60: n.a.
B61: The Americas | C61: =E61-D61-Inputs!$D$180 -> 493 | D61: 547 | E61: 2024 | F61: 514 | G61: 541 | H61: =H95*G61/G95 -> 530.29402 | I61: 3Q26E: split at 2Q26A mix
B62: Year-ago (as restated) | C62: n.a. | D62: 505 | E62: 1970 | F62: 453 | G62: 531 | H62: =C61 -> 493
B63: % Y/Y | C63: =IF(AND(ISNUMBER(C61),ISNUMBER(C62)),IF(C62=0,"n.m.",C61/C62-1),"n.a.") -> n.a. | D63: =IF(AND(ISNUMBER(D61),ISNUMBER(D62)),IF(D62=0,"n.m.",D61/D62-1),"n.a.") -> 0.083168317 | E63: =IF(AND(ISNUMBER(E61),ISNUMBER(E62)),IF(E62=0,"n.m.",E61/E62-1),"n.a.") -> 0.027411168 | F63: =IF(AND(ISNUMBER(F61),ISNUMBER(F62)),IF(F62=0,"n.m.",F61/F62-1),"n.a.") -> 0.13465784 | G63: =IF(AND(ISNUMBER(G61),ISNUMBER(G62)),IF(G62=0,"n.m.",G61/G62-1),"n.a.") -> 0.018832392 | H63: =IF(AND(ISNUMBER(H61),ISNUMBER(H62)),IF(H62=0,"n.m.",H61/H62-1),"n.a.") -> 0.075647093
B64: Δ Q/Q ($) | C64: =IF(AND(ISNUMBER(C61),ISNUMBER(G62)),(C61-G62),"n.a.") -> -38 | D64: =IF(AND(ISNUMBER(D61),ISNUMBER(C61)),(D61-C61),"n.a.") -> 54 | F64: =IF(AND(ISNUMBER(F61),ISNUMBER(D61)),(F61-D61),"n.a.") -> -33 | G64: =IF(AND(ISNUMBER(G61),ISNUMBER(F61)),(G61-F61),"n.a.") -> 27 | H64: =IF(AND(ISNUMBER(H61),ISNUMBER(G61)),(H61-G61),"n.a.") -> -10.705983
B65: % of third-party revenues | C65: =IF(AND(ISNUMBER(C61),ISNUMBER(C95)),IF(C95=0,"n.m.",C61/C95),"n.a.") -> 0.24662331 | D65: =IF(AND(ISNUMBER(D61),ISNUMBER(D95)),IF(D95=0,"n.m.",D61/D95),"n.a.") -> 0.24595324 | E65: =IF(AND(ISNUMBER(E61),ISNUMBER(E95)),IF(E95=0,"n.m.",E61/E95),"n.a.") -> 0.25202341 | F65: =IF(AND(ISNUMBER(F61),ISNUMBER(F95)),IF(F95=0,"n.m.",F61/F95),"n.a.") -> 0.24074941 | G65: =IF(AND(ISNUMBER(G61),ISNUMBER(G95)),IF(G95=0,"n.m.",G61/G95),"n.a.") -> 0.24748399 | H65: =IF(AND(ISNUMBER(H61),ISNUMBER(H95)),IF(H95=0,"n.m.",H61/H95),"n.a.") -> 0.24748399
B66: Organic/M&A/FX: not disclosed | C66: n.a. | D66: n.a. | E66: n.a. | F66: n.a. | G66: n.a. | H66: n.a.
B67: of which United States | C67: =E67-D67-Inputs!$D$181 -> 319 | D67: 350 | E67: 1306 | F67: 335 | G67: 362 | H67: =H61*G67/G61 -> 354.83629 | I67: 3Q26E: split at 2Q26A mix
B68: Year-ago (as restated) | C68: n.a. | D68: 315 | E68: 1232 | F68: 296 | G68: 341 | H68: =C67 -> 319
B69: % Y/Y | C69: =IF(AND(ISNUMBER(C67),ISNUMBER(C68)),IF(C68=0,"n.m.",C67/C68-1),"n.a.") -> n.a. | D69: =IF(AND(ISNUMBER(D67),ISNUMBER(D68)),IF(D68=0,"n.m.",D67/D68-1),"n.a.") -> 0.11111111 | E69: =IF(AND(ISNUMBER(E67),ISNUMBER(E68)),IF(E68=0,"n.m.",E67/E68-1),"n.a.") -> 0.060064935 | F69: =IF(AND(ISNUMBER(F67),ISNUMBER(F68)),IF(F68=0,"n.m.",F67/F68-1),"n.a.") -> 0.13175676 | G69: =IF(AND(ISNUMBER(G67),ISNUMBER(G68)),IF(G68=0,"n.m.",G67/G68-1),"n.a.") -> 0.061583578 | H69: =IF(AND(ISNUMBER(H67),ISNUMBER(H68)),IF(H68=0,"n.m.",H67/H68-1),"n.a.") -> 0.11233947
B70: Δ Q/Q ($) | C70: =IF(AND(ISNUMBER(C67),ISNUMBER(G68)),(C67-G68),"n.a.") -> -22 | D70: =IF(AND(ISNUMBER(D67),ISNUMBER(C67)),(D67-C67),"n.a.") -> 31 | F70: =IF(AND(ISNUMBER(F67),ISNUMBER(D67)),(F67-D67),"n.a.") -> -15 | G70: =IF(AND(ISNUMBER(G67),ISNUMBER(F67)),(G67-F67),"n.a.") -> 27 | H70: =IF(AND(ISNUMBER(H67),ISNUMBER(G67)),(H67-G67),"n.a.") -> -7.1637076
B71: % of third-party revenues | C71: =IF(AND(ISNUMBER(C67),ISNUMBER(C95)),IF(C95=0,"n.m.",C67/C95),"n.a.") -> 0.15957979 | D71: =IF(AND(ISNUMBER(D67),ISNUMBER(D95)),IF(D95=0,"n.m.",D67/D95),"n.a.") -> 0.1573741 | E71: =IF(AND(ISNUMBER(E67),ISNUMBER(E95)),IF(E95=0,"n.m.",E67/E95),"n.a.") -> 0.16261985 | F71: =IF(AND(ISNUMBER(F67),ISNUMBER(F95)),IF(F95=0,"n.m.",F67/F95),"n.a.") -> 0.15690867 | G71: =IF(AND(ISNUMBER(G67),ISNUMBER(G95)),IF(G95=0,"n.m.",G67/G95),"n.a.") -> 0.16559927 | H71: =IF(AND(ISNUMBER(H67),ISNUMBER(H95)),IF(H95=0,"n.m.",H67/H95),"n.a.") -> 0.16559927
B72: Organic/M&A/FX: not disclosed | C72: n.a. | D72: n.a. | E72: n.a. | F72: n.a. | G72: n.a. | H72: n.a.
B73: Americas excluding United States | C73: =C61-C67 -> 174 | D73: =D61-D67 -> 197 | E73: =E61-E67 -> 718 | F73: =F61-F67 -> 179 | G73: =G61-G67 -> 179 | H73: =H61-H67 -> 175.45772
B74: Year-ago (derived) | C74: =IF(COUNT(C62,C68)=2,C62-C68,"n.a.") -> n.a. | D74: =IF(COUNT(D62,D68)=2,D62-D68,"n.a.") -> 190 | E74: =IF(COUNT(E62,E68)=2,E62-E68,"n.a.") -> 738 | F74: =IF(COUNT(F62,F68)=2,F62-F68,"n.a.") -> 157 | G74: =IF(COUNT(G62,G68)=2,G62-G68,"n.a.") -> 190 | H74: =IF(COUNT(H62,H68)=2,H62-H68,"n.a.") -> 174
B75: % Y/Y | C75: =IF(AND(ISNUMBER(C73),ISNUMBER(C74)),IF(C74=0,"n.m.",C73/C74-1),"n.a.") -> n.a. | D75: =IF(AND(ISNUMBER(D73),ISNUMBER(D74)),IF(D74=0,"n.m.",D73/D74-1),"n.a.") -> 0.036842105 | E75: =IF(AND(ISNUMBER(E73),ISNUMBER(E74)),IF(E74=0,"n.m.",E73/E74-1),"n.a.") -> -0.027100271 | F75: =IF(AND(ISNUMBER(F73),ISNUMBER(F74)),IF(F74=0,"n.m.",F73/F74-1),"n.a.") -> 0.14012739 | G75: =IF(AND(ISNUMBER(G73),ISNUMBER(G74)),IF(G74=0,"n.m.",G73/G74-1),"n.a.") -> -0.057894737 | H75: =IF(AND(ISNUMBER(H73),ISNUMBER(H74)),IF(H74=0,"n.m.",H73/H74-1),"n.a.") -> 0.008377728
B76: Δ Q/Q ($) | C76: =IF(AND(ISNUMBER(C73),ISNUMBER(G74)),(C73-G74),"n.a.") -> -16 | D76: =IF(AND(ISNUMBER(D73),ISNUMBER(C73)),(D73-C73),"n.a.") -> 23 | F76: =IF(AND(ISNUMBER(F73),ISNUMBER(D73)),(F73-D73),"n.a.") -> -18 | G76: =IF(AND(ISNUMBER(G73),ISNUMBER(F73)),(G73-F73),"n.a.") -> 0 | H76: =IF(AND(ISNUMBER(H73),ISNUMBER(G73)),(H73-G73),"n.a.") -> -3.5422753
B77: Organic/M&A/FX: not disclosed | C77: n.a. | D77: n.a. | E77: n.a. | F77: n.a. | G77: n.a. | H77: n.a.
B78: Asia, Middle East and Africa | C78: =E78-D78-Inputs!$D$182 -> 653 | D78: 740 | E78: 2569 | F78: 654 | G78: 727 | H78: =H95-H55-H61 -> 712.61322 | I78: 3Q26E: third-party total less Europe and Americas
B79: Year-ago (as restated) | C79: n.a. | D79: 681 | E79: 2577 | F79: 541 | G79: 635 | H79: =C78 -> 653
B80: % Y/Y | C80: =IF(AND(ISNUMBER(C78),ISNUMBER(C79)),IF(C79=0,"n.m.",C78/C79-1),"n.a.") -> n.a. | D80: =IF(AND(ISNUMBER(D78),ISNUMBER(D79)),IF(D79=0,"n.m.",D78/D79-1),"n.a.") -> 0.086637298 | E80: =IF(AND(ISNUMBER(E78),ISNUMBER(E79)),IF(E79=0,"n.m.",E78/E79-1),"n.a.") -> -0.0031043849 | F80: =IF(AND(ISNUMBER(F78),ISNUMBER(F79)),IF(F79=0,"n.m.",F78/F79-1),"n.a.") -> 0.20887246 | G80: =IF(AND(ISNUMBER(G78),ISNUMBER(G79)),IF(G79=0,"n.m.",G78/G79-1),"n.a.") -> 0.14488189 | H80: =IF(AND(ISNUMBER(H78),ISNUMBER(H79)),IF(H79=0,"n.m.",H78/H79-1),"n.a.") -> 0.091291297
B81: Δ Q/Q ($) | C81: =IF(AND(ISNUMBER(C78),ISNUMBER(G79)),(C78-G79),"n.a.") -> 18 | D81: =IF(AND(ISNUMBER(D78),ISNUMBER(C78)),(D78-C78),"n.a.") -> 87 | F81: =IF(AND(ISNUMBER(F78),ISNUMBER(D78)),(F78-D78),"n.a.") -> -86 | G81: =IF(AND(ISNUMBER(G78),ISNUMBER(F78)),(G78-F78),"n.a.") -> 73 | H81: =IF(AND(ISNUMBER(H78),ISNUMBER(G78)),(H78-G78),"n.a.") -> -14.386783
B82: % of third-party revenues | C82: =IF(AND(ISNUMBER(C78),ISNUMBER(C95)),IF(C95=0,"n.m.",C78/C95),"n.a.") -> 0.32666333 | D82: =IF(AND(ISNUMBER(D78),ISNUMBER(D95)),IF(D95=0,"n.m.",D78/D95),"n.a.") -> 0.33273381 | E82: =IF(AND(ISNUMBER(E78),ISNUMBER(E95)),IF(E95=0,"n.m.",E78/E95),"n.a.") -> 0.31988544 | F82: =IF(AND(ISNUMBER(F78),ISNUMBER(F95)),IF(F95=0,"n.m.",F78/F95),"n.a.") -> 0.30632319 | G82: =IF(AND(ISNUMBER(G78),ISNUMBER(G95)),IF(G95=0,"n.m.",G78/G95),"n.a.") -> 0.33257091 | H82: =IF(AND(ISNUMBER(H78),ISNUMBER(H95)),IF(H95=0,"n.m.",H78/H95),"n.a.") -> 0.33257091
B83: Organic/M&A/FX: not disclosed | C83: n.a. | D83: n.a. | E83: n.a. | F83: n.a. | G83: n.a. | H83: n.a.
B84: of which China | C84: =E84-D84-Inputs!$D$183 -> 190 | D84: 213 | E84: 742 | F84: 195 | G84: 219 | H84: =H78*G84/G78 -> 214.66615 | I84: 3Q26E: split at 2Q26A mix
B85: Year-ago (as restated) | C85: n.a. | D85: 202 | E85: 808 | F85: 154 | G85: 185 | H85: =C84 -> 190
B86: % Y/Y | C86: =IF(AND(ISNUMBER(C84),ISNUMBER(C85)),IF(C85=0,"n.m.",C84/C85-1),"n.a.") -> n.a. | D86: =IF(AND(ISNUMBER(D84),ISNUMBER(D85)),IF(D85=0,"n.m.",D84/D85-1),"n.a.") -> 0.054455446 | E86: =IF(AND(ISNUMBER(E84),ISNUMBER(E85)),IF(E85=0,"n.m.",E84/E85-1),"n.a.") -> -0.081683168 | F86: =IF(AND(ISNUMBER(F84),ISNUMBER(F85)),IF(F85=0,"n.m.",F84/F85-1),"n.a.") -> 0.26623377 | G86: =IF(AND(ISNUMBER(G84),ISNUMBER(G85)),IF(G85=0,"n.m.",G84/G85-1),"n.a.") -> 0.18378378 | H86: =IF(AND(ISNUMBER(H84),ISNUMBER(H85)),IF(H85=0,"n.m.",H84/H85-1),"n.a.") -> 0.12982187
B87: Δ Q/Q ($) | C87: =IF(AND(ISNUMBER(C84),ISNUMBER(G85)),(C84-G85),"n.a.") -> 5 | D87: =IF(AND(ISNUMBER(D84),ISNUMBER(C84)),(D84-C84),"n.a.") -> 23 | F87: =IF(AND(ISNUMBER(F84),ISNUMBER(D84)),(F84-D84),"n.a.") -> -18 | G87: =IF(AND(ISNUMBER(G84),ISNUMBER(F84)),(G84-F84),"n.a.") -> 24 | H87: =IF(AND(ISNUMBER(H84),ISNUMBER(G84)),(H84-G84),"n.a.") -> -4.3338452
B88: % of third-party revenues | C88: =IF(AND(ISNUMBER(C84),ISNUMBER(C95)),IF(C95=0,"n.m.",C84/C95),"n.a.") -> 0.095047524 | D88: =IF(AND(ISNUMBER(D84),ISNUMBER(D95)),IF(D95=0,"n.m.",D84/D95),"n.a.") -> 0.095773381 | E88: =IF(AND(ISNUMBER(E84),ISNUMBER(E95)),IF(E95=0,"n.m.",E84/E95),"n.a.") -> 0.092391981 | F88: =IF(AND(ISNUMBER(F84),ISNUMBER(F95)),IF(F95=0,"n.m.",F84/F95),"n.a.") -> 0.091334895 | G88: =IF(AND(ISNUMBER(G84),ISNUMBER(G95)),IF(G95=0,"n.m.",G84/G95),"n.a.") -> 0.10018298 | H88: =IF(AND(ISNUMBER(H84),ISNUMBER(H95)),IF(H95=0,"n.m.",H84/H95),"n.a.") -> 0.10018298
B89: Organic/M&A/FX: not disclosed | C89: n.a. | D89: n.a. | E89: n.a. | F89: n.a. | G89: n.a. | H89: n.a.
B90: AMEA excluding China | C90: =C78-C84 -> 463 | D90: =D78-D84 -> 527 | E90: =E78-E84 -> 1827 | F90: =F78-F84 -> 459 | G90: =G78-G84 -> 508 | H90: =H78-H84 -> 497.94706
B91: Year-ago (derived) | C91: =IF(COUNT(C79,C85)=2,C79-C85,"n.a.") -> n.a. | D91: =IF(COUNT(D79,D85)=2,D79-D85,"n.a.") -> 479 | E91: =IF(COUNT(E79,E85)=2,E79-E85,"n.a.") -> 1769 | F91: =IF(COUNT(F79,F85)=2,F79-F85,"n.a.") -> 387 | G91: =IF(COUNT(G79,G85)=2,G79-G85,"n.a.") -> 450 | H91: =IF(COUNT(H79,H85)=2,H79-H85,"n.a.") -> 463
B92: % Y/Y | C92: =IF(AND(ISNUMBER(C90),ISNUMBER(C91)),IF(C91=0,"n.m.",C90/C91-1),"n.a.") -> n.a. | D92: =IF(AND(ISNUMBER(D90),ISNUMBER(D91)),IF(D91=0,"n.m.",D90/D91-1),"n.a.") -> 0.10020877 | E92: =IF(AND(ISNUMBER(E90),ISNUMBER(E91)),IF(E91=0,"n.m.",E90/E91-1),"n.a.") -> 0.032786885 | F92: =IF(AND(ISNUMBER(F90),ISNUMBER(F91)),IF(F91=0,"n.m.",F90/F91-1),"n.a.") -> 0.18604651 | G92: =IF(AND(ISNUMBER(G90),ISNUMBER(G91)),IF(G91=0,"n.m.",G90/G91-1),"n.a.") -> 0.12888889 | H92: =IF(AND(ISNUMBER(H90),ISNUMBER(H91)),IF(H91=0,"n.m.",H90/H91-1),"n.a.") -> 0.075479616
B93: Δ Q/Q ($) | C93: =IF(AND(ISNUMBER(C90),ISNUMBER(G91)),(C90-G91),"n.a.") -> 13 | D93: =IF(AND(ISNUMBER(D90),ISNUMBER(C90)),(D90-C90),"n.a.") -> 64 | F93: =IF(AND(ISNUMBER(F90),ISNUMBER(D90)),(F90-D90),"n.a.") -> -68 | G93: =IF(AND(ISNUMBER(G90),ISNUMBER(F90)),(G90-F90),"n.a.") -> 49 | H93: =IF(AND(ISNUMBER(H90),ISNUMBER(G90)),(H90-G90),"n.a.") -> -10.052938
B94: Organic/M&A/FX: not disclosed | C94: n.a. | D94: n.a. | E94: n.a. | F94: n.a. | G94: n.a. | H94: n.a.
B95: Third-party revenues | C95: =C55+C61+C78 -> 1999 | D95: =D55+D61+D78 -> 2224 | E95: =E55+E61+E78 -> 8031 | F95: =F55+F61+F78 -> 2135 | G95: =G55+G61+G78 -> 2186 | H95: =H36-H115 -> 2142.7407 | I95: Historical = sum of regions; 3Q26E = total revenues less intersegment
B96: Year-ago (derived from regions) | C96: =IF(COUNT(C56,C62,C79)=3,C56+C62+C79,"n.a.") -> n.a. | D96: =IF(COUNT(D56,D62,D79)=3,D56+D62+D79,"n.a.") -> 1953 | E96: =IF(COUNT(E56,E62,E79)=3,E56+E62+E79,"n.a.") -> 7657 | F96: =IF(COUNT(F56,F62,F79)=3,F56+F62+F79,"n.a.") -> 1809 | G96: =IF(COUNT(G56,G62,G79)=3,G56+G62+G79,"n.a.") -> 1999 | H96: =IF(COUNT(H56,H62,H79)=3,H56+H62+H79,"n.a.") -> 1999
B97: % Y/Y | C97: =IF(AND(ISNUMBER(C95),ISNUMBER(C96)),IF(C96=0,"n.m.",C95/C96-1),"n.a.") -> n.a. | D97: =IF(AND(ISNUMBER(D95),ISNUMBER(D96)),IF(D96=0,"n.m.",D95/D96-1),"n.a.") -> 0.13876088 | E97: =IF(AND(ISNUMBER(E95),ISNUMBER(E96)),IF(E96=0,"n.m.",E95/E96-1),"n.a.") -> 0.048844195 | F97: =IF(AND(ISNUMBER(F95),ISNUMBER(F96)),IF(F96=0,"n.m.",F95/F96-1),"n.a.") -> 0.18021006 | G97: =IF(AND(ISNUMBER(G95),ISNUMBER(G96)),IF(G96=0,"n.m.",G95/G96-1),"n.a.") -> 0.093546773 | H97: =IF(AND(ISNUMBER(H95),ISNUMBER(H96)),IF(H96=0,"n.m.",H95/H96-1),"n.a.") -> 0.071906306
B98: Δ Q/Q ($) | C98: =IF(AND(ISNUMBER(C95),ISNUMBER(G96)),(C95-G96),"n.a.") -> 0 | D98: =IF(AND(ISNUMBER(D95),ISNUMBER(C95)),(D95-C95),"n.a.") -> 225 | F98: =IF(AND(ISNUMBER(F95),ISNUMBER(D95)),(F95-D95),"n.a.") -> -89 | G98: =IF(AND(ISNUMBER(G95),ISNUMBER(F95)),(G95-F95),"n.a.") -> 51 | H98: =IF(AND(ISNUMBER(H95),ISNUMBER(G95)),(H95-G95),"n.a.") -> -43.259295
B99: Organic/M&A/FX: not disclosed | C99: n.a. | D99: n.a. | E99: n.a. | F99: n.a. | G99: n.a. | H99: n.a.
B101: Third-party revenues by type
B102: Products | C102: =E102-D102-Inputs!$D$184 -> 1274 | D102: 1391 | E102: 5013 | F102: 1339 | G102: 1368 | H102: =H95*G102/G95 -> 1340.9283
B103: Year-ago (as restated) | C103: n.a. | D103: 1188 | E103: 4865 | F103: 1108 | G103: 1240 | H103: =C102 -> 1274
B104: % Y/Y | C104: =IF(AND(ISNUMBER(C102),ISNUMBER(C103)),IF(C103=0,"n.m.",C102/C103-1),"n.a.") -> n.a. | D104: =IF(AND(ISNUMBER(D102),ISNUMBER(D103)),IF(D103=0,"n.m.",D102/D103-1),"n.a.") -> 0.17087542 | E104: =IF(AND(ISNUMBER(E102),ISNUMBER(E103)),IF(E103=0,"n.m.",E102/E103-1),"n.a.") -> 0.030421377 | F104: =IF(AND(ISNUMBER(F102),ISNUMBER(F103)),IF(F103=0,"n.m.",F102/F103-1),"n.a.") -> 0.20848375 | G104: =IF(AND(ISNUMBER(G102),ISNUMBER(G103)),IF(G103=0,"n.m.",G102/G103-1),"n.a.") -> 0.10322581 | H104: =IF(AND(ISNUMBER(H102),ISNUMBER(H103)),IF(H103=0,"n.m.",H102/H103-1),"n.a.") -> 0.052533995
B105: Δ Q/Q ($) | C105: =IF(AND(ISNUMBER(C102),ISNUMBER(G103)),(C102-G103),"n.a.") -> 34 | D105: =IF(AND(ISNUMBER(D102),ISNUMBER(C102)),(D102-C102),"n.a.") -> 117 | F105: =IF(AND(ISNUMBER(F102),ISNUMBER(D102)),(F102-D102),"n.a.") -> -52 | G105: =IF(AND(ISNUMBER(G102),ISNUMBER(F102)),(G102-F102),"n.a.") -> 29 | H105: =IF(AND(ISNUMBER(H102),ISNUMBER(G102)),(H102-G102),"n.a.") -> -27.071691
B106: % of third-party revenues | C106: =IF(AND(ISNUMBER(C102),ISNUMBER(C95)),IF(C95=0,"n.m.",C102/C95),"n.a.") -> 0.63731866 | D106: =IF(AND(ISNUMBER(D102),ISNUMBER(D95)),IF(D95=0,"n.m.",D102/D95),"n.a.") -> 0.62544964 | E106: =IF(AND(ISNUMBER(E102),ISNUMBER(E95)),IF(E95=0,"n.m.",E102/E95),"n.a.") -> 0.6242062 | F106: =IF(AND(ISNUMBER(F102),ISNUMBER(F95)),IF(F95=0,"n.m.",F102/F95),"n.a.") -> 0.62716628 | G106: =IF(AND(ISNUMBER(G102),ISNUMBER(G95)),IF(G95=0,"n.m.",G102/G95),"n.a.") -> 0.62580055 | H106: =IF(AND(ISNUMBER(H102),ISNUMBER(H95)),IF(H95=0,"n.m.",H102/H95),"n.a.") -> 0.62580055
...

Sheet Income Statement
B2: ABB Ltd (SWX:ABBN)
B3: Income Statement (US GAAP, continuing operations) with GAAP-to-normalized bridge
B4: $ millions, except per share
B6: Period | C6: 3Q25A | D6: 4Q25A | E6: FY25A | F6: 1Q26A | G6: 2Q26A | H6: 3Q26E | I6: Notes
B7: Period end | C7: =DATE(2025,9,30) -> 45930 | D7: =DATE(2025,12,31) -> 46022 | E7: =DATE(2025,12,31) -> 46022 | F7: =DATE(2026,3,31) -> 46112 | G7: =DATE(2026,6,30) -> 46203 | H7: =DATE(2026,9,30) -> 46295
B8: Days in period | C8: =C7-DATE(2025,6,30) -> 92 | D8: =D7-C7 -> 92 | E8: =E7-DATE(2024,12,31) -> 365 | F8: =F7-D7 -> 90 | G8: =G7-F7 -> 91 | H8: =H7-G7 -> 92
B10: Income statement
B11: Sales of products | C11: =E11-D11-Inputs!$D$194 -> 7120 | D11: 7484 | E11: 27669 | F11: 7339 | G11: 7984 | H11: ='Revenue summary'!H46*H16 -> 8159.4886
B12: Year-ago sales of products | C12: n.a. | D12: 6634 | E12: 25531 | F12: 6156 | G12: 6909 | H12: =C11 -> 7120
B13: % Y/Y | C13: =IF(AND(ISNUMBER(C11),ISNUMBER(C12)),IF(C12=0,"n.m.",C11/C12-1),"n.a.") -> n.a. | D13: =IF(AND(ISNUMBER(D11),ISNUMBER(D12)),IF(D12=0,"n.m.",D11/D12-1),"n.a.") -> 0.12812783 | E13: =IF(AND(ISNUMBER(E11),ISNUMBER(E12)),IF(E12=0,"n.m.",E11/E12-1),"n.a.") -> 0.083741334 | F13: =IF(AND(ISNUMBER(F11),ISNUMBER(F12)),IF(F12=0,"n.m.",F11/F12-1),"n.a.") -> 0.19217024 | G13: =IF(AND(ISNUMBER(G11),ISNUMBER(G12)),IF(G12=0,"n.m.",G11/G12-1),"n.a.") -> 0.15559415 | H13: =IF(AND(ISNUMBER(H11),ISNUMBER(H12)),IF(H12=0,"n.m.",H11/H12-1),"n.a.") -> 0.14599558
B14: Δ Q/Q ($) | C14: =IF(AND(ISNUMBER(C11),ISNUMBER(G12)),(C11-G12),"n.a.") -> 211 | D14: =IF(AND(ISNUMBER(D11),ISNUMBER(C11)),(D11-C11),"n.a.") -> 364 | F14: =IF(AND(ISNUMBER(F11),ISNUMBER(D11)),(F11-D11),"n.a.") -> -145 | G14: =IF(AND(ISNUMBER(G11),ISNUMBER(F11)),(G11-F11),"n.a.") -> 645 | H14: =IF(AND(ISNUMBER(H11),ISNUMBER(G11)),(H11-G11),"n.a.") -> 175.48856
B15: Organic / M&A / FX split: not disclosed by type | C15: n.a. | D15: n.a. | E15: n.a. | F15: n.a. | G15: n.a. | H15: n.a.
B16: Products % of total revenues | C16: =IF(AND(ISNUMBER(C11),ISNUMBER(C24)),IF(C24=0,"n.m.",C11/C24),"n.a.") -> 0.83853492 | D16: =IF(AND(ISNUMBER(D11),ISNUMBER(D24)),IF(D24=0,"n.m.",D11/D24),"n.a.") -> 0.82677861 | E16: =IF(AND(ISNUMBER(E11),ISNUMBER(E24)),IF(E24=0,"n.m.",E11/E24),"n.a.") -> 0.83290187 | F16: =IF(AND(ISNUMBER(F11),ISNUMBER(F24)),IF(F24=0,"n.m.",F11/F24),"n.a.") -> 0.84027937 | G16: =IF(AND(ISNUMBER(G11),ISNUMBER(G24)),IF(G24=0,"n.m.",G11/G24),"n.a.") -> 0.84263852 | H16: 0.843 | I16: 3Q26E at ~2Q26A share (84.3%)
B17: Δ Y/Y (bps) | C17: n.a. | D17: n.a. | E17: n.a. | F17: n.a. | G17: n.a. | H17: =IF(AND(ISNUMBER(H16),ISNUMBER(C16)),(H16-C16)*10000,"n.a.") -> 44.650807
B18: Δ Q/Q (bps) | C18: n.a. | D18: =IF(AND(ISNUMBER(D16),ISNUMBER(C16)),(D16-C16)*10000,"n.a.") -> -117.56307 | F18: =IF(AND(ISNUMBER(F16),ISNUMBER(D16)),(F16-D16)*10000,"n.a.") -> 135.00756 | G18: =IF(AND(ISNUMBER(G16),ISNUMBER(F16)),(G16-F16)*10000,"n.a.") -> 23.591544 | H18: =IF(AND(ISNUMBER(H16),ISNUMBER(G16)),(H16-G16)*10000,"n.a.") -> 3.6147757
B19: Sales of services and other | C19: =E19-D19-Inputs!$D$195 -> 1371 | D19: 1568 | E19: 5551 | F19: 1395 | G19: 1491 | H19: ='Revenue summary'!H46-H11 -> 1519.6201
B20: Year-ago sales of services and other | C20: n.a. | D20: 1362 | E20: 5052 | F20: 1226 | G20: 1386 | H20: =C19 -> 1371
B21: % Y/Y | C21: =IF(AND(ISNUMBER(C19),ISNUMBER(C20)),IF(C20=0,"n.m.",C19/C20-1),"n.a.") -> n.a. | D21: =IF(AND(ISNUMBER(D19),ISNUMBER(D20)),IF(D20=0,"n.m.",D19/D20-1),"n.a.") -> 0.15124816 | E21: =IF(AND(ISNUMBER(E19),ISNUMBER(E20)),IF(E20=0,"n.m.",E19/E20-1),"n.a.") -> 0.098772763 | F21: =IF(AND(ISNUMBER(F19),ISNUMBER(F20)),IF(F20=0,"n.m.",F19/F20-1),"n.a.") -> 0.13784666 | G21: =IF(AND(ISNUMBER(G19),ISNUMBER(G20)),IF(G20=0,"n.m.",G19/G20-1),"n.a.") -> 0.075757576 | H21: =IF(AND(ISNUMBER(H19),ISNUMBER(H20)),IF(H20=0,"n.m.",H19/H20-1),"n.a.") -> 0.10840266
B22: Δ Q/Q ($) | C22: =IF(AND(ISNUMBER(C19),ISNUMBER(G20)),(C19-G20),"n.a.") -> -15 | D22: =IF(AND(ISNUMBER(D19),ISNUMBER(C19)),(D19-C19),"n.a.") -> 197 | F22: =IF(AND(ISNUMBER(F19),ISNUMBER(D19)),(F19-D19),"n.a.") -> -173 | G22: =IF(AND(ISNUMBER(G19),ISNUMBER(F19)),(G19-F19),"n.a.") -> 96 | H22: =IF(AND(ISNUMBER(H19),ISNUMBER(G19)),(H19-G19),"n.a.") -> 28.620052
B23: Organic / M&A / FX split: not disclosed by type | C23: n.a. | D23: n.a. | E23: n.a. | F23: n.a. | G23: n.a. | H23: n.a.
B24: Total revenues | C24: =C11+C19 -> 8491 | D24: =D11+D19 -> 9052 | E24: =E11+E19 -> 33220 | F24: =F11+F19 -> 8734 | G24: =G11+G19 -> 9475 | H24: =H11+H19 -> 9679.1086
B25: Year-ago total revenues | C25: ='Revenue summary'!C47 -> n.a. | D25: ='Revenue summary'!D47 -> 7996 | E25: ='Revenue summary'!E47 -> 30583 | F25: ='Revenue summary'!F47 -> 7382 | G25: ='Revenue summary'!G47 -> 8295 | H25: ='Revenue summary'!H47 -> 8491
B26: % Y/Y | C26: =IF(AND(ISNUMBER(C24),ISNUMBER(C25)),IF(C25=0,"n.m.",C24/C25-1),"n.a.") -> n.a. | D26: =IF(AND(ISNUMBER(D24),ISNUMBER(D25)),IF(D25=0,"n.m.",D24/D25-1),"n.a.") -> 0.13206603 | E26: =IF(AND(ISNUMBER(E24),ISNUMBER(E25)),IF(E25=0,"n.m.",E24/E25-1),"n.a.") -> 0.086224373 | F26: =IF(AND(ISNUMBER(F24),ISNUMBER(F25)),IF(F25=0,"n.m.",F24/F25-1),"n.a.") -> 0.1831482 | G26: =IF(AND(ISNUMBER(G24),ISNUMBER(G25)),IF(G25=0,"n.m.",G24/G25-1),"n.a.") -> 0.14225437 | H26: =IF(AND(ISNUMBER(H24),ISNUMBER(H25)),IF(H25=0,"n.m.",H24/H25-1),"n.a.") -> 0.13992564
B27: % Q/Q | C27: =IF(AND(ISNUMBER(C24),ISNUMBER(G25)),IF(G25=0,"n.m.",C24/G25-1),"n.a.") -> 0.023628692 | D27: =IF(AND(ISNUMBER(D24),ISNUMBER(C24)),IF(C24=0,"n.m.",D24/C24-1),"n.a.") -> 0.066069956 | F27: =IF(AND(ISNUMBER(F24),ISNUMBER(D24)),IF(D24=0,"n.m.",F24/D24-1),"n.a.") -> -0.035130358 | G27: =IF(AND(ISNUMBER(G24),ISNUMBER(F24)),IF(F24=0,"n.m.",G24/F24-1),"n.a.") -> 0.084840852 | H27: =IF(AND(ISNUMBER(H24),ISNUMBER(G24)),IF(G24=0,"n.m.",H24/G24-1),"n.a.") -> 0.021541806
B28: Cost of sales of products | C28: =E28-D28-Inputs!$D$196 -> -4284 | D28: -4524 | E28: -16581 | F28: -4506 | G28: -4919 | H28: =H30*G28/G30 -> -4985.7204
B29: Cost of services and other | C29: =E29-D29-Inputs!$D$197 -> -709 | D29: -870 | E29: -2999 | F29: -788 | G29: -763 | H29: =H30-H28 -> -773.34919
B30: Total cost of sales | C30: =C28+C29 -> -4993 | D30: =D28+D29 -> -5394 | E30: =E28+E29 -> -19580 | F30: =F28+F29 -> -5294 | G30: =G28+G29 -> -5682 | H30: =-H24*(1-H32) -> -5759.0696
B31: Gross profit | C31: =C24+C30 -> 3498 | D31: =D24+D30 -> 3658 | E31: =E24+E30 -> 13640 | F31: =F24+F30 -> 3440 | G31: =G24+G30 -> 3793 | H31: =H24+H30 -> 3920.039
B32: Gross margin | C32: =IF(AND(ISNUMBER(C31),ISNUMBER(C24)),IF(C24=0,"n.m.",C31/C24),"n.a.") -> 0.41196561 | D32: =IF(AND(ISNUMBER(D31),ISNUMBER(D24)),IF(D24=0,"n.m.",D31/D24),"n.a.") -> 0.40410959 | E32: =IF(AND(ISNUMBER(E31),ISNUMBER(E24)),IF(E24=0,"n.m.",E31/E24),"n.a.") -> 0.41059603 | F32: =IF(AND(ISNUMBER(F31),ISNUMBER(F24)),IF(F24=0,"n.m.",F31/F24),"n.a.") -> 0.39386306 | G32: =IF(AND(ISNUMBER(G31),ISNUMBER(G24)),IF(G24=0,"n.m.",G31/G24),"n.a.") -> 0.40031662 | H32: 0.405 | I32: 3Q26E assumption 40.5% (3Q25A 41.2%; 2Q26A 40.0% incl. ~50bp derivative drag). Presentation only: GAAP gross profit / SG&A / R&D lines do not drive IFO or EPS (see I46)
B33: Year-ago gross profit | C33: n.a. | D33: 2982 | E33: 12001 | F33: 3122 | G33: 3362 | H33: =C31 -> 3498
B34: Δ gross margin Y/Y (bps) | C34: =IF(COUNT(C33,C25)=2,(C32-C33/C25)*10000,"n.a.") -> n.a. | D34: =IF(COUNT(D33,D25)=2,(D32-D33/D25)*10000,"n.a.") -> 311.73121 | E34: =IF(COUNT(E33,E25)=2,(E32-E33/E25)*10000,"n.a.") -> 181.8848 | F34: =IF(COUNT(F33,F25)=2,(F32-F33/F25)*10000,"n.a.") -> -290.57554 | G34: =IF(COUNT(G33,G25)=2,(G32-G33/G25)*10000,"n.a.") -> -49.877775 | H34: =IF(COUNT(H33,H25)=2,(H32-H33/H25)*10000,"n.a.") -> -69.656106
B35: Δ gross margin Q/Q (bps) | C35: n.a. | D35: =IF(AND(ISNUMBER(D32),ISNUMBER(C32)),(D32-C32)*10000,"n.a.") -> -78.560216 | F35: =IF(AND(ISNUMBER(F32),ISNUMBER(D32)),(F32-D32)*10000,"n.a.") -> -102.46525 | G35: =IF(AND(ISNUMBER(G32),ISNUMBER(F32)),(G32-F32)*10000,"n.a.") -> 64.535588 | H35: =IF(AND(ISNUMBER(H32),ISNUMBER(G32)),(H32-G32)*10000,"n.a.") -> 46.833773
B36: SG&A expenses | C36: =E36-D36-Inputs!$D$198 -> -1619 | D36: -1769 | E36: -6593 | F36: -1675 | G36: -1725 | H36: =-H24*H37 -> -1742.2396
B37: % of revenues | C37: =IF(AND(ISNUMBER(-C36),ISNUMBER(C24)),IF(C24=0,"n.m.",-C36/C24),"n.a.") -> 0.19067248 | D37: =IF(AND(ISNUMBER(-D36),ISNUMBER(D24)),IF(D24=0,"n.m.",-D36/D24),"n.a.") -> 0.19542643 | E37: =IF(AND(ISNUMBER(-E36),ISNUMBER(E24)),IF(E24=0,"n.m.",-E36/E24),"n.a.") -> 0.19846478 | F37: =IF(AND(ISNUMBER(-F36),ISNUMBER(F24)),IF(F24=0,"n.m.",-F36/F24),"n.a.") -> 0.19177925 | G37: =IF(AND(ISNUMBER(-G36),ISNUMBER(G24)),IF(G24=0,"n.m.",-G36/G24),"n.a.") -> 0.18205805 | H37: 0.18 | I37: 3Q26E assumption (2Q26A 18.2%, declining trend)
B38: Year-ago SG&A | C38: n.a. | D38: -1565 | E38: -5980 | F38: -1534 | G38: -1671 | H38: =C36 -> -1619
B39: Δ Y/Y (bps) | C39: =IF(COUNT(C37,C38,C25)=3,(C37-(-C38/C25))*10000,"n.a.") -> n.a. | D39: =IF(COUNT(D37,D38,D25)=3,(D37-(-D38/D25))*10000,"n.a.") -> -2.9643633 | E39: =IF(COUNT(E37,E38,E25)=3,(E37-(-E38/E25))*10000,"n.a.") -> 29.313139 | F39: =IF(COUNT(F37,F38,F25)=3,(F37-(-F38/F25))*10000,"n.a.") -> -160.2351 | G39: =IF(COUNT(G37,G38,G25)=3,(G37-(-G38/G25))*10000,"n.a.") -> -193.88607 | H39: =IF(COUNT(H37,H38,H25)=3,(H37-(-H38/H25))*10000,"n.a.") -> -106.72477
B40: Δ Q/Q (bps) | C40: n.a. | D40: =IF(AND(ISNUMBER(D37),ISNUMBER(C37)),(D37-C37)*10000,"n.a.") -> 47.539484 | F40: =IF(AND(ISNUMBER(F37),ISNUMBER(D37)),(F37-D37)*10000,"n.a.") -> -36.471716 | G40: =IF(AND(ISNUMBER(G37),ISNUMBER(F37)),(G37-F37)*10000,"n.a.") -> -97.21206 | H40: =IF(AND(ISNUMBER(H37),ISNUMBER(G37)),(H37-G37)*10000,"n.a.") -> -20.580475
B41: Non-order related R&D | C41: =E41-D41-Inputs!$D$199 -> -326 | D41: -369 | E41: -1318 | F41: -333 | G41: -371 | H41: =-H24*H42 -> -377.48524
B42: % of revenues | C42: =IF(AND(ISNUMBER(-C41),ISNUMBER(C24)),IF(C24=0,"n.m.",-C41/C24),"n.a.") -> 0.038393593 | D42: =IF(AND(ISNUMBER(-D41),ISNUMBER(D24)),IF(D24=0,"n.m.",-D41/D24),"n.a.") -> 0.040764472 | E42: =IF(AND(ISNUMBER(-E41),ISNUMBER(E24)),IF(E24=0,"n.m.",-E41/E24),"n.a.") -> 0.039674895 | F42: =IF(AND(ISNUMBER(-F41),ISNUMBER(F24)),IF(F24=0,"n.m.",-F41/F24),"n.a.") -> 0.038126861 | G42: =IF(AND(ISNUMBER(-G41),ISNUMBER(G24)),IF(G24=0,"n.m.",-G41/G24),"n.a.") -> 0.039155673 | H42: 0.039 | I42: 3Q26E assumption (2Q26A 3.9%)
B43: Year-ago R&D | C43: n.a. | D43: -358 | E43: -1268 | F43: -303 | G43: -320 | H43: =C41 -> -326
B44: Δ Y/Y (bps) | C44: =IF(COUNT(C42,C43,C25)=3,(C42-(-C43/C25))*10000,"n.a.") -> n.a. | D44: =IF(COUNT(D42,D43,D25)=3,(D42-(-D43/D25))*10000,"n.a.") -> -40.079143 | E44: =IF(COUNT(E42,E43,E25)=3,(E42-(-E43/E25))*10000,"n.a.") -> -17.860477 | F44: =IF(COUNT(F42,F43,F25)=3,(F42-(-F43/F25))*10000,"n.a.") -> -29.189265 | G44: =IF(COUNT(G42,G43,G25)=3,(G42-(-G43/G25))*10000,"n.a.") -> 5.7821652 | H44: =IF(COUNT(H42,H43,H25)=3,(H42-(-H43/H25))*10000,"n.a.") -> 6.0640678
B45: Δ Q/Q (bps) | C45: n.a. | D45: =IF(AND(ISNUMBER(D42),ISNUMBER(C42)),(D42-C42)*10000,"n.a.") -> 23.708787 | F45: =IF(AND(ISNUMBER(F42),ISNUMBER(D42)),(F42-D42)*10000,"n.a.") -> -26.376114 | G45: =IF(AND(ISNUMBER(G42),ISNUMBER(F42)),(G42-F42)*10000,"n.a.") -> 10.288123 | H45: =IF(AND(ISNUMBER(H42),ISNUMBER(G42)),(H42-G42)*10000,"n.a.") -> -1.5567282
B46: Other income (expense), net | C46: =E46-D46-Inputs!$D$200 -> 49 | D46: -15 | E46: 318 | F46: 348 | G46: -112 | H46: =H153-H31-H36-H41 -> 38.792934 | I46: 3Q26E = balancing (residual) item: IFO is set by Operational EBITA less guided non-operational items, so H32/H37/H42 only reallocate between gross profit, SG&A, R&D and this line. Residual is an assumption, not an independent check
B47: Income from operations | C47: =C31+C36+C41+C46 -> 1602 | D47: =D31+D36+D41+D46 -> 1505 | E47: =E31+E36+E41+E46 -> 6047 | F47: =F31+F36+F41+F46 -> 1780 | G47: =G31+G36+G41+G46 -> 1585 | H47: =H31+H36+H41+H46 -> 1839.1071
B48: Operating margin (IFO) | C48: =IF(AND(ISNUMBER(C47),ISNUMBER(C24)),IF(C24=0,"n.m.",C47/C24),"n.a.") -> 0.18867036 | D48: =IF(AND(ISNUMBER(D47),ISNUMBER(D24)),IF(D24=0,"n.m.",D47/D24),"n.a.") -> 0.1662616 | E48: =IF(AND(ISNUMBER(E47),ISNUMBER(E24)),IF(E24=0,"n.m.",E47/E24),"n.a.") -> 0.1820289 | F48: =IF(AND(ISNUMBER(F47),ISNUMBER(F24)),IF(F24=0,"n.m.",F47/F24),"n.a.") -> 0.20380124 | G48: =IF(AND(ISNUMBER(G47),ISNUMBER(G24)),IF(G24=0,"n.m.",G47/G24),"n.a.") -> 0.16728232 | H48: =IF(AND(ISNUMBER(H47),ISNUMBER(H24)),IF(H24=0,"n.m.",H47/H24),"n.a.") -> 0.1900079
B49: Δ Y/Y (bps) | C49: =IF(COUNT(C48,C51,C25)=3,(C48-(C51/C25))*10000,"n.a.") -> n.a. | D49: =IF(COUNT(D48,D51,D25)=3,(D48-(D51/D25))*10000,"n.a.") -> 294.4319 | E49: =IF(COUNT(E48,E51,E25)=3,(E48-(E51/E25))*10000,"n.a.") -> 272.04323 | F49: =IF(COUNT(F48,F51,F25)=3,(F48-(F51/F25))*10000,"n.a.") -> 41.263517 | G49: =IF(COUNT(G48,G51,G25)=3,(G48-(G51/G25))*10000,"n.a.") -> -94.506498 | H49: =IF(COUNT(H48,H51,H25)=3,(H48-(H51/H25))*10000,"n.a.") -> 13.375467
B50: Δ Q/Q (bps) | C50: n.a. | D50: =IF(AND(ISNUMBER(D48),ISNUMBER(C48)),(D48-C48)*10000,"n.a.") -> -224.08757 | F50: =IF(AND(ISNUMBER(F48),ISNUMBER(D48)),(F48-D48)*10000,"n.a.") -> 375.39637 | G50: =IF(AND(ISNUMBER(G48),ISNUMBER(F48)),(G48-F48)*10000,"n.a.") -> -365.18915 | H50: =IF(AND(ISNUMBER(H48),ISNUMBER(G48)),(H48-G48)*10000,"n.a.") -> 227.25582
B51: Year-ago IFO | C51: n.a. | D51: 1094 | E51: 4735 | F51: 1474 | G51: 1466 | H51: =C47 -> 1602
B52: % Y/Y | C52: =IF(AND(ISNUMBER(C47),ISNUMBER(C51)),IF(C51=0,"n.m.",C47/C51-1),"n.a.") -> n.a. | D52: =IF(AND(ISNUMBER(D47),ISNUMBER(D51)),IF(D51=0,"n.m.",D47/D51-1),"n.a.") -> 0.37568556 | E52: =IF(AND(ISNUMBER(E47),ISNUMBER(E51)),IF(E51=0,"n.m.",E47/E51-1),"n.a.") -> 0.27708553 | F52: =IF(AND(ISNUMBER(F47),ISNUMBER(F51)),IF(F51=0,"n.m.",F47/F51-1),"n.a.") -> 0.20759837 | G52: =IF(AND(ISNUMBER(G47),ISNUMBER(G51)),IF(G51=0,"n.m.",G47/G51-1),"n.a.") -> 0.081173261 | H52: =IF(AND(ISNUMBER(H47),ISNUMBER(H51)),IF(H51=0,"n.m.",H47/H51-1),"n.a.") -> 0.14800695
B53: Interest and dividend income | C53: =E53-D53-Inputs!$D$201 -> 47 | D53: 61 | E53: 203 | F53: 49 | G53: 41 | H53: 52 | I53: 3Q26E assumption; FY26 finance net guided ~150
B54: Δ Y/Y ($) | C54: n.a. | D54: n.a. | E54: n.a. | F54: n.a. | G54: n.a. | H54: =IF(AND(ISNUMBER(H53),ISNUMBER(C53)),(H53-C53),"n.a.") -> 5
B55: Δ Q/Q ($) | C55: n.a. | D55: =IF(AND(ISNUMBER(D53),ISNUMBER(C53)),(D53-C53),"n.a.") -> 14 | F55: =IF(AND(ISNUMBER(F53),ISNUMBER(D53)),(F53-D53),"n.a.") -> -12 | G55: =IF(AND(ISNUMBER(G53),ISNUMBER(F53)),(G53-F53),"n.a.") -> -8 | H55: =IF(AND(ISNUMBER(H53),ISNUMBER(G53)),(H53-G53),"n.a.") -> 11
B56: Interest and other finance expense | C56: =E56-D56-Inputs!$D$202 -> -24 | D56: -13 | E56: -86 | F56: -29 | G56: -9 | H56: -12 | I56: 3Q26E assumption. No Rotork scope or pre-close financing modeled: completion expected 1H 2027, cash-funded by redeploying expected Robotics proceeds (S3 'Planned acquisition' note; S4). Any pre-close financing by 30-Sep-26 not evidenced (unresolved)
B57: Δ Y/Y ($) | C57: n.a. | D57: n.a. | E57: n.a. | F57: n.a. | G57: n.a. | H57: =IF(AND(ISNUMBER(H56),ISNUMBER(C56)),(H56-C56),"n.a.") -> 12
B58: Δ Q/Q ($) | C58: n.a. | D58: =IF(AND(ISNUMBER(D56),ISNUMBER(C56)),(D56-C56),"n.a.") -> 11 | F58: =IF(AND(ISNUMBER(F56),ISNUMBER(D56)),(F56-D56),"n.a.") -> -16 | G58: =IF(AND(ISNUMBER(G56),ISNUMBER(F56)),(G56-F56),"n.a.") -> 20 | H58: =IF(AND(ISNUMBER(H56),ISNUMBER(G56)),(H56-G56),"n.a.") -> -3
B59: Finance net | C59: =C53+C56 -> 23 | D59: =D53+D56 -> 48 | E59: =E53+E56 -> 117 | F59: =F53+F56 -> 20 | G59: =G53+G56 -> 32 | H59: =H53+H56 -> 40
B60: Non-operational pension (cost) credit | C60: =E60-D60-Inputs!$D$203 -> 12 | D60: 13 | E60: 55 | F60: 18 | G60: 17 | H60: 17 | I60: 3Q26E assumption ~2Q26A
B61: Δ Y/Y ($) | C61: n.a. | D61: n.a. | E61: n.a. | F61: n.a. | G61: n.a. | H61: =IF(AND(ISNUMBER(H60),ISNUMBER(C60)),(H60-C60),"n.a.") -> 5
B62: Δ Q/Q ($) | C62: n.a. | D62: =IF(AND(ISNUMBER(D60),ISNUMBER(C60)),(D60-C60),"n.a.") -> 1 | F62: =IF(AND(ISNUMBER(F60),ISNUMBER(D60)),(F60-D60),"n.a.") -> 5 | G62: =IF(AND(ISNUMBER(G60),ISNUMBER(F60)),(G60-F60),"n.a.") -> -1 | H62: =IF(AND(ISNUMBER(H60),ISNUMBER(G60)),(H60-G60),"n.a.") -> 0
B63: Income before taxes (continuing) | C63: =C47+C59+C60 -> 1637 | D63: =D47+D59+D60 -> 1566 | E63: =E47+E59+E60 -> 6219 | F63: =F47+F59+F60 -> 1818 | G63: =G47+G59+G60 -> 1634 | H63: =H47+H59+H60 -> 1896.1071
B64: Income tax expense | C64: =E64-D64-Inputs!$D$204 -> -430 | D64: -292 | E64: -1570 | F64: -467 | G64: -416 | H64: =-H63*H65 -> -479.71511
B65: Effective tax rate | C65: =IF(AND(ISNUMBER(-C64),ISNUMBER(C63)),IF(C63=0,"n.m.",-C64/C63),"n.a.") -> 0.26267563 | D65: =IF(AND(ISNUMBER(-D64),ISNUMBER(D63)),IF(D63=0,"n.m.",-D64/D63),"n.a.") -> 0.18646232 | E65: =IF(AND(ISNUMBER(-E64),ISNUMBER(E63)),IF(E63=0,"n.m.",-E64/E63),"n.a.") -> 0.25245216 | F65: =IF(AND(ISNUMBER(-F64),ISNUMBER(F63)),IF(F63=0,"n.m.",-F64/F63),"n.a.") -> 0.25687569 | G65: =IF(AND(ISNUMBER(-G64),ISNUMBER(G63)),IF(G63=0,"n.m.",-G64/G63),"n.a.") -> 0.25458996 | H65: 0.253 | I65: 3Q26E assumption: between 1H26A 25.6% and FY26 guide ~25%
B66: Year-ago income tax expense | C66: n.a. | D66: -217 | E66: -1197 | F66: -444 | G66: -404 | H66: =C64 -> -430
B67: Year-ago income before taxes | C67: n.a. | D67: 1165 | E67: 4923 | F67: 1499 | G67: 1517 | H67: =C63 -> 1637
B68: Δ Y/Y (bps) | C68: =IF(COUNT(C65,C66,C67)=3,(C65-(-C66/C67))*10000,"n.a.") -> n.a. | D68: =IF(COUNT(D65,D66,D67)=3,(D65-(-D66/D67))*10000,"n.a.") -> 1.9622997 | E68: =IF(COUNT(E65,E66,E67)=3,(E65-(-E66/E67))*10000,"n.a.") -> 93.077386 | F68: =IF(COUNT(F65,F66,F67)=3,(F65-(-F66/F67))*10000,"n.a.") -> -393.21777 | G68: =IF(COUNT(G65,G66,G67)=3,(G65-(-G66/G67))*10000,"n.a.") -> -117.25132 | H68: =IF(COUNT(H65,H66,H67)=3,(H65-(-H66/H67))*10000,"n.a.") -> -96.756261
B69: Δ Q/Q (bps) | C69: n.a. | D69: =IF(AND(ISNUMBER(D65),ISNUMBER(C65)),(D65-C65)*10000,"n.a.") -> -762.13302 | F69: =IF(AND(ISNUMBER(F65),ISNUMBER(D65)),(F65-D65)*10000,"n.a.") -> 704.13363 | G69: =IF(AND(ISNUMBER(G65),ISNUMBER(F65)),(G65-F65)*10000,"n.a.") -> -22.857243 | H69: =IF(AND(ISNUMBER(H65),ISNUMBER(G65)),(H65-G65)*10000,"n.a.") -> -15.899633
B70: Income from continuing ops | C70: =C63+C64 -> 1207 | D70: =D63+D64 -> 1274 | E70: =E63+E64 -> 4649 | F70: =F63+F64 -> 1351 | G70: =G63+G64 -> 1218 | H70: =H63+H64 -> 1416.392
B71: Discontinued ops (Robotics), net | C71: =E71-D71-Inputs!$D$205 -> 37 | D71: 6 | E71: 174 | F71: -18 | G71: 38 | H71: 20 | I71: 3Q26E assumption; Robotics sale to SoftBank had not closed by 30-Sep-26 (ABB pre-Q3 consensus note), so no book gain
B72: Δ Y/Y ($) | C72: n.a. | D72: n.a. | E72: n.a. | F72: n.a. | G72: n.a. | H72: =IF(AND(ISNUMBER(H71),ISNUMBER(C71)),(H71-C71),"n.a.") -> -17
B73: Δ Q/Q ($) | C73: n.a. | D73: =IF(AND(ISNUMBER(D71),ISNUMBER(C71)),(D71-C71),"n.a.") -> -31 | F73: =IF(AND(ISNUMBER(F71),ISNUMBER(D71)),(F71-D71),"n.a.") -> -24 | G73: =IF(AND(ISNUMBER(G71),ISNUMBER(F71)),(G71-F71),"n.a.") -> 56 | H73: =IF(AND(ISNUMBER(H71),ISNUMBER(G71)),(H71-G71),"n.a.") -> -18
B74: Net income | C74: =C70+C71 -> 1244 | D74: =D70+D71 -> 1280 | E74: =E70+E71 -> 4823 | F74: =F70+F71 -> 1333 | G74: =G70+G71 -> 1256 | H74: =H70+H71 -> 1436.392
B75: Noncontrolling interests | C75: =E75-D75-Inputs!$D$206 -> -36 | D75: -7 | E75: -89 | F75: -9 | G75: -25 | H75: -25 | I75: 3Q26E assumption (continuing-ops NCI 2Q26A 26, 3Q25A 35)
B76: Δ Y/Y ($) | C76: n.a. | D76: n.a. | E76: n.a. | F76: n.a. | G76: n.a. | H76: =IF(AND(ISNUMBER(H75),ISNUMBER(C75)),(H75-C75),"n.a.") -> 11
B77: Δ Q/Q ($) | C77: n.a. | D77: =IF(AND(ISNUMBER(D75),ISNUMBER(C75)),(D75-C75),"n.a.") -> 29 | F77: =IF(AND(ISNUMBER(F75),ISNUMBER(D75)),(F75-D75),"n.a.") -> -2 | G77: =IF(AND(ISNUMBER(G75),ISNUMBER(F75)),(G75-F75),"n.a.") -> -16 | H77: =IF(AND(ISNUMBER(H75),ISNUMBER(G75)),(H75-G75),"n.a.") -> 0
B78: Net income attributable to ABB | C78: =C74+C75 -> 1208 | D78: =D74+D75 -> 1273 | E78: =E74+E75 -> 4734 | F78: =F74+F75 -> 1324 | G78: =G74+G75 -> 1231 | H78: =H74+H75 -> 1411.392
B79: Net margin | C79: =IF(AND(ISNUMBER(C78),ISNUMBER(C24)),IF(C24=0,"n.m.",C78/C24),"n.a.") -> 0.14226828 | D79: =IF(AND(ISNUMBER(D78),ISNUMBER(D24)),IF(D24=0,"n.m.",D78/D24),"n.a.") -> 0.1406319 | E79: =IF(AND(ISNUMBER(E78),ISNUMBER(E24)),IF(E24=0,"n.m.",E78/E24),"n.a.") -> 0.14250452 | F79: =IF(AND(ISNUMBER(F78),ISNUMBER(F24)),IF(F24=0,"n.m.",F78/F24),"n.a.") -> 0.15159148 | G79: =IF(AND(ISNUMBER(G78),ISNUMBER(G24)),IF(G24=0,"n.m.",G78/G24),"n.a.") -> 0.12992084 | H79: =IF(AND(ISNUMBER(H78),ISNUMBER(H24)),IF(H24=0,"n.m.",H78/H24),"n.a.") -> 0.14581839
B80: Δ Y/Y (bps) | C80: =IF(COUNT(C79,C82,C25)=3,(C79-(C82/C25))*10000,"n.a.") -> n.a. | D80: =IF(COUNT(D79,D82,D25)=3,(D79-(D82/D25))*10000,"n.a.") -> 171.95186 | E80: =IF(COUNT(E79,E82,E25)=3,(E79-(E82/E25))*10000,"n.a.") -> 138.38263 | F80: =IF(COUNT(F79,F82,F25)=3,(F79-(F82/F25))*10000,"n.a.") -> 23.094442 | G80: =IF(COUNT(G79,G82,G25)=3,(G79-(G82/G25))*10000,"n.a.") -> -88.374438 | H80: =IF(COUNT(H79,H82,H25)=3,(H79-(H82/H25))*10000,"n.a.") -> 35.501055
B81: Δ Q/Q (bps) | C81: n.a. | D81: =IF(AND(ISNUMBER(D79),ISNUMBER(C79)),(D79-C79)*10000,"n.a.") -> -16.363795 | F81: =IF(AND(ISNUMBER(F79),ISNUMBER(D79)),(F79-D79)*10000,"n.a.") -> 109.59577 | G81: =IF(AND(ISNUMBER(G79),ISNUMBER(F79)),(G79-F79)*10000,"n.a.") -> -216.70637 | H81: =IF(AND(ISNUMBER(H79),ISNUMBER(G79)),(H79-G79)*10000,"n.a.") -> 158.97545
B82: Year-ago net income (ABB) | C82: 947 | D82: 987 | E82: 3935 | F82: 1102 | G82: 1151 | H82: =C78 -> 1208
B83: % Y/Y | C83: =IF(AND(ISNUMBER(C78),ISNUMBER(C82)),IF(C82=0,"n.m.",C78/C82-1),"n.a.") -> 0.27560718 | D83: =IF(AND(ISNUMBER(D78),ISNUMBER(D82)),IF(D82=0,"n.m.",D78/D82-1),"n.a.") -> 0.28976697 | E83: =IF(AND(ISNUMBER(E78),ISNUMBER(E82)),IF(E82=0,"n.m.",E78/E82-1),"n.a.") -> 0.20304956 | F83: =IF(AND(ISNUMBER(F78),ISNUMBER(F82)),IF(F82=0,"n.m.",F78/F82-1),"n.a.") -> 0.20145191 | G83: =IF(AND(ISNUMBER(G78),ISNUMBER(G82)),IF(G82=0,"n.m.",G78/G82-1),"n.a.") -> 0.069504778 | H83: =IF(AND(ISNUMBER(H78),ISNUMBER(H82)),IF(H82=0,"n.m.",H78/H82-1),"n.a.") -> 0.16837089
B84: of which: continuing ops | C84: =E84-D84-Inputs!$D$207 -> 1172 | D84: 1267 | E84: 4561 | F84: 1337 | G84: 1192 | H84: =H70+H75 -> 1391.392 | I84: 3Q26E assumes all NCI relates to continuing operations
B85: of which: discontinued ops | C85: =C78-C84 -> 36 | D85: =D78-D84 -> 6 | E85: =E78-E84 -> 173 | F85: =F78-F84 -> -13 | G85: =G78-G84 -> 39 | H85: =H78-H84 -> 20
B87: Per share (US$)
B88: Weighted basic shares (m) | C88: ='Share Count'!C32 -> 1823 | D88: ='Share Count'!D32 -> 1820 | E88: ='Share Count'!E32 -> 1827 | F88: ='Share Count'!F32 -> 1817 | G88: ='Share Count'!G32 -> 1815 | H88: ='Share Count'!H32 -> 1812.2867
B89: Weighted diluted shares (m) | C89: ='Share Count'!C38 -> 1827 | D89: ='Share Count'!D38 -> 1823 | E89: ='Share Count'!E38 -> 1831 | F89: ='Share Count'!F38 -> 1821 | G89: ='Share Count'!G38 -> 1818 | H89: ='Share Count'!H38 -> 1815.2867
B90: Basic EPS (GAAP) | C90: =C78/C88 -> 0.66264399 | D90: =D78/D88 -> 0.69945055 | E90: =E78/E88 -> 2.591133 | F90: =F78/F88 -> 0.72867364 | G90: =G78/G88 -> 0.67823691 | H90: =H78/H88 -> 0.77879068
B91: Diluted EPS (GAAP) | C91: =C78/C89 -> 0.66119321 | D91: =D78/D89 -> 0.69829951 | E91: =E78/E89 -> 2.5854724 | F91: =F78/F89 -> 0.72707304 | G91: =G78/G89 -> 0.67711771 | H91: =H78/H89 -> 0.77750363
B92: Diluted EPS (reported) | C92: 0.66 | D92: 0.7 | E92: 2.59 | F92: 0.73 | G92: 0.68 | H92: n.a.
B93: Check: NI / dil. shares − reported | C93: =ROUND(C91,2)-C92 -> 0 | D93: =ROUND(D91,2)-D92 -> 0 | E93: =ROUND(E91,2)-E92 -> 0 | F93: =ROUND(F91,2)-F92 -> 0 | G93: =ROUND(G91,2)-G92 -> 0 | H93: =H91-H78/H89 -> 0 | I93: 3Q26E: identity check diluted EPS − net income / diluted shares
B94: Year-ago diluted EPS | C94: 0.51 | D94: 0.53 | E94: 2.13 | F94: 0.6 | G94: 0.63 | H94: =C91 -> 0.66119321
B95: % Y/Y | C95: =IF(AND(ISNUMBER(C91),ISNUMBER(C94)),IF(C94=0,"n.m.",C91/C94-1),"n.a.") -> 0.29645728 | D95: =IF(AND(ISNUMBER(D91),ISNUMBER(D94)),IF(D94=0,"n.m.",D91/D94-1),"n.a.") -> 0.31754624 | E95: =IF(AND(ISNUMBER(E91),ISNUMBER(E94)),IF(E94=0,"n.m.",E91/E94-1),"n.a.") -> 0.21383682 | F95: =IF(AND(ISNUMBER(F91),ISNUMBER(F94)),IF(F94=0,"n.m.",F91/F94-1),"n.a.") -> 0.21178839 | G95: =IF(AND(ISNUMBER(G91),ISNUMBER(G94)),IF(G94=0,"n.m.",G91/G94-1),"n.a.") -> 0.074790019 | H95: =IF(AND(ISNUMBER(H91),ISNUMBER(H94)),IF(H94=0,"n.m.",H91/H94-1),"n.a.") -> 0.17590987
B96: Diluted EPS, continuing ops | C96: =C84/C89 -> 0.64148878 | D96: =D84/D89 -> 0.69500823 | E96: =E84/E89 -> 2.4909885 | F96: =F84/F89 -> 0.73421197 | G96: =G84/G89 -> 0.65566557 | H96: =H84/H89 -> 0.76648608
B98: Operational EBITA and reconciliation to income from operations
B99: Electrification | C99: ='Segment - Electrification'!C145 -> 1100 | D99: ='Segment - Electrification'!D145 -> 1062 | E99: ='Segment - Electrification'!E145 -> 4081 | F99: ='Segment - Electrification'!F145 -> 1105 | G99: ='Segment - Electrification'!G145 -> 1301 | H99: ='Segment - Electrification'!H145 -> 1374.4277
B100: Motion | C100: ='Segment - Motion'!C145 -> 421 | D100: ='Segment - Motion'!D145 -> 412 | E100: ='Segment - Motion'!E145 -> 1600 | F100: ='Segment - Motion'!F145 -> 398 | G100: ='Segment - Motion'!G145 -> 413 | H100: ='Segment - Motion'!H145 -> 426.53828
B101: Automation | C101: ='Segment - Automation'!C145 -> 278 | D101: ='Segment - Automation'!D145 -> 311 | E101: ='Segment - Automation'!E145 -> 1132 | F101: ='Segment - Automation'!F145 -> 311 | G101: ='Segment - Automation'!G145 -> 338 | H101: ='Segment - Automation'!H145 -> 323.14112
B102: Corp. & Other: E-mobility | C102: =E102-D102-Inputs!$D$208 -> -26 | D102: -33 | E102: -148 | F102: -47 | G102: -18 | H102: -15 | I102: 3Q26E assumption (1Q26 -47, 2Q26 -18)
B103: Δ Y/Y ($) | C103: n.a. | D103: n.a. | E103: n.a. | F103: n.a. | G103: n.a. | H103: =IF(AND(ISNUMBER(H102),ISNUMBER(C102)),(H102-C102),"n.a.") -> 11
B104: Δ Q/Q ($) | C104: n.a. | D104: =IF(AND(ISNUMBER(D102),ISNUMBER(C102)),(D102-C102),"n.a.") -> -7 | F104: =IF(AND(ISNUMBER(F102),ISNUMBER(D102)),(F102-D102),"n.a.") -> -14 | G104: =IF(AND(ISNUMBER(G102),ISNUMBER(F102)),(G102-F102),"n.a.") -> 29 | H104: =IF(AND(ISNUMBER(H102),ISNUMBER(G102)),(H102-G102),"n.a.") -> 3
B105: Corp. & Other: stranded costs | C105: =E105-D105-Inputs!$D$209 -> -31 | D105: -30 | E105: -123 | F105: -26 | G105: -25 | H105: -25 | I105: Guided ~(25) for 3Q26 (16-Jul-26)
...

Sheet Balance Sheet
B2: ABB Ltd (SWX:ABBN)
B3: Balance Sheet (US GAAP) with balance check and net debt
B4: $ millions, except per share
B6: Period | C6: 3Q25A | D6: 4Q25A | E6: FY25A | F6: 1Q26A | G6: 2Q26A | H6: 3Q26E | I6: Notes
B7: Period end | C7: =DATE(2025,9,30) -> 45930 | D7: =DATE(2025,12,31) -> 46022 | E7: =DATE(2025,12,31) -> 46022 | F7: =DATE(2026,3,31) -> 46112 | G7: =DATE(2026,6,30) -> 46203 | H7: =DATE(2026,9,30) -> 46295
B8: Days in period | C8: =C7-DATE(2025,6,30) -> 92 | D8: =D7-C7 -> 92 | E8: =E7-DATE(2024,12,31) -> 365 | F8: =F7-D7 -> 90 | G8: =G7-F7 -> 91 | H8: =H7-G7 -> 92
B10: Assets | I10: 3Q25A (Sep-25) column = as originally reported (Robotics consolidated line-by-line); IS/CF 3Q25A are restated continuing ops — not like-for-like (see B67)
B11: Cash and equivalents | C11: 3937 | D11: 4640 | E11: =D11 -> 4640 | F11: 3325 | G11: 3867 | H11: ='Cash Flow Statement'!H69 -> 5024.2388
B12: Marketable securities | C12: 1890 | D12: 1981 | E12: =D12 -> 1981 | F12: 2601 | G12: 1990 | H12: =G12 -> 1990
B13: Receivables, net | C13: 7955 | D13: 7535 | E13: =D13 -> 7535 | F13: 7606 | G13: 8033 | H13: =G13-'Cash Flow Statement'!H21 -> 8018.181
B14: Contract assets | C14: 1289 | D14: 1090 | E14: =D14 -> 1090 | F14: 1152 | G14: 1189 | H14: =G14-'Cash Flow Statement'!H22 -> 1053.3488 | I14: 3Q26E mapping simplification (unresolved): the whole cash-flow change in contract assets and liabilities (CF H22) is applied to contract assets; contract liabilities (H33) held flat. No source for a split
B15: Inventories, net | C15: 6431 | D15: 5862 | E15: =D15 -> 5862 | F15: 6056 | G15: 6471 | H15: =G15-'Cash Flow Statement'!H23 -> 6546.2351
B16: Prepaid expenses | C16: 330 | D16: 281 | E16: =D16 -> 281 | F16: 363 | G16: 358 | H16: =G16 -> 358
B17: Other current assets | C17: 514 | D17: 627 | E17: =D17 -> 627 | F17: 580 | G17: 512 | H17: =G17-'Cash Flow Statement'!H28 -> 441.32461
B18: Current assets held for sale | C18: 45 | D18: 3562 | E18: =D18 -> 3562 | F18: 3779 | G18: 3931 | H18: =G18-'Cash Flow Statement'!H46 -> 3971
B19: Total current assets | C19: =SUM(C11:C18) -> 22391 | D19: =SUM(D11:D18) -> 25578 | E19: =SUM(E11:E18) -> 25578 | F19: =SUM(F11:F18) -> 25462 | G19: =SUM(G11:G18) -> 26351 | H19: =SUM(H11:H18) -> 27402.328
B20: Property, plant and equipment, net | C20: 4690 | D20: 4692 | E20: =D20 -> 4692 | F20: 4605 | G20: 4700 | H20: =G20-'Cash Flow Statement'!H36-'Cash Flow Statement'!H74 -> 4822 | I20: 3Q26E mapping simplification (unresolved): all capex (CF H36), including purchases of intangibles, is added to PP&E; intangibles (H24) move only with amortization
B21: Operating lease ROU assets | C21: 845 | D21: 765 | E21: =D21 -> 765 | F21: 785 | G21: 783 | H21: =G21 -> 783
B22: Equity-accounted investments | C22: 401 | D22: 349 | E22: =D22 -> 349 | F22: 321 | G22: 340 | H22: =G22 -> 340
B23: Prepaid pension | C23: 859 | D23: 937 | E23: =D23 -> 937 | F23: 958 | G23: 982 | H23: =G23 -> 982
B24: Intangible assets, net | C24: 1147 | D24: 1119 | E24: =D24 -> 1119 | F24: 1088 | G24: 1075 | H24: =G24-'Cash Flow Statement'!H77 -> 1011
B25: Goodwill | C25: 11368 | D25: 9637 | E25: =D25 -> 9637 | F25: 9585 | G25: 9636 | H25: =G25 -> 9636
B26: Deferred taxes | C26: 1378 | D26: 1248 | E26: =D26 -> 1248 | F26: 1289 | G26: 1344 | H26: =G26 -> 1344
B27: Other non-current assets | C27: 575 | D27: 560 | E27: =D27 -> 560 | F27: 536 | G27: 490 | H27: =G27 -> 490
B28: Non-current assets held for sale | C28: 0 | D28: 0 | E28: =D28 -> 0 | F28: 0 | G28: 35 | H28: =G28 -> 35
B29: Total assets | C29: =C19+SUM(C20:C28) -> 43654 | D29: =D19+SUM(D20:D28) -> 44885 | E29: =E19+SUM(E20:E28) -> 44885 | F29: =F19+SUM(F20:F28) -> 44629 | G29: =G19+SUM(G20:G28) -> 45736 | H29: =H19+SUM(H20:H28) -> 46845.328
B31: Liabilities
B32: Accounts payable, trade | C32: 5271 | D32: 5210 | E32: =D32 -> 5210 | F32: 5423 | G32: 5868 | H32: =G32+'Cash Flow Statement'!H24 -> 5910.1772
B33: Contract liabilities | C33: 3451 | D33: 3221 | E33: =D33 -> 3221 | F33: 3475 | G33: 3545 | H33: =G33 -> 3545 | I33: Held at 2Q26A; see I14 (contract assets/liabilities change not split)
B34: Short-term debt & current LTD | C34: 680 | D34: 475 | E34: =D34 -> 475 | F34: 1621 | G34: 1610 | H34: =G34 -> 1610
B35: Current operating leases | C35: 270 | D35: 253 | E35: =D35 -> 253 | F35: 227 | G35: 252 | H35: =G35 -> 252
B36: Provisions | C36: 1584 | D36: 1477 | E36: =D36 -> 1477 | F36: 1493 | G36: 1492 | H36: =G36+'Cash Flow Statement'!H26 -> 1525.0578
B37: Other current liabilities | C37: 4748 | D37: 4677 | E37: =D37 -> 4677 | F37: 5088 | G37: 4518 | H37: =G37+'Cash Flow Statement'!H25+'Cash Flow Statement'!H27 -> 4702.668 | I37: 3Q26E mapping simplification (unresolved): accrued liabilities and income-tax changes (CF H25, H27) are booked to other current liabilities. Totals tie (H58 = 0)
B38: Current liabs held for sale | C38: 32 | D38: 1108 | E38: =D38 -> 1108 | F38: 1184 | G38: 1155 | H38: =G38 -> 1155
B39: Total current liabilities | C39: =SUM(C32:C38) -> 16036 | D39: =SUM(D32:D38) -> 16421 | E39: =SUM(E32:E38) -> 16421 | F39: =SUM(F32:F38) -> 18511 | G39: =SUM(G32:G38) -> 18440 | H39: =SUM(H32:H38) -> 18699.903
B40: Long-term debt | C40: 7844 | D40: 7829 | E40: =D40 -> 7829 | F40: 6573 | G40: 6567 | H40: =G40 -> 6567
B41: Non-current operating leases | C41: 601 | D41: 533 | E41: =D41 -> 533 | F41: 579 | G41: 553 | H41: =G41 -> 553
B42: Pension & employee benefits | C42: 604 | D42: 550 | E42: =D42 -> 550 | F42: 541 | G42: 552 | H42: =G42 -> 552
B43: Deferred taxes | C43: 829 | D43: 792 | E43: =D43 -> 792 | F43: 855 | G43: 827 | H43: =G43 -> 827
B44: Other non-current liabilities | C44: 2218 | D44: 2101 | E44: =D44 -> 2101 | F44: 2160 | G44: 2309 | H44: =G44 -> 2309
B45: Non-current liabs held for sale | C45: 0 | D45: 13 | E45: =D45 -> 13 | F45: 43 | G45: 83 | H45: =G45 -> 83
B46: Total liabilities | C46: =C39+SUM(C40:C45) -> 28132 | D46: =D39+SUM(D40:D45) -> 28239 | E46: =E39+SUM(E40:E45) -> 28239 | F46: =F39+SUM(F40:F45) -> 29262 | G46: =G39+SUM(G40:G45) -> 29331 | H46: =H39+SUM(H40:H45) -> 29590.903
B48: Stockholders' equity
B49: Common stock (CHF 0.12 par) | C49: 160 | D49: 160 | E49: =D49 -> 160 | F49: 160 | G49: 158 | H49: =G49 -> 158
B50: Additional paid-in capital | C50: 28 | D50: 64 | E50: =D50 -> 64 | F50: 42 | G50: 23 | H50: =G50 -> 23
B51: Retained earnings | C51: 21333 | D51: 22606 | E51: =D51 -> 22606 | F51: 21784 | G51: 21630 | H51: =G51+'Income Statement'!H78+'Cash Flow Statement'!H57 -> 23041.392
B52: Accumulated other comprehensive loss | C52: -5339 | D52: -5253 | E52: =D52 -> -5253 | F52: -5418 | G52: -5394 | H52: =G52 -> -5394
B53: Treasury stock, at cost | C53: -1208 | D53: -1490 | E53: =D53 -> -1490 | F53: -1801 | G53: -518 | H53: =G53+'Cash Flow Statement'!H56 -> -1104.9668
B54: Total ABB stockholders' equity | C54: =SUM(C49:C53) -> 14974 | D54: =SUM(D49:D53) -> 16087 | E54: =SUM(E49:E53) -> 16087 | F54: =SUM(F49:F53) -> 14767 | G54: =SUM(G49:G53) -> 15899 | H54: =SUM(H49:H53) -> 16723.425
B55: Noncontrolling interests | C55: 548 | D55: 559 | E55: =D55 -> 559 | F55: 600 | G55: 506 | H55: =G55-'Income Statement'!H75+'Cash Flow Statement'!H58 -> 531
B56: Total stockholders' equity | C56: =C54+C55 -> 15522 | D56: =D54+D55 -> 16646 | E56: =E54+E55 -> 16646 | F56: =F54+F55 -> 15367 | G56: =G54+G55 -> 16405 | H56: =H54+H55 -> 17254.425
B57: Total liabilities and equity | C57: =C46+C56 -> 43654 | D57: =D46+D56 -> 44885 | E57: =E46+E56 -> 44885 | F57: =F46+F56 -> 44629 | G57: =G46+G56 -> 45736 | H57: =H46+H56 -> 46845.328
B58: Check: assets − liabs − equity | C58: =C29-C46-C56 -> 0 | D58: =D29-D46-D56 -> 0 | E58: =E29-E46-E56 -> 0 | F58: =F29-F46-F56 -> 0 | G58: =G29-G46-G56 -> 0 | H58: =H29-H46-H56 -> 0
B59: Total assets (issuer reported) | C59: 43654 | D59: 44885 | E59: =D59 -> 44885 | F59: 44629 | G59: 45736 | H59: n.a.
B60: Check: computed − reported assets | C60: =C29-C59 -> 0 | D60: =D29-D59 -> 0 | E60: =E29-E59 -> 0 | F60: =F29-F59 -> 0 | G60: =G29-G59 -> 0 | H60: n.a.
B62: Net debt (issuer definition)
B63: Total debt | C63: =C34+C40 -> 8524 | D63: =D34+D40 -> 8304 | E63: =E34+E40 -> 8304 | F63: =F34+F40 -> 8194 | G63: =G34+G40 -> 8177 | H63: =H34+H40 -> 8177
B64: Cash and marketable securities | C64: =C11+C12 -> 5827 | D64: =D11+D12 -> 6621 | E64: =E11+E12 -> 6621 | F64: =F11+F12 -> 5926 | G64: =G11+G12 -> 5857 | H64: =H11+H12 -> 7014.2388
B65: Net debt (cash) | C65: =C63-C64 -> 2697 | D65: =D63-D64 -> 1683 | E65: =E63-E64 -> 1683 | F65: =F63-F64 -> 2268 | G65: =G63-G64 -> 2320 | H65: =H63-H64 -> 1162.7612
B66: Net debt / equity (x) | C66: =C65/C56 -> 0.17375338 | D66: =D65/D56 -> 0.10110537 | E66: =E65/E56 -> 0.10110537 | F66: =F65/F56 -> 0.14758899 | G66: =G65/G56 -> 0.1414203 | H66: =H65/H56 -> 0.067389159 | I66: 3Q25A ratio on as-reported basis (see I10)
B67: 3Q25A balance sheet as originally reported (Robotics consolidated line-by-line; not restated)

Sheet Cash Flow Statement
B2: ABB Ltd (SWX:ABBN)
B3: Cash Flow Statement (US GAAP) with cash tie-out to Balance Sheet
B4: $ millions, except per share
B6: Period | C6: 3Q25A | D6: 4Q25A | E6: FY25A | F6: 1Q26A | G6: 2Q26A | H6: 3Q26E | I6: Notes
B7: Period end | C7: =DATE(2025,9,30) -> 45930 | D7: =DATE(2025,12,31) -> 46022 | E7: =DATE(2025,12,31) -> 46022 | F7: =DATE(2026,3,31) -> 46112 | G7: =DATE(2026,6,30) -> 46203 | H7: =DATE(2026,9,30) -> 46295
B8: Days in period | C8: =C7-DATE(2025,6,30) -> 92 | D8: =D7-C7 -> 92 | E8: =E7-DATE(2024,12,31) -> 365 | F8: =F7-D7 -> 90 | G8: =G7-F7 -> 91 | H8: =H7-G7 -> 92
B10: Operating activities
B11: Net income | C11: =E11-D11-Inputs!$D$221 -> 1244 | D11: 1280 | E11: 4823 | F11: 1333 | G11: 1256 | H11: ='Income Statement'!H74 -> 1436.392
B12: (Income) loss from disc. ops | C12: =E12-D12-Inputs!$D$222 -> -37 | D12: -6 | E12: -174 | F12: 18 | G12: -38 | H12: =-'Income Statement'!H71 -> -20
B13: Depreciation and amortization | C13: =E13-D13-Inputs!$D$223 -> 204 | D13: 221 | E13: 813 | F13: 210 | G13: 220 | H13: =H74+H77 -> 222
B14: Fair-value changes, investments | C14: =E14-D14-Inputs!$D$224 -> -40 | D14: 59 | E14: -21 | F14: 30 | G14: 34 | H14: 0 | I14: 3Q26E assumed nil (no specific evidence)
B15: Pension & employee benefits | C15: =E15-D15-Inputs!$D$225 -> -16 | D15: 8 | E15: -48 | F15: -16 | G15: 4 | H15: 0 | I15: 3Q26E assumed nil (no specific evidence)
B16: Deferred taxes | C16: =E16-D16-Inputs!$D$226 -> 26 | D16: -20 | E16: 108 | F16: 13 | G16: -67 | H16: 0 | I16: 3Q26E assumed nil (no specific evidence)
B17: Loss (gain) derivatives & FX | C17: =E17-D17-Inputs!$D$227 -> -80 | D17: -145 | E17: -311 | F17: 42 | G17: 75 | H17: 0 | I17: 3Q26E assumed nil (no specific evidence)
B18: Gain on sale of PP&E | C18: =E18-D18-Inputs!$D$228 -> -3 | D18: -11 | E18: -198 | F18: -392 | G18: -17 | H18: 0 | I18: 3Q26E assumed nil (no specific evidence)
B19: Loss (gain) on sale of businesses | C19: =E19-D19-Inputs!$D$229 -> 12 | D19: 3 | E19: 3 | F19: -2 | G19: -5 | H19: 0 | I19: 3Q26E assumed nil (no specific evidence)
B20: Other non-cash items | C20: =E20-D20-Inputs!$D$230 -> 17 | D20: 26 | E20: 58 | F20: 44 | G20: 18 | H20: 0 | I20: 3Q26E assumed nil (no specific evidence)
B21: Trade receivables, net | C21: =E21-D21-Inputs!$D$231 -> 13 | D21: 15 | E21: -222 | F21: -105 | G21: -433 | H21: =C21*'Income Statement'!H24/'Income Statement'!C24 -> 14.819033 | I21: 3Q26E = 3Q25A seasonal pattern scaled by revenue growth
B22: Contract assets and liabilities | C22: =E22-D22-Inputs!$D$232 -> 119 | D22: -42 | E22: 151 | F22: 217 | G22: 33 | H22: =C22*'Income Statement'!H24/'Income Statement'!C24 -> 135.65115 | I22: 3Q26E = 3Q25A seasonal pattern scaled by revenue growth
B23: Inventories, net | C23: =E23-D23-Inputs!$D$233 -> -66 | D23: 250 | E23: 132 | F23: -268 | G23: -457 | H23: =C23*'Income Statement'!H24/'Income Statement'!C24 -> -75.235092 | I23: 3Q26E = 3Q25A seasonal pattern scaled by revenue growth
B24: Accounts payable, trade | C24: =E24-D24-Inputs!$D$234 -> 37 | D24: 198 | E24: 147 | F24: 247 | G24: 462 | H24: =C24*'Income Statement'!H24/'Income Statement'!C24 -> 42.177249 | I24: 3Q26E = 3Q25A seasonal pattern scaled by revenue growth
B25: Accrued liabilities | C25: =E25-D25-Inputs!$D$235 -> 273 | D25: 192 | E25: 119 | F25: -531 | G25: 202 | H25: =C25*'Income Statement'!H24/'Income Statement'!C24 -> 311.1997 | I25: 3Q26E = 3Q25A seasonal pattern scaled by revenue growth
B26: Provisions, net | C26: =E26-D26-Inputs!$D$236 -> 29 | D26: 15 | E26: -8 | F26: 36 | G26: 138 | H26: =C26*'Income Statement'!H24/'Income Statement'!C24 -> 33.057844 | I26: 3Q26E = 3Q25A seasonal pattern scaled by revenue growth
B27: Income taxes payable/receivable | C27: =E27-D27-Inputs!$D$237 -> -111 | D27: -125 | E27: -53 | F27: 92 | G27: 70 | H27: =C27*'Income Statement'!H24/'Income Statement'!C24 -> -126.53175 | I27: 3Q26E = 3Q25A seasonal pattern scaled by revenue growth
B28: Other assets and liabilities, net | C28: =E28-D28-Inputs!$D$238 -> 62 | D28: 70 | E28: -69 | F28: 43 | G28: -192 | H28: =C28*'Income Statement'!H24/'Income Statement'!C24 -> 70.67539 | I28: 3Q26E = 3Q25A seasonal pattern scaled by revenue growth
B29: CFO – continuing operations | C29: =C11+C12+C13+C14+C15+C16+C17+C18+C19+C20+C21+C22+C23+C24+C25+C26+C27+C28 -> 1683 | D29: =D11+D12+D13+D14+D15+D16+D17+D18+D19+D20+D21+D22+D23+D24+D25+D26+D27+D28 -> 1988 | E29: =E11+E12+E13+E14+E15+E16+E17+E18+E19+E20+E21+E22+E23+E24+E25+E26+E27+E28 -> 5250 | F29: =F11+F12+F13+F14+F15+F16+F17+F18+F19+F20+F21+F22+F23+F24+F25+F26+F27+F28 -> 1011 | G29: =G11+G12+G13+G14+G15+G16+G17+G18+G19+G20+G21+G22+G23+G24+G25+G26+G27+G28 -> 1303 | H29: =H11+H12+H13+H14+H15+H16+H17+H18+H19+H20+H21+H22+H23+H24+H25+H26+H27+H28 -> 2044.2056
B30: CFO – discontinued operations | C30: =E30-D30-Inputs!$D$239 -> 94 | D30: -39 | E30: 219 | F30: 18 | G30: -153 | H30: ='Income Statement'!H71 -> 20 | I30: 3Q26E = discontinued-ops income (cash-neutral working capital assumed)
B31: Cash flow from operating activities | C31: =C29+C30 -> 1777 | D31: =D29+D30 -> 1949 | E31: =E29+E30 -> 5469 | F31: =F29+F30 -> 1029 | G31: =G29+G30 -> 1150 | H31: =H29+H30 -> 2064.2056
B32: % Y/Y | H32: =IF(AND(ISNUMBER(H31),ISNUMBER(C31)),IF(C31=0,"n.m.",H31/C31-1),"n.a.") -> 0.16162384
B34: Investing activities
B35: Purchases of investments | C35: =E35-D35-Inputs!$D$240 -> -51 | D35: -171 | E35: -1218 | F35: -833 | G35: -10 | H35: 0 | I35: 3Q26E assumed nil
B36: Capex (PP&E and intangibles) | C36: =E36-D36-Inputs!$D$241 -> -207 | D36: -409 | E36: -1001 | F36: -181 | G36: -236 | H36: -280 | I36: 3Q26E: FY26 capex guided ~(1,000); 1H26 (417)
B37: Δ Y/Y ($) | C37: n.a. | D37: n.a. | E37: n.a. | F37: n.a. | G37: n.a. | H37: =IF(AND(ISNUMBER(H36),ISNUMBER(C36)),(H36-C36),"n.a.") -> -73
B38: Δ Q/Q ($) | C38: n.a. | D38: =IF(AND(ISNUMBER(D36),ISNUMBER(C36)),(D36-C36),"n.a.") -> -202 | F38: =IF(AND(ISNUMBER(F36),ISNUMBER(D36)),(F36-D36),"n.a.") -> 228 | G38: =IF(AND(ISNUMBER(G36),ISNUMBER(F36)),(G36-F36),"n.a.") -> -55 | H38: =IF(AND(ISNUMBER(H36),ISNUMBER(G36)),(H36-G36),"n.a.") -> -44
B39: Acquisitions (net of cash) | C39: =E39-D39-Inputs!$D$242 -> -7 | D39: -175 | E39: -752 | F39: -27 | G39: -122 | H39: 0 | I39: 3Q26E assumed nil
B40: Proceeds from sales of investments | C40: =E40-D40-Inputs!$D$243 -> 0 | D40: 72 | E40: 589 | F40: 192 | G40: 634 | H40: 0 | I40: 3Q26E assumed nil
B41: Proceeds from sales of PP&E | C41: =E41-D41-Inputs!$D$244 -> 3 | D41: 18 | E41: 194 | F41: 437 | G41: 25 | H41: 0 | I41: 3Q26E assumed nil
B42: Proceeds from sales of businesses | C42: =E42-D42-Inputs!$D$245 -> 1 | D42: -15 | E42: 59 | F42: 1 | G42: 27 | H42: 0 | I42: 3Q26E assumed nil
B43: Settlement of FX derivatives | C43: =E43-D43-Inputs!$D$246 -> -112 | D43: -14 | E43: -129 | F43: 6 | G43: 63 | H43: 0 | I43: 3Q26E assumed nil
B44: Other investing activities | C44: =E44-D44-Inputs!$D$247 -> -6 | D44: -5 | E44: -10 | F44: -1 | G44: 11 | H44: 0 | I44: 3Q26E assumed nil
B45: CFI – continuing operations | C45: =C35+C36+C39+C40+C41+C42+C43+C44 -> -379 | D45: =D35+D36+D39+D40+D41+D42+D43+D44 -> -699 | E45: =E35+E36+E39+E40+E41+E42+E43+E44 -> -2268 | F45: =F35+F36+F39+F40+F41+F42+F43+F44 -> -406 | G45: =G35+G36+G39+G40+G41+G42+G43+G44 -> 392 | H45: =H35+H36+H39+H40+H41+H42+H43+H44 -> -280
B46: CFI – discontinued operations | C46: =E46-D46-Inputs!$D$248 -> -27 | D46: -52 | E46: -121 | F46: -34 | G46: -61 | H46: -40 | I46: 3Q26E: Robotics capex run-rate (1Q26 34, 2Q26 61)
B47: Δ Y/Y ($) | C47: n.a. | D47: n.a. | E47: n.a. | F47: n.a. | G47: n.a. | H47: =IF(AND(ISNUMBER(H46),ISNUMBER(C46)),(H46-C46),"n.a.") -> -13
B48: Δ Q/Q ($) | C48: n.a. | D48: =IF(AND(ISNUMBER(D46),ISNUMBER(C46)),(D46-C46),"n.a.") -> -25 | F48: =IF(AND(ISNUMBER(F46),ISNUMBER(D46)),(F46-D46),"n.a.") -> 18 | G48: =IF(AND(ISNUMBER(G46),ISNUMBER(F46)),(G46-F46),"n.a.") -> -27 | H48: =IF(AND(ISNUMBER(H46),ISNUMBER(G46)),(H46-G46),"n.a.") -> 21
B49: Cash flow from investing activities | C49: =C45+C46 -> -406 | D49: =D45+D46 -> -751 | E49: =E45+E46 -> -2389 | F49: =F45+F46 -> -440 | G49: =G45+G46 -> 331 | H49: =H45+H46 -> -320
B51: Financing activities
B52: Net change in short-term debt | C52: =E52-D52-Inputs!$D$249 -> -205 | D52: -19 | E52: -85 | F52: 27 | G52: -32 | H52: 0 | I52: 3Q26E assumed nil (dividend paid in 1H; no maturities assumed)
B53: Increase in debt | C53: =E53-D53-Inputs!$D$250 -> -4 | D53: -3 | E53: 1083 | F53: 23 | G53: 13 | H53: 0 | I53: 3Q26E assumed nil (dividend paid in 1H; no maturities assumed)
B54: Repayment of debt | C54: =E54-D54-Inputs!$D$251 -> -88 | D54: -214 | E54: -433 | F54: -30 | G54: -19 | H54: 0 | I54: 3Q26E assumed nil (dividend paid in 1H; no maturities assumed)
B55: Delivery of shares | C55: =E55-D55-Inputs!$D$252 -> 14 | D55: 66 | E55: 99 | F55: 0 | G55: 0 | H55: 0 | I55: 3Q26E assumed nil: the 0.3m shares delivered (Share Count H25) are modeled as share-count only; proceeds / treasury cost not modeled
B56: Purchase of treasury stock | C56: =E56-D56-Inputs!$D$253 -> -366 | D56: -350 | E56: -1499 | F56: -248 | G56: -225 | H56: =-'Share Count'!H24 -> -586.96676
B57: Dividends paid | C57: =E57-D57-Inputs!$D$254 -> 0 | D57: 0 | E57: -1907 | F57: -1614 | G57: -547 | H57: 0 | I57: 3Q26E assumed nil (dividend paid in 1H; no maturities assumed)
B58: Dividends paid to NCI | C58: =E58-D58-Inputs!$D$255 -> -9 | D58: 0 | E58: -114 | F58: 0 | G58: -123 | H58: 0 | I58: 3Q26E assumed nil (dividend paid in 1H; no maturities assumed)
B59: Other financing activities | C59: =E59-D59-Inputs!$D$256 -> -16 | D59: -14 | E59: -22 | F59: -15 | G59: -5 | H59: 0 | I59: 3Q26E assumed nil (dividend paid in 1H; no maturities assumed)
B60: CFF – continuing operations | C60: =C52+C53+C54+C55+C56+C57+C58+C59 -> -674 | D60: =D52+D53+D54+D55+D56+D57+D58+D59 -> -534 | E60: =E52+E53+E54+E55+E56+E57+E58+E59 -> -2878 | F60: =F52+F53+F54+F55+F56+F57+F58+F59 -> -1857 | G60: =G52+G53+G54+G55+G56+G57+G58+G59 -> -938 | H60: =H52+H53+H54+H55+H56+H57+H58+H59 -> -586.96676
B61: CFF – discontinued operations | C61: =E61-D61-Inputs!$D$257 -> -1 | D61: 2 | E61: 1 | F61: 3 | G61: -5 | H61: 0
B62: Cash flow from financing activities | C62: =C60+C61 -> -675 | D62: =D60+D61 -> -532 | E62: =E60+E61 -> -2877 | F62: =F60+F61 -> -1854 | G62: =G60+G61 -> -943 | H62: =H60+H61 -> -586.96676
B64: Change in cash and tie-out
B65: FX effect on cash | C65: =E65-D65-Inputs!$D$258 -> -4 | D65: 16 | E65: 111 | F65: -50 | G65: 4 | H65: 0
B66: Cash in assets held for sale (adj.) | C66: =E66-D66-Inputs!$D$259 -> -21 | D66: 21 | E66: 0 | F66: 0 | G66: 0 | H66: 0
B67: Net change in cash | C67: =C31+C49+C62+C65+C66 -> 671 | D67: =D31+D49+D62+D65+D66 -> 703 | E67: =E31+E49+E62+E65+E66 -> 314 | F67: =F31+F49+F62+F65+F66 -> -1315 | G67: =G31+G49+G62+G65+G66 -> 542 | H67: =H31+H49+H62+H65+H66 -> 1157.2388
B68: Cash, beginning of period | C68: 3266 | D68: ='Balance Sheet'!C11 -> 3937 | E68: 4326 | F68: ='Balance Sheet'!D11 -> 4640 | G68: ='Balance Sheet'!F11 -> 3325 | H68: ='Balance Sheet'!G11 -> 3867
B69: Cash, end of period | C69: =C68+C67 -> 3937 | D69: =D68+D67 -> 4640 | E69: =E68+E67 -> 4640 | F69: =F68+F67 -> 3325 | G69: =G68+G67 -> 3867 | H69: =H68+H67 -> 5024.2388
B70: Check: ending cash − BS cash | C70: =C69-'Balance Sheet'!C11 -> 0 | D70: =D69-'Balance Sheet'!D11 -> 0 | E70: =E69-'Balance Sheet'!E11 -> 0 | F70: =F69-'Balance Sheet'!F11 -> 0 | G70: =G69-'Balance Sheet'!G11 -> 0 | H70: =H69-'Balance Sheet'!H11 -> 0 | I70: 3Q26E: identity by construction (BS cash links to H69); historical columns tie to reported
B71: Check: Δ cash − Δ BS cash | C71: =C67-('Balance Sheet'!C11-C68) -> 0 | D71: =D67-('Balance Sheet'!D11-D68) -> 0 | E71: =E67-('Balance Sheet'!E11-E68) -> 0 | F71: =F67-('Balance Sheet'!F11-F68) -> 0 | G71: =G67-('Balance Sheet'!G11-G68) -> 0 | H71: =H67-('Balance Sheet'!H11-H68) -> 0 | I71: 3Q26E: identity by construction (BS cash links to H69); historical columns tie to reported
B73: Memo: D&A split and free cash flow (issuer definition)
B74: Depreciation | C74: =E74-D74-Inputs!$D$260 -> 145 | D74: 164 | E74: 581 | F74: 150 | G74: 155 | H74: 158 | I74: 3Q26E assumption (2Q26A 155)
B75: Δ Y/Y ($) | C75: n.a. | D75: n.a. | E75: n.a. | F75: n.a. | G75: n.a. | H75: =IF(AND(ISNUMBER(H74),ISNUMBER(C74)),(H74-C74),"n.a.") -> 13
B76: Δ Q/Q ($) | C76: n.a. | D76: =IF(AND(ISNUMBER(D74),ISNUMBER(C74)),(D74-C74),"n.a.") -> 19 | F76: =IF(AND(ISNUMBER(F74),ISNUMBER(D74)),(F74-D74),"n.a.") -> -14 | G76: =IF(AND(ISNUMBER(G74),ISNUMBER(F74)),(G74-F74),"n.a.") -> 5 | H76: =IF(AND(ISNUMBER(H74),ISNUMBER(G74)),(H74-G74),"n.a.") -> 3
B77: Amortization | C77: =E77-D77-Inputs!$D$261 -> 59 | D77: 57 | E77: 232 | F77: 60 | G77: 65 | H77: 64 | I77: 3Q26E assumption (2Q26A 65)
B78: Δ Y/Y ($) | C78: n.a. | D78: n.a. | E78: n.a. | F78: n.a. | G78: n.a. | H78: =IF(AND(ISNUMBER(H77),ISNUMBER(C77)),(H77-C77),"n.a.") -> 5
B79: Δ Q/Q ($) | C79: n.a. | D79: =IF(AND(ISNUMBER(D77),ISNUMBER(C77)),(D77-C77),"n.a.") -> -2 | F79: =IF(AND(ISNUMBER(F77),ISNUMBER(D77)),(F77-D77),"n.a.") -> 3 | G79: =IF(AND(ISNUMBER(G77),ISNUMBER(F77)),(G77-F77),"n.a.") -> 5 | H79: =IF(AND(ISNUMBER(H77),ISNUMBER(G77)),(H77-G77),"n.a.") -> -1
B80: Check: dep. + amort. − D&A | C80: =C74+C77-C13 -> 0 | D80: =D74+D77-D13 -> 0 | E80: =E74+E77-E13 -> 0 | F80: =F74+F77-F13 -> 0 | G80: =G74+G77-G13 -> 0 | H80: =H74+H77-H13 -> 0
B81: FCF – continuing operations | C81: =C29+C36+C41 -> 1479 | D81: =D29+D36+D41 -> 1597 | E81: =E29+E36+E41 -> 4443 | F81: =F29+F36+F41 -> 1267 | G81: =G29+G36+G41 -> 1092 | H81: =H29+H36+H41 -> 1764.2056
B82: Free cash flow (issuer reported) | C82: 1552 | D82: 1517 | E82: 4566 | F82: 1250 | G82: 881 | H82: n.a.
B83: Free cash flow – discontinued operations (derived) | C83: =C82-C81 -> 73 | D83: =D82-D81 -> -80 | E83: =E82-E81 -> 123 | F83: =F82-F81 -> -17 | G83: =G82-G81 -> -211 | H83: =H30+H46 -> -20 | I83: Historical = issuer total FCF less continuing FCF (derived); 3Q26E = disc. CFO + disc. investing (capex proxy)
B84: Free cash flow (issuer definition) | C84: =C81+C83 -> 1552 | D84: =D81+D83 -> 1517 | E84: =E81+E83 -> 4566 | F84: =F81+F83 -> 1250 | G84: =G81+G83 -> 881 | H84: =H81+H83 -> 1744.2056
B85: FCF conversion (to net income) | C85: =C84/'Income Statement'!C78 -> 1.2847682 | D85: =D84/'Income Statement'!D78 -> 1.1916732 | E85: =E84/'Income Statement'!E78 -> 0.96451204 | F85: =F84/'Income Statement'!F78 -> 0.94410876 | G85: =G84/'Income Statement'!G78 -> 0.71567831 | H85: =H84/'Income Statement'!H78 -> 1.2358052
B86: Capex % of revenues (continuing) | C86: =-C36/'Income Statement'!C24 -> 0.024378754 | D86: =-D36/'Income Statement'!D24 -> 0.045183385 | E86: =-E36/'Income Statement'!E24 -> 0.03013245 | F86: =-F36/'Income Statement'!F24 -> 0.020723609 | G86: =-G36/'Income Statement'!G24 -> 0.024907652 | H86: =-H36/'Income Statement'!H24 -> 0.028928284

Sheet Geo
B2: ABB Ltd (SWX:ABBN)
B3: Geo: group revenues and orders by region
B4: $ millions, except per share
B6: Period | C6: 3Q25A | D6: 4Q25A | E6: FY25A | F6: 1Q26A | G6: 2Q26A | H6: 3Q26E | I6: Notes
B7: Period end | C7: =DATE(2025,9,30) -> 45930 | D7: =DATE(2025,12,31) -> 46022 | E7: =DATE(2025,12,31) -> 46022 | F7: =DATE(2026,3,31) -> 46112 | G7: =DATE(2026,6,30) -> 46203 | H7: =DATE(2026,9,30) -> 46295
B8: Days in period | C8: =C7-DATE(2025,6,30) -> 92 | D8: =D7-C7 -> 92 | E8: =E7-DATE(2024,12,31) -> 365 | F8: =F7-D7 -> 90 | G8: =G7-F7 -> 91 | H8: =H7-G7 -> 92
B10: Revenues by region
B11: Europe | C11: =E11-D11-Inputs!$D$262 -> 2891 | D11: 3175 | E11: 11407 | F11: 2992 | G11: 2994 | H11: =C11*(1+H17)*(1+H20)*(1+H23) -> 3075.4458 | I11: 3Q26E = 3Q25A x (1+comparable) x (1+M&A) x (1+FX)
B12: Year-ago (as restated) | C12: n.a. | D12: 2624 | E12: 10138 | F12: 2548 | G12: 2793 | H12: =C11 -> 2891
B13: % Y/Y | C13: =IF(AND(ISNUMBER(C11),ISNUMBER(C12)),IF(C12=0,"n.m.",C11/C12-1),"n.a.") -> n.a. | D13: =IF(AND(ISNUMBER(D11),ISNUMBER(D12)),IF(D12=0,"n.m.",D11/D12-1),"n.a.") -> 0.20998476 | E13: =IF(AND(ISNUMBER(E11),ISNUMBER(E12)),IF(E12=0,"n.m.",E11/E12-1),"n.a.") -> 0.12517262 | F13: =IF(AND(ISNUMBER(F11),ISNUMBER(F12)),IF(F12=0,"n.m.",F11/F12-1),"n.a.") -> 0.17425432 | G13: =IF(AND(ISNUMBER(G11),ISNUMBER(G12)),IF(G12=0,"n.m.",G11/G12-1),"n.a.") -> 0.071965628 | H13: =IF(AND(ISNUMBER(H11),ISNUMBER(H12)),IF(H12=0,"n.m.",H11/H12-1),"n.a.") -> 0.0638
B14: % Q/Q | C14: =IF(AND(ISNUMBER(C11),ISNUMBER(G12)),IF(G12=0,"n.m.",C11/G12-1),"n.a.") -> 0.035087719 | D14: =IF(AND(ISNUMBER(D11),ISNUMBER(C11)),IF(C11=0,"n.m.",D11/C11-1),"n.a.") -> 0.098235905 | F14: =IF(AND(ISNUMBER(F11),ISNUMBER(D11)),IF(D11=0,"n.m.",F11/D11-1),"n.a.") -> -0.057637795 | G14: =IF(AND(ISNUMBER(G11),ISNUMBER(F11)),IF(F11=0,"n.m.",G11/F11-1),"n.a.") -> 0.0006684492 | H14: =IF(AND(ISNUMBER(H11),ISNUMBER(G11)),IF(G11=0,"n.m.",H11/G11-1),"n.a.") -> 0.027203006
B15: % of total revenues | C15: =IF(AND(ISNUMBER(C11),ISNUMBER(C101)),IF(C101=0,"n.m.",C11/C101),"n.a.") -> 0.34047815 | D15: =IF(AND(ISNUMBER(D11),ISNUMBER(D101)),IF(D101=0,"n.m.",D11/D101),"n.a.") -> 0.35075122 | E15: =IF(AND(ISNUMBER(E11),ISNUMBER(E101)),IF(E101=0,"n.m.",E11/E101),"n.a.") -> 0.34337748 | F15: =IF(AND(ISNUMBER(F11),ISNUMBER(F101)),IF(F101=0,"n.m.",F11/F101),"n.a.") -> 0.34256927 | G15: =IF(AND(ISNUMBER(G11),ISNUMBER(G101)),IF(G101=0,"n.m.",G11/G101),"n.a.") -> 0.31598945 | H15: =IF(AND(ISNUMBER(H11),ISNUMBER(H101)),IF(H101=0,"n.m.",H11/H101),"n.a.") -> 0.3177406
B16: Local-currency growth | C16: n.a. | D16: 0.11 | E16: 0.07 | F16: 0.05 | G16: 0.04 | H16: =(1+H17)*(1+H20)-1 -> 0.08
B17: Comparable growth (issuer/driver) | C17: n.a. | D17: 0.11 | E17: 0.07 | F17: 0.03 | G17: 0.03 | H17: 0.08 | I17: 3Q26E driver
B18: Δ Q/Q (bps) | C18: n.a. | D18: =IF(AND(ISNUMBER(D17),ISNUMBER(C17)),(D17-C17)*10000,"n.a.") -> n.a. | F18: =IF(AND(ISNUMBER(F17),ISNUMBER(D17)),(F17-D17)*10000,"n.a.") -> -800 | G18: =IF(AND(ISNUMBER(G17),ISNUMBER(F17)),(G17-F17)*10000,"n.a.") -> 0 | H18: =IF(AND(ISNUMBER(H17),ISNUMBER(G17)),(H17-G17)*10000,"n.a.") -> 500
B19: Δ Y/Y (bps) | C19: n.a. | D19: n.a. | E19: n.a. | F19: n.a. | G19: n.a. | H19: =IF(AND(ISNUMBER(H17),ISNUMBER(C17)),(H17-C17)*10000,"n.a.") -> n.a.
B20: M&A / portfolio impact | C20: =IF(AND(ISNUMBER(C16),ISNUMBER(C17)),(1+C16)/(1+C17)-1,"n.a.") -> n.a. | D20: =IF(AND(ISNUMBER(D16),ISNUMBER(D17)),(1+D16)/(1+D17)-1,"n.a.") -> 0 | E20: =IF(AND(ISNUMBER(E16),ISNUMBER(E17)),(1+E16)/(1+E17)-1,"n.a.") -> 0 | F20: =IF(AND(ISNUMBER(F16),ISNUMBER(F17)),(1+F16)/(1+F17)-1,"n.a.") -> 0.019417476 | G20: =IF(AND(ISNUMBER(G16),ISNUMBER(G17)),(1+G16)/(1+G17)-1,"n.a.") -> 0.0097087379 | H20: 0
B21: Δ Y/Y (bps) | C21: n.a. | D21: n.a. | E21: n.a. | F21: n.a. | G21: n.a. | H21: =IF(AND(ISNUMBER(H20),ISNUMBER(C20)),(H20-C20)*10000,"n.a.") -> n.a.
B22: Δ Q/Q (bps) | C22: n.a. | D22: =IF(AND(ISNUMBER(D20),ISNUMBER(C20)),(D20-C20)*10000,"n.a.") -> n.a. | F22: =IF(AND(ISNUMBER(F20),ISNUMBER(D20)),(F20-D20)*10000,"n.a.") -> 194.17476 | G22: =IF(AND(ISNUMBER(G20),ISNUMBER(F20)),(G20-F20)*10000,"n.a.") -> -97.087379 | H22: =IF(AND(ISNUMBER(H20),ISNUMBER(G20)),(H20-G20)*10000,"n.a.") -> -97.087379
B23: FX impact | C23: =IF(AND(ISNUMBER(C13),ISNUMBER(C16)),(1+C13)/(1+C16)-1,"n.a.") -> n.a. | D23: =IF(AND(ISNUMBER(D13),ISNUMBER(D16)),(1+D13)/(1+D16)-1,"n.a.") -> 0.090076357 | E23: =IF(AND(ISNUMBER(E13),ISNUMBER(E16)),(1+E13)/(1+E16)-1,"n.a.") -> 0.051563194 | F23: =IF(AND(ISNUMBER(F13),ISNUMBER(F16)),(1+F13)/(1+F16)-1,"n.a.") -> 0.11833744 | G23: =IF(AND(ISNUMBER(G13),ISNUMBER(G16)),(1+G13)/(1+G16)-1,"n.a.") -> 0.030736181 | H23: -0.015
B24: Δ Y/Y (bps) | C24: n.a. | D24: n.a. | E24: n.a. | F24: n.a. | G24: n.a. | H24: =IF(AND(ISNUMBER(H23),ISNUMBER(C23)),(H23-C23)*10000,"n.a.") -> n.a.
B25: Δ Q/Q (bps) | C25: n.a. | D25: =IF(AND(ISNUMBER(D23),ISNUMBER(C23)),(D23-C23)*10000,"n.a.") -> n.a. | F25: =IF(AND(ISNUMBER(F23),ISNUMBER(D23)),(F23-D23)*10000,"n.a.") -> 282.61088 | G25: =IF(AND(ISNUMBER(G23),ISNUMBER(F23)),(G23-F23)*10000,"n.a.") -> -876.01264 | H25: =IF(AND(ISNUMBER(H23),ISNUMBER(G23)),(H23-G23)*10000,"n.a.") -> -457.36181
B26: Organic growth (formula) | C26: =IF(COUNT(C13,C20,C23)=3,(1+C13)/((1+C20)*(1+C23))-1,"n.a.") -> n.a. | D26: =IF(COUNT(D13,D20,D23)=3,(1+D13)/((1+D20)*(1+D23))-1,"n.a.") -> 0.11 | E26: =IF(COUNT(E13,E20,E23)=3,(1+E13)/((1+E20)*(1+E23))-1,"n.a.") -> 0.07 | F26: =IF(COUNT(F13,F20,F23)=3,(1+F13)/((1+F20)*(1+F23))-1,"n.a.") -> 0.03 | G26: =IF(COUNT(G13,G20,G23)=3,(1+G13)/((1+G20)*(1+G23))-1,"n.a.") -> 0.03 | H26: =IF(COUNT(H13,H20,H23)=3,(1+H13)/((1+H20)*(1+H23))-1,"n.a.") -> 0.08
B27: The Americas | C27: =E27-D27-Inputs!$D$263 -> 3221 | D27: 3247 | E27: 12424 | F27: 3391 | G27: 3788 | H27: =C27*(1+H33)*(1+H36)*(1+H39) -> 3825.324 | I27: 3Q26E = 3Q25A x (1+comparable) x (1+M&A) x (1+FX); standalone estimate, unreconciled to Σ business areas (see memo rows 118-130)
B28: Year-ago (as restated) | C28: n.a. | D28: 2934 | E28: 11370 | F28: 2810 | G28: 3146 | H28: =C27 -> 3221
B29: % Y/Y | C29: =IF(AND(ISNUMBER(C27),ISNUMBER(C28)),IF(C28=0,"n.m.",C27/C28-1),"n.a.") -> n.a. | D29: =IF(AND(ISNUMBER(D27),ISNUMBER(D28)),IF(D28=0,"n.m.",D27/D28-1),"n.a.") -> 0.1066803 | E29: =IF(AND(ISNUMBER(E27),ISNUMBER(E28)),IF(E28=0,"n.m.",E27/E28-1),"n.a.") -> 0.092700088 | F29: =IF(AND(ISNUMBER(F27),ISNUMBER(F28)),IF(F28=0,"n.m.",F27/F28-1),"n.a.") -> 0.20676157 | G29: =IF(AND(ISNUMBER(G27),ISNUMBER(G28)),IF(G28=0,"n.m.",G27/G28-1),"n.a.") -> 0.20406866 | H29: =IF(AND(ISNUMBER(H27),ISNUMBER(H28)),IF(H28=0,"n.m.",H27/H28-1),"n.a.") -> 0.18762
B30: % Q/Q | C30: =IF(AND(ISNUMBER(C27),ISNUMBER(G28)),IF(G28=0,"n.m.",C27/G28-1),"n.a.") -> 0.023839797 | D30: =IF(AND(ISNUMBER(D27),ISNUMBER(C27)),IF(C27=0,"n.m.",D27/C27-1),"n.a.") -> 0.0080720273 | F30: =IF(AND(ISNUMBER(F27),ISNUMBER(D27)),IF(D27=0,"n.m.",F27/D27-1),"n.a.") -> 0.04434863 | G30: =IF(AND(ISNUMBER(G27),ISNUMBER(F27)),IF(F27=0,"n.m.",G27/F27-1),"n.a.") -> 0.11707461 | H30: =IF(AND(ISNUMBER(H27),ISNUMBER(G27)),IF(G27=0,"n.m.",H27/G27-1),"n.a.") -> 0.009853226
B31: % of total revenues | C31: =IF(AND(ISNUMBER(C27),ISNUMBER(C101)),IF(C101=0,"n.m.",C27/C101),"n.a.") -> 0.37934283 | D31: =IF(AND(ISNUMBER(D27),ISNUMBER(D101)),IF(D101=0,"n.m.",D27/D101),"n.a.") -> 0.35870526 | E31: =IF(AND(ISNUMBER(E27),ISNUMBER(E101)),IF(E101=0,"n.m.",E27/E101),"n.a.") -> 0.37399157 | F31: =IF(AND(ISNUMBER(F27),ISNUMBER(F101)),IF(F101=0,"n.m.",F27/F101),"n.a.") -> 0.38825281 | G31: =IF(AND(ISNUMBER(G27),ISNUMBER(G101)),IF(G101=0,"n.m.",G27/G101),"n.a.") -> 0.39978892 | H31: =IF(AND(ISNUMBER(H27),ISNUMBER(H101)),IF(H101=0,"n.m.",H27/H101),"n.a.") -> 0.39521449
B32: Local-currency growth | C32: n.a. | D32: 0.09 | E32: 0.1 | F32: 0.19 | G32: 0.19 | H32: =(1+H33)*(1+H36)-1 -> 0.19
B33: Comparable growth (issuer/driver) | C33: n.a. | D33: 0.1 | E33: 0.1 | F33: 0.18 | G33: 0.19 | H33: 0.19 | I33: 3Q26E driver
B34: Δ Q/Q (bps) | C34: n.a. | D34: =IF(AND(ISNUMBER(D33),ISNUMBER(C33)),(D33-C33)*10000,"n.a.") -> n.a. | F34: =IF(AND(ISNUMBER(F33),ISNUMBER(D33)),(F33-D33)*10000,"n.a.") -> 800 | G34: =IF(AND(ISNUMBER(G33),ISNUMBER(F33)),(G33-F33)*10000,"n.a.") -> 100 | H34: =IF(AND(ISNUMBER(H33),ISNUMBER(G33)),(H33-G33)*10000,"n.a.") -> 0
B35: Δ Y/Y (bps) | C35: n.a. | D35: n.a. | E35: n.a. | F35: n.a. | G35: n.a. | H35: =IF(AND(ISNUMBER(H33),ISNUMBER(C33)),(H33-C33)*10000,"n.a.") -> n.a.
B36: M&A / portfolio impact | C36: =IF(AND(ISNUMBER(C32),ISNUMBER(C33)),(1+C32)/(1+C33)-1,"n.a.") -> n.a. | D36: =IF(AND(ISNUMBER(D32),ISNUMBER(D33)),(1+D32)/(1+D33)-1,"n.a.") -> -0.0090909091 | E36: =IF(AND(ISNUMBER(E32),ISNUMBER(E33)),(1+E32)/(1+E33)-1,"n.a.") -> 0 | F36: =IF(AND(ISNUMBER(F32),ISNUMBER(F33)),(1+F32)/(1+F33)-1,"n.a.") -> 0.0084745763 | G36: =IF(AND(ISNUMBER(G32),ISNUMBER(G33)),(1+G32)/(1+G33)-1,"n.a.") -> 0 | H36: 0
B37: Δ Y/Y (bps) | C37: n.a. | D37: n.a. | E37: n.a. | F37: n.a. | G37: n.a. | H37: =IF(AND(ISNUMBER(H36),ISNUMBER(C36)),(H36-C36)*10000,"n.a.") -> n.a.
B38: Δ Q/Q (bps) | C38: n.a. | D38: =IF(AND(ISNUMBER(D36),ISNUMBER(C36)),(D36-C36)*10000,"n.a.") -> n.a. | F38: =IF(AND(ISNUMBER(F36),ISNUMBER(D36)),(F36-D36)*10000,"n.a.") -> 175.65485 | G38: =IF(AND(ISNUMBER(G36),ISNUMBER(F36)),(G36-F36)*10000,"n.a.") -> -84.745763 | H38: =IF(AND(ISNUMBER(H36),ISNUMBER(G36)),(H36-G36)*10000,"n.a.") -> 0
B39: FX impact | C39: =IF(AND(ISNUMBER(C29),ISNUMBER(C32)),(1+C29)/(1+C32)-1,"n.a.") -> n.a. | D39: =IF(AND(ISNUMBER(D29),ISNUMBER(D32)),(1+D29)/(1+D32)-1,"n.a.") -> 0.015303027 | E39: =IF(AND(ISNUMBER(E29),ISNUMBER(E32)),(1+E29)/(1+E32)-1,"n.a.") -> -0.0066362837 | F39: =IF(AND(ISNUMBER(F29),ISNUMBER(F32)),(1+F29)/(1+F32)-1,"n.a.") -> 0.014085349 | G39: =IF(AND(ISNUMBER(G29),ISNUMBER(G32)),(1+G29)/(1+G32)-1,"n.a.") -> 0.011822402 | H39: -0.002
B40: Δ Y/Y (bps) | C40: n.a. | D40: n.a. | E40: n.a. | F40: n.a. | G40: n.a. | H40: =IF(AND(ISNUMBER(H39),ISNUMBER(C39)),(H39-C39)*10000,"n.a.") -> n.a.
B41: Δ Q/Q (bps) | C41: n.a. | D41: =IF(AND(ISNUMBER(D39),ISNUMBER(C39)),(D39-C39)*10000,"n.a.") -> n.a. | F41: =IF(AND(ISNUMBER(F39),ISNUMBER(D39)),(F39-D39)*10000,"n.a.") -> -12.17678 | G41: =IF(AND(ISNUMBER(G39),ISNUMBER(F39)),(G39-F39)*10000,"n.a.") -> -22.629472 | H41: =IF(AND(ISNUMBER(H39),ISNUMBER(G39)),(H39-G39)*10000,"n.a.") -> -138.22402
B42: Organic growth (formula) | C42: =IF(COUNT(C29,C36,C39)=3,(1+C29)/((1+C36)*(1+C39))-1,"n.a.") -> n.a. | D42: =IF(COUNT(D29,D36,D39)=3,(1+D29)/((1+D36)*(1+D39))-1,"n.a.") -> 0.1 | E42: =IF(COUNT(E29,E36,E39)=3,(1+E29)/((1+E36)*(1+E39))-1,"n.a.") -> 0.1 | F42: =IF(COUNT(F29,F36,F39)=3,(1+F29)/((1+F36)*(1+F39))-1,"n.a.") -> 0.18 | G42: =IF(COUNT(G29,G36,G39)=3,(1+G29)/((1+G36)*(1+G39))-1,"n.a.") -> 0.19 | H42: =IF(COUNT(H29,H36,H39)=3,(1+H29)/((1+H36)*(1+H39))-1,"n.a.") -> 0.19
B43: of which United States | C43: =E43-D43-Inputs!$D$264 -> 2508 | D43: 2511 | E43: 9660 | F43: 2696 | G43: 3047 | H43: =H27*G43/G27 -> 3077.0228 | I43: 3Q26E at 2Q26A share of Americas; standalone estimate, unreconciled to Σ business areas (see memo rows 118-130)
B44: Year-ago (as restated) | C44: n.a. | D44: 2222 | E44: 8623 | F44: 2197 | G44: 2444 | H44: =C43 -> 2508
B45: % Y/Y | C45: =IF(AND(ISNUMBER(C43),ISNUMBER(C44)),IF(C44=0,"n.m.",C43/C44-1),"n.a.") -> n.a. | D45: =IF(AND(ISNUMBER(D43),ISNUMBER(D44)),IF(D44=0,"n.m.",D43/D44-1),"n.a.") -> 0.13006301 | E45: =IF(AND(ISNUMBER(E43),ISNUMBER(E44)),IF(E44=0,"n.m.",E43/E44-1),"n.a.") -> 0.12025977 | F45: =IF(AND(ISNUMBER(F43),ISNUMBER(F44)),IF(F44=0,"n.m.",F43/F44-1),"n.a.") -> 0.2271279 | G45: =IF(AND(ISNUMBER(G43),ISNUMBER(G44)),IF(G44=0,"n.m.",G43/G44-1),"n.a.") -> 0.24672668 | H45: =IF(AND(ISNUMBER(H43),ISNUMBER(H44)),IF(H44=0,"n.m.",H43/H44-1),"n.a.") -> 0.22688309
B46: % Q/Q | C46: =IF(AND(ISNUMBER(C43),ISNUMBER(G44)),IF(G44=0,"n.m.",C43/G44-1),"n.a.") -> 0.026186579 | D46: =IF(AND(ISNUMBER(D43),ISNUMBER(C43)),IF(C43=0,"n.m.",D43/C43-1),"n.a.") -> 0.0011961722 | F46: =IF(AND(ISNUMBER(F43),ISNUMBER(D43)),IF(D43=0,"n.m.",F43/D43-1),"n.a.") -> 0.073675826 | G46: =IF(AND(ISNUMBER(G43),ISNUMBER(F43)),IF(F43=0,"n.m.",G43/F43-1),"n.a.") -> 0.13019288 | H46: =IF(AND(ISNUMBER(H43),ISNUMBER(G43)),IF(G43=0,"n.m.",H43/G43-1),"n.a.") -> 0.009853226
B47: % of total revenues | C47: =IF(AND(ISNUMBER(C43),ISNUMBER(C101)),IF(C101=0,"n.m.",C43/C101),"n.a.") -> 0.29537157 | D47: =IF(AND(ISNUMBER(D43),ISNUMBER(D101)),IF(D101=0,"n.m.",D43/D101),"n.a.") -> 0.27739726 | E47: =IF(AND(ISNUMBER(E43),ISNUMBER(E101)),IF(E101=0,"n.m.",E43/E101),"n.a.") -> 0.29078868 | F47: =IF(AND(ISNUMBER(F43),ISNUMBER(F101)),IF(F101=0,"n.m.",F43/F101),"n.a.") -> 0.30867873 | G47: =IF(AND(ISNUMBER(G43),ISNUMBER(G101)),IF(G101=0,"n.m.",G43/G101),"n.a.") -> 0.32158311 | H47: =IF(AND(ISNUMBER(H43),ISNUMBER(H101)),IF(H101=0,"n.m.",H43/H101),"n.a.") -> 0.31790353
B48: Local-currency growth | C48: n.a. | D48: 0.13 | E48: 0.12 | F48: 0.22 | G48: 0.25 | H48: =(1+H49)*(1+H52)-1 -> 0.22688309
B49: Comparable growth (issuer/driver) | C49: n.a. | D49: 0.13 | E49: 0.12 | F49: 0.22 | G49: 0.24 | H49: =IF(COUNT(H45,H52,H55)=3,(1+H45)/((1+H52)*(1+H55))-1,"n.a.") -> 0.22688309 | I49: 3Q26E implied (balancing / share-based)
B50: Δ Q/Q (bps) | C50: n.a. | D50: =IF(AND(ISNUMBER(D49),ISNUMBER(C49)),(D49-C49)*10000,"n.a.") -> n.a. | F50: =IF(AND(ISNUMBER(F49),ISNUMBER(D49)),(F49-D49)*10000,"n.a.") -> 900 | G50: =IF(AND(ISNUMBER(G49),ISNUMBER(F49)),(G49-F49)*10000,"n.a.") -> 200 | H50: =IF(AND(ISNUMBER(H49),ISNUMBER(G49)),(H49-G49)*10000,"n.a.") -> -131.16914
B51: Δ Y/Y (bps) | C51: n.a. | D51: n.a. | E51: n.a. | F51: n.a. | G51: n.a. | H51: =IF(AND(ISNUMBER(H49),ISNUMBER(C49)),(H49-C49)*10000,"n.a.") -> n.a.
B52: M&A / portfolio impact | C52: =IF(AND(ISNUMBER(C48),ISNUMBER(C49)),(1+C48)/(1+C49)-1,"n.a.") -> n.a. | D52: =IF(AND(ISNUMBER(D48),ISNUMBER(D49)),(1+D48)/(1+D49)-1,"n.a.") -> 0 | E52: =IF(AND(ISNUMBER(E48),ISNUMBER(E49)),(1+E48)/(1+E49)-1,"n.a.") -> 0 | F52: =IF(AND(ISNUMBER(F48),ISNUMBER(F49)),(1+F48)/(1+F49)-1,"n.a.") -> 0 | G52: =IF(AND(ISNUMBER(G48),ISNUMBER(G49)),(1+G48)/(1+G49)-1,"n.a.") -> 0.0080645161 | H52: 0
B53: Δ Y/Y (bps) | C53: n.a. | D53: n.a. | E53: n.a. | F53: n.a. | G53: n.a. | H53: =IF(AND(ISNUMBER(H52),ISNUMBER(C52)),(H52-C52)*10000,"n.a.") -> n.a.
B54: Δ Q/Q (bps) | C54: n.a. | D54: =IF(AND(ISNUMBER(D52),ISNUMBER(C52)),(D52-C52)*10000,"n.a.") -> n.a. | F54: =IF(AND(ISNUMBER(F52),ISNUMBER(D52)),(F52-D52)*10000,"n.a.") -> 0 | G54: =IF(AND(ISNUMBER(G52),ISNUMBER(F52)),(G52-F52)*10000,"n.a.") -> 80.645161 | H54: =IF(AND(ISNUMBER(H52),ISNUMBER(G52)),(H52-G52)*10000,"n.a.") -> -80.645161
B55: FX impact | C55: =IF(AND(ISNUMBER(C45),ISNUMBER(C48)),(1+C45)/(1+C48)-1,"n.a.") -> n.a. | D55: =IF(AND(ISNUMBER(D45),ISNUMBER(D48)),(1+D45)/(1+D48)-1,"n.a.") -> 5.5757788e-05 | E55: =IF(AND(ISNUMBER(E45),ISNUMBER(E48)),(1+E45)/(1+E48)-1,"n.a.") -> 0.00023193784 | F55: =IF(AND(ISNUMBER(F45),ISNUMBER(F48)),(1+F45)/(1+F48)-1,"n.a.") -> 0.0058425424 | G55: =IF(AND(ISNUMBER(G45),ISNUMBER(G48)),(1+G45)/(1+G48)-1,"n.a.") -> -0.0026186579 | H55: 0
B56: Δ Y/Y (bps) | C56: n.a. | D56: n.a. | E56: n.a. | F56: n.a. | G56: n.a. | H56: =IF(AND(ISNUMBER(H55),ISNUMBER(C55)),(H55-C55)*10000,"n.a.") -> n.a.
B57: Δ Q/Q (bps) | C57: n.a. | D57: =IF(AND(ISNUMBER(D55),ISNUMBER(C55)),(D55-C55)*10000,"n.a.") -> n.a. | F57: =IF(AND(ISNUMBER(F55),ISNUMBER(D55)),(F55-D55)*10000,"n.a.") -> 57.867846 | G57: =IF(AND(ISNUMBER(G55),ISNUMBER(F55)),(G55-F55)*10000,"n.a.") -> -84.612003 | H57: =IF(AND(ISNUMBER(H55),ISNUMBER(G55)),(H55-G55)*10000,"n.a.") -> 26.186579
B58: Organic growth (formula) | C58: =IF(COUNT(C45,C52,C55)=3,(1+C45)/((1+C52)*(1+C55))-1,"n.a.") -> n.a. | D58: =IF(COUNT(D45,D52,D55)=3,(1+D45)/((1+D52)*(1+D55))-1,"n.a.") -> 0.13 | E58: =IF(COUNT(E45,E52,E55)=3,(1+E45)/((1+E52)*(1+E55))-1,"n.a.") -> 0.12 | F58: =IF(COUNT(F45,F52,F55)=3,(1+F45)/((1+F52)*(1+F55))-1,"n.a.") -> 0.22 | G58: =IF(COUNT(G45,G52,G55)=3,(1+G45)/((1+G52)*(1+G55))-1,"n.a.") -> 0.24 | H58: =IF(COUNT(H45,H52,H55)=3,(1+H45)/((1+H52)*(1+H55))-1,"n.a.") -> 0.22688309
B59: Americas excluding United States | C59: =C27-C43 -> 713 | D59: =D27-D43 -> 736 | E59: =E27-E43 -> 2764 | F59: =F27-F43 -> 695 | G59: =G27-G43 -> 741 | H59: =H27-H43 -> 748.30124
B60: Year-ago (derived) | C60: =IF(COUNT(C28,C44)=2,C28-C44,"n.a.") -> n.a. | D60: =IF(COUNT(D28,D44)=2,D28-D44,"n.a.") -> 712 | E60: =IF(COUNT(E28,E44)=2,E28-E44,"n.a.") -> 2747 | F60: =IF(COUNT(F28,F44)=2,F28-F44,"n.a.") -> 613 | G60: =IF(COUNT(G28,G44)=2,G28-G44,"n.a.") -> 702 | H60: =IF(COUNT(H28,H44)=2,H28-H44,"n.a.") -> 713
B61: % Y/Y | C61: =IF(AND(ISNUMBER(C59),ISNUMBER(C60)),IF(C60=0,"n.m.",C59/C60-1),"n.a.") -> n.a. | D61: =IF(AND(ISNUMBER(D59),ISNUMBER(D60)),IF(D60=0,"n.m.",D59/D60-1),"n.a.") -> 0.033707865 | E61: =IF(AND(ISNUMBER(E59),ISNUMBER(E60)),IF(E60=0,"n.m.",E59/E60-1),"n.a.") -> 0.0061885693 | F61: =IF(AND(ISNUMBER(F59),ISNUMBER(F60)),IF(F60=0,"n.m.",F59/F60-1),"n.a.") -> 0.13376835 | G61: =IF(AND(ISNUMBER(G59),ISNUMBER(G60)),IF(G60=0,"n.m.",G59/G60-1),"n.a.") -> 0.055555556 | H61: =IF(AND(ISNUMBER(H59),ISNUMBER(H60)),IF(H60=0,"n.m.",H59/H60-1),"n.a.") -> 0.049510856
B62: Δ Q/Q ($) | C62: =IF(AND(ISNUMBER(C59),ISNUMBER(G60)),(C59-G60),"n.a.") -> 11 | D62: =IF(AND(ISNUMBER(D59),ISNUMBER(C59)),(D59-C59),"n.a.") -> 23 | F62: =IF(AND(ISNUMBER(F59),ISNUMBER(D59)),(F59-D59),"n.a.") -> -41 | G62: =IF(AND(ISNUMBER(G59),ISNUMBER(F59)),(G59-F59),"n.a.") -> 46 | H62: =IF(AND(ISNUMBER(H59),ISNUMBER(G59)),(H59-G59),"n.a.") -> 7.3012404
B63: Organic / M&A / FX split: not disclosed for this residual | C63: n.a. | D63: n.a. | E63: n.a. | F63: n.a. | G63: n.a. | H63: n.a.
B64: Asia, Middle East and Africa | C64: =E64-D64-Inputs!$D$265 -> 2379 | D64: 2630 | E64: 9389 | F64: 2351 | G64: 2693 | H64: ='Revenue summary'!H46-H11-H27 -> 2778.3388 | I64: 3Q26E = group total less Europe and Americas (balancing region)
B65: Year-ago (as restated) | C65: n.a. | D65: 2438 | E65: 9075 | F65: 2024 | G65: 2356 | H65: =C64 -> 2379
B66: % Y/Y | C66: =IF(AND(ISNUMBER(C64),ISNUMBER(C65)),IF(C65=0,"n.m.",C64/C65-1),"n.a.") -> n.a. | D66: =IF(AND(ISNUMBER(D64),ISNUMBER(D65)),IF(D65=0,"n.m.",D64/D65-1),"n.a.") -> 0.078753076 | E66: =IF(AND(ISNUMBER(E64),ISNUMBER(E65)),IF(E65=0,"n.m.",E64/E65-1),"n.a.") -> 0.034600551 | F66: =IF(AND(ISNUMBER(F64),ISNUMBER(F65)),IF(F65=0,"n.m.",F64/F65-1),"n.a.") -> 0.16156126 | G66: =IF(AND(ISNUMBER(G64),ISNUMBER(G65)),IF(G65=0,"n.m.",G64/G65-1),"n.a.") -> 0.14303905 | H66: =IF(AND(ISNUMBER(H64),ISNUMBER(H65)),IF(H65=0,"n.m.",H64/H65-1),"n.a.") -> 0.16785994
B67: % Q/Q | C67: =IF(AND(ISNUMBER(C64),ISNUMBER(G65)),IF(G65=0,"n.m.",C64/G65-1),"n.a.") -> 0.009762309 | D67: =IF(AND(ISNUMBER(D64),ISNUMBER(C64)),IF(C64=0,"n.m.",D64/C64-1),"n.a.") -> 0.10550652 | F67: =IF(AND(ISNUMBER(F64),ISNUMBER(D64)),IF(D64=0,"n.m.",F64/D64-1),"n.a.") -> -0.10608365 | G67: =IF(AND(ISNUMBER(G64),ISNUMBER(F64)),IF(F64=0,"n.m.",G64/F64-1),"n.a.") -> 0.14547001 | H67: =IF(AND(ISNUMBER(H64),ISNUMBER(G64)),IF(G64=0,"n.m.",H64/G64-1),"n.a.") -> 0.031689117
B68: % of total revenues | C68: =IF(AND(ISNUMBER(C64),ISNUMBER(C101)),IF(C101=0,"n.m.",C64/C101),"n.a.") -> 0.28017901 | D68: =IF(AND(ISNUMBER(D64),ISNUMBER(D101)),IF(D101=0,"n.m.",D64/D101),"n.a.") -> 0.29054353 | E68: =IF(AND(ISNUMBER(E64),ISNUMBER(E101)),IF(E101=0,"n.m.",E64/E101),"n.a.") -> 0.28263095 | F68: =IF(AND(ISNUMBER(F64),ISNUMBER(F101)),IF(F101=0,"n.m.",F64/F101),"n.a.") -> 0.26917793 | G68: =IF(AND(ISNUMBER(G64),ISNUMBER(G101)),IF(G101=0,"n.m.",G64/G101),"n.a.") -> 0.28422164 | H68: =IF(AND(ISNUMBER(H64),ISNUMBER(H101)),IF(H101=0,"n.m.",H64/H101),"n.a.") -> 0.2870449
B69: Local-currency growth | C69: n.a. | D69: 0.07 | E69: 0.04 | F69: 0.13 | G69: 0.13 | H69: =(1+H70)*(1+H73)-1 -> 0.15629697
B70: Comparable growth (issuer/driver) | C70: n.a. | D70: 0.07 | E70: 0.03 | F70: 0.12 | G70: 0.13 | H70: =IF(COUNT(H66,H73,H76)=3,(1+H66)/((1+H73)*(1+H76))-1,"n.a.") -> 0.15629697 | I70: 3Q26E implied (balancing / share-based)
B71: Δ Q/Q (bps) | C71: n.a. | D71: =IF(AND(ISNUMBER(D70),ISNUMBER(C70)),(D70-C70)*10000,"n.a.") -> n.a. | F71: =IF(AND(ISNUMBER(F70),ISNUMBER(D70)),(F70-D70)*10000,"n.a.") -> 500 | G71: =IF(AND(ISNUMBER(G70),ISNUMBER(F70)),(G70-F70)*10000,"n.a.") -> 100 | H71: =IF(AND(ISNUMBER(H70),ISNUMBER(G70)),(H70-G70)*10000,"n.a.") -> 262.96968
B72: Δ Y/Y (bps) | C72: n.a. | D72: n.a. | E72: n.a. | F72: n.a. | G72: n.a. | H72: =IF(AND(ISNUMBER(H70),ISNUMBER(C70)),(H70-C70)*10000,"n.a.") -> n.a.
B73: M&A / portfolio impact | C73: =IF(AND(ISNUMBER(C69),ISNUMBER(C70)),(1+C69)/(1+C70)-1,"n.a.") -> n.a. | D73: =IF(AND(ISNUMBER(D69),ISNUMBER(D70)),(1+D69)/(1+D70)-1,"n.a.") -> 0 | E73: =IF(AND(ISNUMBER(E69),ISNUMBER(E70)),(1+E69)/(1+E70)-1,"n.a.") -> 0.0097087379 | F73: =IF(AND(ISNUMBER(F69),ISNUMBER(F70)),(1+F69)/(1+F70)-1,"n.a.") -> 0.0089285714 | G73: =IF(AND(ISNUMBER(G69),ISNUMBER(G70)),(1+G69)/(1+G70)-1,"n.a.") -> 0 | H73: 0
B74: Δ Y/Y (bps) | C74: n.a. | D74: n.a. | E74: n.a. | F74: n.a. | G74: n.a. | H74: =IF(AND(ISNUMBER(H73),ISNUMBER(C73)),(H73-C73)*10000,"n.a.") -> n.a.
B75: Δ Q/Q (bps) | C75: n.a. | D75: =IF(AND(ISNUMBER(D73),ISNUMBER(C73)),(D73-C73)*10000,"n.a.") -> n.a. | F75: =IF(AND(ISNUMBER(F73),ISNUMBER(D73)),(F73-D73)*10000,"n.a.") -> 89.285714 | G75: =IF(AND(ISNUMBER(G73),ISNUMBER(F73)),(G73-F73)*10000,"n.a.") -> -89.285714 | H75: =IF(AND(ISNUMBER(H73),ISNUMBER(G73)),(H73-G73)*10000,"n.a.") -> 0
B76: FX impact | C76: =IF(AND(ISNUMBER(C66),ISNUMBER(C69)),(1+C66)/(1+C69)-1,"n.a.") -> n.a. | D76: =IF(AND(ISNUMBER(D66),ISNUMBER(D69)),(1+D66)/(1+D69)-1,"n.a.") -> 0.0081804451 | E76: =IF(AND(ISNUMBER(E66),ISNUMBER(E69)),(1+E66)/(1+E69)-1,"n.a.") -> -0.0051917779 | F76: =IF(AND(ISNUMBER(F66),ISNUMBER(F69)),(1+F66)/(1+F69)-1,"n.a.") -> 0.027930323 | G76: =IF(AND(ISNUMBER(G66),ISNUMBER(G69)),(1+G66)/(1+G69)-1,"n.a.") -> 0.011538982 | H76: 0.01
B77: Δ Y/Y (bps) | C77: n.a. | D77: n.a. | E77: n.a. | F77: n.a. | G77: n.a. | H77: =IF(AND(ISNUMBER(H76),ISNUMBER(C76)),(H76-C76)*10000,"n.a.") -> n.a.
B78: Δ Q/Q (bps) | C78: n.a. | D78: =IF(AND(ISNUMBER(D76),ISNUMBER(C76)),(D76-C76)*10000,"n.a.") -> n.a. | F78: =IF(AND(ISNUMBER(F76),ISNUMBER(D76)),(F76-D76)*10000,"n.a.") -> 197.49878 | G78: =IF(AND(ISNUMBER(G76),ISNUMBER(F76)),(G76-F76)*10000,"n.a.") -> -163.91341 | H78: =IF(AND(ISNUMBER(H76),ISNUMBER(G76)),(H76-G76)*10000,"n.a.") -> -15.389816
B79: Organic growth (formula) | C79: =IF(COUNT(C66,C73,C76)=3,(1+C66)/((1+C73)*(1+C76))-1,"n.a.") -> n.a. | D79: =IF(COUNT(D66,D73,D76)=3,(1+D66)/((1+D73)*(1+D76))-1,"n.a.") -> 0.07 | E79: =IF(COUNT(E66,E73,E76)=3,(1+E66)/((1+E73)*(1+E76))-1,"n.a.") -> 0.03 | F79: =IF(COUNT(F66,F73,F76)=3,(1+F66)/((1+F73)*(1+F76))-1,"n.a.") -> 0.12 | G79: =IF(COUNT(G66,G73,G76)=3,(1+G66)/((1+G73)*(1+G76))-1,"n.a.") -> 0.13 | H79: =IF(COUNT(H66,H73,H76)=3,(1+H66)/((1+H73)*(1+H76))-1,"n.a.") -> 0.15629697
B80: of which China | C80: =E80-D80-Inputs!$D$266 -> 949 | D80: 955 | E80: 3650 | F80: 949 | G80: 1081 | H80: =H64*G80/G64 -> 1115.2559 | I80: 3Q26E at 2Q26A share of AMEA
B81: Year-ago (as restated) | C81: n.a. | D81: 921 | E81: 3705 | F81: 809 | G81: 937 | H81: =C80 -> 949
B82: % Y/Y | C82: =IF(AND(ISNUMBER(C80),ISNUMBER(C81)),IF(C81=0,"n.m.",C80/C81-1),"n.a.") -> n.a. | D82: =IF(AND(ISNUMBER(D80),ISNUMBER(D81)),IF(D81=0,"n.m.",D80/D81-1),"n.a.") -> 0.036916395 | E82: =IF(AND(ISNUMBER(E80),ISNUMBER(E81)),IF(E81=0,"n.m.",E80/E81-1),"n.a.") -> -0.014844804 | F82: =IF(AND(ISNUMBER(F80),ISNUMBER(F81)),IF(F81=0,"n.m.",F80/F81-1),"n.a.") -> 0.17305315 | G82: =IF(AND(ISNUMBER(G80),ISNUMBER(G81)),IF(G81=0,"n.m.",G80/G81-1),"n.a.") -> 0.15368196 | H82: =IF(AND(ISNUMBER(H80),ISNUMBER(H81)),IF(H81=0,"n.m.",H80/H81-1),"n.a.") -> 0.17519066
B83: % Q/Q | C83: =IF(AND(ISNUMBER(C80),ISNUMBER(G81)),IF(G81=0,"n.m.",C80/G81-1),"n.a.") -> 0.01280683 | D83: =IF(AND(ISNUMBER(D80),ISNUMBER(C80)),IF(C80=0,"n.m.",D80/C80-1),"n.a.") -> 0.0063224447 | F83: =IF(AND(ISNUMBER(F80),ISNUMBER(D80)),IF(D80=0,"n.m.",F80/D80-1),"n.a.") -> -0.0062827225 | G83: =IF(AND(ISNUMBER(G80),ISNUMBER(F80)),IF(F80=0,"n.m.",G80/F80-1),"n.a.") -> 0.13909378 | H83: =IF(AND(ISNUMBER(H80),ISNUMBER(G80)),IF(G80=0,"n.m.",H80/G80-1),"n.a.") -> 0.031689117
